 Dungeon Crawl Stone Soup version 0.30-a0-141-g30f27751c5 (webtiles) character file.

Game seed: 11829915830385054227

920408 qw the Conqueror (level 27, -24/199 HPs)
             Began as a Gargoyle Fighter on Sept 24, 2022.
             Was the Champion of the Shining One.
             Splashed with acid (42 damage)
             ... on level 5 of the Pits of Slime.
             The game lasted 00:51:42 (84641 turns).

qw the Conqueror (Gargoyle Fighter)                Turns: 84641, Time: 00:51:43

Health: -24/199    AC: 71    Str: 37    XL:     27
Magic:  40/40      EV: 23    Int:  8    God:    the Shining One [******]
Gold:   7230       SH: 31    Dex: 20    Spells: 26/26 levels left

rFire   + . .      SeeInvis .    h - +6 broad axe (elec)
rCold   + . .      Faith    .    B - +1 tower shield {AC+3}
rNeg    + + +      Spirit   .    M - +10 plate armour {ponderous}
rPois   inf        Reflect  +    z - +3 hat of Biedila {rPois rF+ Str+2}
rElec   +          Harm     .    w - +2 cloak of the Evening Star {Str+4 Stlth+}
rCorr   .          Rampage  +    L - +2 pair of gloves of Perpetual Drought {Rampage rN+ Will+}
Will    +++..                    a - +2 pair of boots of the Circus Animal {rC+ Dex+3}
Stlth   ..........               x - amulet of reflection
HPRegen 0.43/turn                k - +4 ring of evasion
MPRegen 0.27/turn                n - +4 ring of protection

@: about to teleport, corroded, flying, glowing, slow
A: sickness immunity, AC +20, big wings, negative energy resistance 1,
electricity resistance, torment resistance 1, petrification resistance, agile 2
}: 9/15 runes: barnacled, silver, golden, demonic, glowing, magical, fiery,
dark, gossamer
a: Renounce Religion, Divine Shield, Cleansing Flame, Summon Divine Warrior


You were on level 5 of the Pits of Slime.
You worshipped the Shining One.
The Shining One was exalted by your worship.
You visited 12 branches of the dungeon, and saw 55 of its levels.
You visited Pandemonium 6 times, and saw 24 of its levels.
You visited the Abyss 1 time.
You also visited: Wizlab.

You collected 10965 gold pieces.
You spent 3735 gold pieces at shops.


Innate Abilities, Weirdness & Mutations

You are immune to sickness and miasma.
Your stone body is resilient. (AC +20)
You are immune to poison.
Your large and strong wings let you fly.
You resist negative energy. (rN+)
You are resistant to electric shocks. (rElec)
You are resistant to unholy torment.
You are immune to petrification.
You are very agile. (Dex +8, Str/Int -2)


   Skills:
 O Level 27 Fighting
 - Level 7.1 Short Blades
 - Level 18.0 Axes
 - Level 16.0 Throwing
 O Level 27 Armour
 + Level 15.0 Dodging
 - Level 23.8 Shields
 O Level 27 Invocations


You had 26 spell levels left.
You didn't know any spells.
Your spell library was empty.

Inventory:

Hand Weapons
 h - a +6 broad axe of electrocution (weapon)
 Y - a +9 war axe of holy wrath
Missiles
 H - 25 boomerangs (quivered)
Armour
 a - the +2 pair of boots of the Circus Animal (worn) {rC+ Dex+3}
   (You acquired it on level 1 of the Realm of Zot)

   Dex:       It affects your dexterity (+3).
   rC:        It protects you from cold.
 i - a +2 chain mail of cold resistance
 j - +0 fire dragon scales
 w - the +2 cloak of the Evening Star (worn) {Str+4 Stlth+}
   (You bought it in a shop on level 9 of the Dungeon)

   Str:       It affects your strength (+4).
   Stlth:     It makes you more stealthy.
 z - the +3 hat of Biedila (worn) {rPois rF+ Str+2}
   (Okawaru gifted it to you on level 4 of the Realm of Zot)

   Str:       It affects your strength (+2).
   rF:        It protects you from fire.
   rPois:     It protects you from poison.
 B - a +1 tower shield of protection (worn)
 L - the +2 pair of gloves of Perpetual Drought (worn) {Rampage rN+ Will+}
   (You found it on level 5 of the Vaults)

   rN:        It protects you from negative energy.
   Rampage:   It bestows one free step when moving towards enemies.
   Will:      It increases your willpower.
 M - a +10 plate armour of ponderousness (worn)
Jewellery
 k - a +4 ring of evasion (left hand)
 n - a +4 ring of protection (right hand)
 x - an amulet of reflection (around neck)
Wands
 u - a wand of digging (14)
Scrolls
 e - 16 scrolls of identify
 g - 2 scrolls of enchant armour
 l - 2 scrolls of teleportation
Potions
 b - 7 potions of heal wounds
 c - 10 potions of mutation
 d - 14 potions of might
 f - 12 potions of attraction
 o - 4 potions of cancellation
 p - 33 potions of curing
 q - 15 potions of haste
 t - 12 potions of lignification

Dungeon Overview and Level Annotations

Branches:
Dungeon (15/15)            Temple (1/1) D:6            Lair (5/5) D:11
 Shoals (4/4) Lair:3       Spider (4/4) Lair:3        Slime (5/5) Lair:5
    Orc (2/2) D:10            Elf (0/3) Orc:2        Vaults (5/5) D:13
  Crypt (3/3) Vaults:3       Tomb (3/3) Crypt:3      Depths (4/4) D:15
    Zot (4/5) Depths:4     WizLab (visited)

Altars:
Ashenzari
Cheibriados
Dithmenos
Elyvilon
Fedhas
Gozag
Hepliaklqana
Kikubaaqudgha
Makhleb
Nemelex Xobeh
Okawaru
Qazlal
Ru
Sif Muna
Trog
Uskayaw
Vehumet
Wu Jian
Xom
Yredelemnul
Zin
The Shining One
Jiyva
Lugonu

Shops:
D:5 !   D:6 ?   D:7 *   D:9 *   Orc:1 =   Orc:2 [(:*   Shoals:1 *(*
Shoals:3 *   Vaults:1 :   Vaults:2 *   Vaults:5 [   Depths:4 (

Portals:
Hell: Depths:1 Depths:2 Depths:3 Depths:4
Abyss: Spider:3 Depths:1 Depths:2 Depths:3 Depths:4
Pandemonium: Depths:2 Depths:3 Depths:4
Ziggurat: Depths:1

Annotations:
D:8 1 transporter
Shoals:3 3 runed translucent doors
Spider:3 2 transporters, qw's ghost, adept GrFi
Slime:5 Royal Jelly
Vaults:4 2 transporters
Depths:1 1 runed translucent door
Zot:3 1 transporter
Zot:4 2 transporters, Muataran's ghost, veteran MiMo


Message History

The azure jelly completely misses you.
The azure jelly hits you but does no damage.
You block the azure jelly's attack. The rockslime misses you.
The rockslime hits you but does no damage.
The rockslime hits you!!
You hold your ground!
The acid blob completely misses you.
Your daeva calls down the wrath of the Shining One upon the rockslime.
The rockslime is smitten.
84636 ||| DRINKING 9 potions of heal wounds.
You feel much better.
The acid blob hits you but does no damage.
The azure jelly barely misses you. The azure jelly misses you.
You block the azure jelly's attack. x2; You block the rockslime's attack. x2
The rockslime hits you!!
You hold your ground!
The acid blob hits you but does no damage.
Your daeva hits the azure jelly with a +5 scimitar of holy wrath! x2
84637 ||| DRINKING 8 potions of heal wounds.
You feel much better.
Your surroundings suddenly seem different.
You're standing next to a slime covered wall!
You're standing next to a slime covered wall!
Level map cleared.
84638 ||| READING 4 scrolls of teleportation.
As you read the scroll of teleportation, it crumbles to dust.
You feel strangely unstable.
You are splashed with acid!!
You're standing next to a slime covered wall!
You're standing next to a slime covered wall!
Level map cleared.
84639 ||| Stepping randomly (stuck).
You start resting.
Your surroundings suddenly seem different.
You're standing next to a slime covered wall!
You're standing next to a slime covered wall!
Level map cleared.
84641 ||| READING 3 scrolls of teleportation.
As you read the scroll of teleportation, it crumbles to dust.
You feel strangely unstable.
You are splashed with acid!!!
You die...

,,,,, ,,,,, ,,,,,*
** ,,,,,, ,#
,,,,,,**** ###.#
,,,,,,,,,** #@..#**
,,,,,,,,,,**#.....#
,,,,,,,<,,,,.....##
,,,,,,,,,,,.....##
,,,,,,,,,,......#
,,,,,,,,,.......#
,,,,,,,,.........*
,,,,,,,.........##
,,,,,,,,,,,,,,,,,**


There were no monsters in sight!

Vanquished Creatures
  Cerebov (Pan)
  Gloorx Vloq (Pan)
  Ignacio (Pan)
  Lom Lobon (Pan)
  Mnoleg (Pan)
  Tiamat (Zot:4)
  2 orbs of fire
  Mennas (Vaults:2)
  An ancient lich (Vaults:5)
  24 royal mummies
  Sojobo (Depths:2)
  Saint Roka (Vaults:2)
  Bai Suzhen (Vaults:2)
  Xtahua (Vaults:2)
  9 golden dragons
  7 pandemonium lords (Pan)
  Jory (Crypt:3)
  A mutant beast (WizLab)
  A profane servitor (Pan)
  2 doom hounds (Crypt:2)
  2 Tzitzimimeh
  A Brimstone Fiend (Pan)
  Jorgrun (Shoals:1)
  3 electric golems (Zot:1)
  Zenata (Crypt:2)
  5 Ice Fiends (Pan)
  Mlioglotl (Spider:1)
  18 tentacled monstrosities
  Grunn (Crypt:2)
  23 titans
  Asterion (Vaults:1)
  3 Hell Sentinels (Pan)
  8 acid blobs
  5 liches
  7 deep elf blademasters
  4 deep elf master archers
  7 quicksilver dragons
  21 Executioners (Pan)
  6 ancient champions
  Polyphemus (Shoals:2)
  A kraken (Shoals:4)
  7 death cobs
  12 sphinxes
  Gastronok (Lair:3)
  A tentacled starspawn (Abyss:2)
  Kirke (Spider:1)
  2 revenants
  5 tengu reavers
  6 draconian monks
  Donald (Vaults:2)
  6 rockslimes (Slime:5)
  8 shadow dragons
  5 azure jellies
  17 storm dragons
  10 draconian knights
  9 demonspawn warmongers (Pan)
  23 fire giants
  6 draconian scorchers
  21 balrugs
  5 emperor scorpions (Spider:4)
  16 frost giants
  Aizul (Spider:1)
  2 juggernaut zombies
  16 vault wardens
  6 ghost moths
  16 cacodemons (Pan)
  Louise (Spider:1)
  4 curse skulls
  8 orc warlords
  3 ghouls
  16 ironbound preservers
  10 draconian annihilators
  9 demonspawn corrupters (Pan)
  12 draconian shifters
  6 draconian stormcallers
  2 iron dragons
  A spriggan defender (Depths:2)
  14 reapers
  A broodmother (Spider:2)
  12 ironbound thunderhulks
  32 very ugly things
  7 war gargoyles
  11 demonspawn blood saints (Pan)
  3 quicksilver oozes (Slime:5)
  8 bennus
  2 elemental wellsprings (Shoals:1)
  24 black draconians
  23 stone giants
  16 green draconians
  Nessos (Lair:4)
  22 vampire knights
  2 deep elf annihilators (Pan)
  2 putrid mouths (Crypt:2)
  7 lorocyprocas (Pan)
  4 deep elf demonologists
  9 demonspawn black suns (Pan)
  22 purple draconians
  7 dire elephants (Vaults:2)
  23 red draconians
  14 yellow draconians
  22 white draconians
  17 blizzard demons
  5 crystal guardians
  Snorg (D:10)
  12 spark wasps
  3 eidola
  4 deep elf death magi
  3 merfolk javelineers
  11 green deaths (Pan)
  18 yaktaur captains
  An entropy weaver (shapeshifter) (WizLab)
  Josephine (D:14)
  6 entropy weavers
  10 merfolk impalers
  11 ettins
  15 jiangshi
  9 fire dragons
  21 mummy priests
  A deep elf high priest (Vaults:5)
  4 spriggan zombies
  4 ice dragons
  4 hydras
  48 vault guards
  7 hell beasts
  11 great orbs of eyes
  9 rakshasas
  2 juggernaut simulacra (Pan)
  2 catoblepae
  A jorogumo (shapeshifter) (Depths:3)
  4 jorogumos
  5 spriggan air magi
  8 boulder beetles
  An ogre mage (Vaults:5)
  5 peacekeepers
  11 ironbound frosthearts
  A death knight (Crypt:2)
  2 radroaches (Spider:2)
  6 merfolk aquamancers
  3 alligator snapping turtles
  2 merfolk avatars
  2 two-headed ogres (shapeshifter)
  12 centaur warriors
  3 dancing weapons (Crypt:3)
  An alligator (shapeshifter) (Vaults:5)
  3 two-headed ogres
  16 vampire magi
  6 satyrs
  2 orc high priests (Orc:2)
  7 tengu warriors
  7 deep troll earth magi
  76 death scarabs
  A hell knight (Vaults:5)
  6 holy swine (Pan)
  A titan zombie (Crypt:3)
  7 death yaks
  A quicksilver ooze zombie (Crypt:1)
  7 spriggan berserkers
  85 sun demons
  A deep troll shaman (Depths:3)
  3 shock serpents (Pan)
  26 soul eaters
  Sonja (Lair:2)
  3 storm dragon zombies
  34 large abominations
  A wretched star (Abyss:2)
  22 skeletal warriors
  29 sixfirhies
  5 deep elf knights
  9 shadow wraiths
  3 golden dragon zombies
  3 iron trolls
  A sun moth (Spider:4)
  15 sea snakes
  8 shadow demons
  7 steelbarb worms
  13 orb spiders
  A steelbarb worm (shapeshifter) (Depths:3)
  A bog body (Crypt:3)
  5 pharaoh ants
  35 deep trolls
  3 glowing orange brains
  A swamp dragon (shapeshifter) (Depths:4)
  4 deep elf archers
  12 lindwurms
  4 necromancers
  A bunyip skeleton (Crypt:2)
  3 flayed ghosts
  14 phantasmal warriors
  4 deep elf zephyrmancers
  A lindwurm (shapeshifter) (WizLab)
  9 wizards
  A mana viper (Abyss:2)
  21 orc knights
  20 ironbound convokers
  6 deep elf pyromancers
  29 harpies
  A frost giant zombie (Crypt:1)
  21 wolf spiders
  A mana viper (shapeshifter) (WizLab)
  2 shining eyes
  A tengu skeleton (Depths:1)
  17 fauns
  An oklob plant (Lair:4)
  13 cyclopes
  17 manticores
  43 ugly things
  19 moths of wrath
  3 salamanders (shapeshifter)
  2 moths of wrath (shapeshifter)
  2 stone giant zombies
  6 orc sorcerers
  A jorogumo skeleton (Crypt:2)
  10 merfolk sirens
  A guardian serpent (shapeshifter) (WizLab)
  6 rust devils
  4 eyes of devastation
  Joseph (D:7)
  11 vault sentinels
  8 water nymphs
  4 torpor snails
  3 ice statues (Pan)
  An alligator snapping turtle zombie (Crypt:3)
  34 smoke demons
  2 stone giant skeletons
  A naga zombie (Crypt:3)
  4 black mambas
  10 hellions
  13 orange demons (Pan)
  A dire elephant zombie (Crypt:1)
  7 cane toads
  A shock serpent skeleton (Crypt:1)
  A rime drake (shapeshifter) (WizLab)
  12 rime drakes
  2 dire elephant skeletons (Pan)
  A pale draconian zombie (Crypt:1)
  A sea snake zombie (Crypt:3)
  50 guardian mummies
  9 komodo dragons
  48 yaktaurs
  Psyche (D:9)
  9 ice devils
  A komodo dragon (shapeshifter) (WizLab)
  An unseen horror (D:11)
  14 demonic crawlers
  9 tormentors
  7 efreet
  9 freezing wraiths
  An anaconda simulacrum (Abyss:2)
  23 hellwings
  A troll (shapeshifter) (WizLab)
  4 tengu conjurers
  A hydra zombie (Tomb:1)
  2 meliai (shapeshifter)
  38 merfolk
  7 red devils
  2 harpy zombies (Crypt:3)
  A merfolk (shapeshifter) (WizLab)
  An iron troll skeleton (Crypt:3)
  4 wind drakes
  7 trolls
  A polar bear (shapeshifter) (WizLab)
  3 polar bears (Orc:1)
  5 harpy skeletons
  A wind drake (shapeshifter) (WizLab)
  A boulder beetle zombie (Crypt:1)
  Prince Ribbit (Lair:1)
  A blink frog (shapeshifter) (WizLab)
  18 dream sheep
  44 slime creatures
  27 tarantellas
  An elf zombie (Vaults:1)
  A slime creature (shapeshifter) (Vaults:3)
  8 hornets
  A culicivora zombie (Crypt:1)
  An ettin zombie (Crypt:3)
  6 snapping turtles
  2 jumping spiders (shapeshifter) (WizLab)
  A raiju (Abyss:2)
  20 blink frogs
  31 culicivoras
  31 flying skulls
  A dream sheep (shapeshifter) (Vaults:5)
  11 water elementals
  28 jumping spiders
  3 shadows
  A fire dragon skeleton (Crypt:2)
  23 ynoxinuls
  A satyr skeleton (Crypt:2)
  20 vampires
  12 wraiths
  3 spriggans (Depths:4)
  A wyvern (shapeshifter) (Vaults:5)
  A culicivora (shapeshifter) (WizLab)
  2 spriggan skeletons
  15 ushabtiu
  31 yaks
  10 wyverns
  4 humans (Spider:1)
  4 humans (shapeshifter)
  4 fire bats (Abyss:2)
  An iron golem (WizLab)
  2 steam dragons
  A yak (shapeshifter) (WizLab)
  4 basilisks
  36 chaos spawn
  A hog (Spider:1)
  A golden eye (shapeshifter) (WizLab)
  35 neqoxecs
  52 redbacks
  Edmund (D:6)
  An acid dragon (shapeshifter) (WizLab)
  9 wargs
  14 water moccasins
  2 acid dragons
  A cane toad zombie (Crypt:2)
  6 floating eyes
  35 orc warriors
  A human zombie (Vaults:1)
  2 sky beasts
  A black mamba simulacrum (Crypt:1)
  An ice beast (D:7)
  7 wolves
  A boggart (Depths:4)
  11 ogres
  8 centaurs
  A human skeleton (Vaults:1)
  A phantom (D:5)
  A vine stalker zombie (Crypt:3)
  3 necrophages
  A rime drake skeleton (Crypt:2)
  Blork the orc (D:6)
  An elf skeleton (Crypt:2)
  10 bullfrogs
  2 gnoll sergeants
  3 scorpions
  5 wights (D:9)
  7 small abominations
  2 water moccasin skeletons
  48 killer bees
  3 electric eels
  A raiju skeleton (Crypt:3)
  6 howler monkeys (D:12)
  12 starcursed masses (Abyss:2)
  A bullfrog zombie (Crypt:2)
  A quasit (Abyss:2)
  22 orc priests
  2 gnoll boudas
  5 hounds
  4 jellies
  Terence (D:2)
  35 orc wizards
  2 iguanas (D:7)
  10 hell rats (Lair:3)
  29 mummies
  A naga skeleton (Crypt:3)
  A hound zombie (Crypt:2)
  3 adders
  25 gnolls
  6 ufetubi
  4 worms
  117 orcs
  4 endoplasms
  3 giant cockroaches
  3 hobgoblins
  4 jackals (D:1)
  2 kobolds
  3 quokkas
  5 ball pythons
  A ball python skeleton (Crypt:3)
  4 bats
  2 frilled lizards (D:1)
  6 goblins
  2 jackal skeletons
  A rat zombie (Crypt:1)
  A ball lightning (Pan)
  9 fire vortices (Pan)
  A lurking horror (Spider:3)
  2 starspawn tentacles (Abyss:2)
  2 tentacles (Shoals:4)
3218 creatures vanquished.

Vanquished Creatures (collateral kills)
  2 pandemonium lords (Pan)
  5 royal mummies
  4 Tzitzimimeh
  A Brimstone Fiend (Pan)
  A lich (Pan)
  A deep elf blademaster (Tomb:2)
  2 Hell Sentinels (Pan)
  2 acid blobs (Slime:5)
  2 Executioners (Pan)
  An ancient champion (Tomb:1)
  A demonspawn warmonger (Pan)
  2 rockslimes
  A fire giant (Tomb:1)
  3 balrugs (Pan)
  A cacodemon (Pan)
  A curse skull (Pan)
  A quicksilver ooze (Slime:5)
  2 demonspawn black suns (Pan)
  3 reapers (Pan)
  2 demonspawn blood saints (Pan)
  2 stone giants
  5 lorocyprocas (Pan)
  A white draconian (Crypt:3)
  4 blizzard demons (Pan)
  A mummy priest (Tomb:2)
  4 green deaths (Pan)
  A spriggan skeleton (Pan)
  13 death scarabs (Tomb:2)
  A titan zombie (Tomb:1)
  A deep elf knight (Tomb:2)
  9 sun demons (Pan)
  8 soul eaters (Pan)
  A shadow wraith (Pan)
  5 sixfirhies (Pan)
  A shadow demon (Pan)
  2 ugly things (Pan)
  3 large abominations (Pan)
  An ice statue (Pan)
  6 smoke demons (Pan)
  2 orange demons (Pan)
  A rust devil (Pan)
  3 demonic crawlers (Pan)
  An efreet (Pan)
  9 hellwings (Pan)
  3 guardian mummies (Tomb:2)
  12 slime creatures
  2 ushabtiu (Tomb:2)
  2 ynoxinuls (Pan)
  4 chaos spawn (Pan)
  2 neqoxecs (Pan)
  4 mummies (Tomb:2)
  4 fire vortices (Pan)
156 creatures vanquished.

Vanquished Creatures (others)
  2 royal mummies (Tomb:3)
  A titan (Pan)
  A fire giant (Tomb:1)
  A draconian stormcaller (Zot:3)
  A black draconian (Zot:3)
  A lorocyproca (Pan)
  A deep elf death mage (Vaults:5)
  2 blizzard demons (Pan)
  2 sun demons (Pan)
  A sun moth (Spider:4)
  A sixfirhy (Pan)
  2 wizards (Vaults:4)
  An ice statue (Pan)
  A smoke demon (Pan)
  A tengu conjurer (D:13)
  2 flying skulls (Tomb:3)
  A jumping spider (Spider:2)
  2 ushabtiu (Tomb:3)
  A ynoxinul (Pan)
  A chaos spawn (Pan)
  A mummy (Tomb:3)
  8 ball lightnings (Pan)
  A block of ice (Pan)
  11 demonic plants (D:14)
  2 fire vortices (Pan)
  14 fungi
  A lurking horror (Spider:3)
  49 plants
  4 tentacles (Shoals:4)
117 creatures vanquished.

Grand Total: 3491 creatures vanquished

Notes
Turn   | Place    | Note
-------+----------+-------------------------------------------
     0 | D:1      | qw the Gargoyle Fighter began the quest for the Orb.
     0 | D:1      | Reached XP level 1. HP: 14/14 MP: 1/1
     0 | D:1      | 0 ||| qw: Version: 0.1.0-9-gbc19398
     0 | D:1      | 0 ||| qw: Game counter: 72
     0 | D:1      | 0 ||| qw: Always use a shield: true
     0 | D:1      | 0 ||| qw: God list: Okawaru
     0 | D:1      | 0 ||| qw: Allow faded altars: false
     0 | D:1      | 0 ||| qw: Do Orc after D:15 true
     0 | D:1      | 0 ||| qw: Do second Lair branch before Depths: true
     0 | D:1      | 0 ||| qw: Lair rune preference: random
     0 | D:1      | 0 ||| qw: Plans: Normal, Zot:1-4, God:TSO, Crypt, Tomb,
                  | Pan, Slime:5, Hells, Abyss, Orb
     0 | D:1      | 0 ||| PLANNING D:1-11
   215 | D:1      | 215 ||| Stepping ~*~*~tactically~*~*~ (hiding).
   226 | D:1      | Reached XP level 2. HP: 9/19 MP: 2/2
   481 | D:1      | 481 ||| Stepping ~*~*~tactically~*~*~ (stealth).
   482 | D:1      | 482 ||| Stepping ~*~*~tactically~*~*~ (stealth).
   489 | D:1      | 489 ||| Stepping ~*~*~tactically~*~*~ (stealth).
   527 | D:1      | Found a faded altar of an unknown god.
   953 | D:1      | Reached skill level 3 in Axes
  1070 | D:1      | Reached XP level 3. HP: 16/23 MP: 3/3
  1188 | D:1      | 1188 ||| Stepping ~*~*~tactically~*~*~ (stealth).
  1250 | D:1      | 1250 ||| UPGRADING to scarf of resistance.
  1255 | D:1      | 1255 ||| UPGRADING to +1 pair of gloves.
  1260 | D:1      | 1260 ||| READING scroll labelled USKU ICVOA.
  1260 | D:1      | Identified a scroll of acquirement
  1260 | D:1      | 1260 ||| ACQUIRING +1 helmet of Zyenoid {rCorr Str+6
                  | Stlth-}
  1260 | D:1      | Acquired the +1 helmet of Zyenoid {rCorr Str+6 Stlth-}
  1262 | D:1      | 1262 ||| UPGRADING to +1 helmet of Zyenoid {rCorr Str+6
                  | Stlth-}.
  1267 | D:1      | 1267 ||| READING scroll labelled IGYROE LEGIES.
  1320 | D:2      | 1320 ||| Stepping ~*~*~tactically~*~*~ (stealth).
  1323 | D:2      | 1323 ||| Stepping ~*~*~tactically~*~*~ (stealth).
  1698 | D:2      | 1698 ||| Stepping ~*~*~tactically~*~*~ (stealth).
  1699 | D:2      | 1699 ||| DROPPING +0 club.
  1720 | D:2      | Noticed Terence
  1721 | D:2      | 1721 ||| Stepping ~*~*~tactically~*~*~ (stealth).
  1723 | D:2      | 1723 ||| Stepping ~*~*~tactically~*~*~ (hiding).
  1761 | D:2      | Killed Terence
  1762 | D:2      | Reached XP level 4. HP: 10/28 MP: 4/4
  1959 | D:2      | 1959 ||| DROPPING +0 mace.
  2361 | D:2      | 2361 ||| UPGRADING to +0 chain mail of fire resistance.
  2371 | D:2      | 2371 ||| DROPPING +0 scale mail.
  2372 | D:2      | 2372 ||| UPGRADING to ring of protection from fire.
  2373 | D:2      | 2373 ||| UPGRADING to +4 ring of protection.
  2374 | D:2      | 2374 ||| READING 4 scrolls labelled FIALICHECO.
  2375 | D:2      | 2375 ||| READING scroll labelled HYJEQ YGOSCH.
  2376 | D:2      | 2376 ||| READING scroll labelled FOGEORCH QIKAY.
  2377 | D:2      | 2377 ||| READING 3 scrolls of identify.
  2377 | D:2      | 2377 ||| IDENTIFYING coppery potion
  2378 | D:2      | 2378 ||| READING 2 scrolls of identify.
  2378 | D:2      | 2378 ||| IDENTIFYING smoky dark potion
  2379 | D:2      | 2379 ||| DROPPING potion of invisibility.
  2447 | D:3      | Reached XP level 5. HP: 13/32 MP: 5/5
  3112 | D:3      | 3112 ||| READING 2 scrolls labelled KAMAFITUTIE.
  3113 | D:3      | 3113 ||| DROPPING scroll of fear.
  3239 | D:4      | Found an opulent altar of Gozag.
  3242 | D:4      | 3242 ||| Stepping ~*~*~tactically~*~*~ (stealth).
  3248 | D:4      | Reached XP level 6. HP: 38/38 MP: 6/6
  3489 | D:4      | Found a hide-covered altar of Uskayaw.
  3489 | D:4      | Found a bloodstained altar of Trog.
  3490 | D:4      | Found a glowing silver altar of Zin.
  3491 | D:4      | Found a white marble altar of Elyvilon.
  3492 | D:4      | Found a shimmering altar of Xom.
  3493 | D:4      | Found a stormy altar of Qazlal.
  3724 | D:4      | 3724 ||| READING 3 scrolls labelled NOADOL AJURCH.
  3725 | D:4      | 3725 ||| READING 2 scrolls labelled TAEF MOHEERAL.
  3730 | D:4      | 3730 ||| READING scroll labelled SALEBU DA ZOU.
  3731 | D:4      | 3731 ||| READING scroll labelled RANAIXAFFO.
  3732 | D:4      | 3732 ||| READING 2 scrolls of identify.
  3732 | D:4      | 3732 ||| IDENTIFYING lumpy puce potion
  3733 | D:4      | 3733 ||| DROPPING 2 scrolls of poison.
  3741 | D:5      | Entered Level 5 of the Dungeon
  3743 | D:5      | 3743 ||| STAIRDANCE
  3786 | D:5      | 3786 ||| Stepping ~*~*~tactically~*~*~ (hiding).
  3792 | D:5      | Reached skill level 6 in Axes
  3898 | D:5      | 3898 ||| Stepping ~*~*~tactically~*~*~ (stealth).
  3906 | D:5      | Reached skill level 1 in Dodging
  3906 | D:5      | Reached XP level 7. HP: 42/43 MP: 7/7
  3988 | D:5      | Found Zucer's Distillery.
  3997 | D:5      | 3997 ||| BUYING potion of attraction (36 gold).
  3997 | D:5      | Bought a potion of attraction for 36 gold pieces
  3997 | D:5      | 3997 ||| BUYING potion of attraction (36 gold).
  3997 | D:5      | Bought a potion of attraction for 36 gold pieces
  3997 | D:5      | 3997 ||| BUYING potion of heal wounds (60 gold).
  3997 | D:5      | Bought a potion of heal wounds for 60 gold pieces
  3997 | D:5      | 3997 ||| BUYING potion of might (48 gold).
  3997 | D:5      | Bought a potion of might for 48 gold pieces
  4052 | D:5      | Identified the +1 robe of the Shore {rN+ SInv}
  4247 | D:5      | 4247 ||| Stepping ~*~*~tactically~*~*~ (hiding).
  4445 | D:5      | 4445 ||| DROPPING +2 scale mail of willpower.
  4446 | D:5      | 4446 ||| READING scroll labelled RYT DEIVUCIA.
  4447 | D:5      | 4447 ||| READING 2 scrolls of identify.
  4447 | D:5      | 4447 ||| IDENTIFYING fizzy purple potion
  4496 | D:6      | Found a staircase to the Ecumenical Temple.
  4497 | D:6      | 4497 ||| PLANNING TEMPLE
  4505 | Temple   | Entered the Ecumenical Temple
  4692 | Temple   | 4692 ||| PLANNING D:1-11
  4716 | Temple   | Became a worshipper of Warmaster Okawaru
  4787 | D:6      | Reached skill level 1 in Throwing
  4787 | D:6      | Reached XP level 8. HP: 37/49 MP: 8/8
  4888 | D:6      | Noticed Edmund
  4900 | D:6      | Killed Edmund
  4943 | D:6      | 4943 ||| DROPPING +0 flail.
  4989 | D:6      | 4989 ||| Stepping ~*~*~tactically~*~*~ (stealth).
  5002 | D:6      | Found Caestino's Magic Scroll Shoppe.
  5009 | D:6      | 5009 ||| BUYING scroll of enchant weapon (112 gold).
  5009 | D:6      | Bought a scroll of enchant weapon for 112 gold pieces
  5009 | D:6      | 5009 ||| BUYING scroll of identify (30 gold).
  5009 | D:6      | Bought a scroll of identify for 30 gold pieces
  5009 | D:6      | 5009 ||| BUYING scroll of identify (30 gold).
  5009 | D:6      | Bought a scroll of identify for 30 gold pieces
  5009 | D:6      | 5009 ||| BUYING scroll of identify (30 gold).
  5009 | D:6      | Bought a scroll of identify for 30 gold pieces
  5009 | D:6      | 5009 ||| SHOPLISTING scroll of teleportation (45 gold, have
                  | 0).
  5009 | D:6      | 5009 ||| READING 2 scrolls of enchant weapon.
  5009 | D:6      | 5009 ||| ENCHANTING +0 war axe of electrocution.
  5010 | D:6      | 5010 ||| READING scroll of enchant weapon.
  5010 | D:6      | 5010 ||| ENCHANTING +1 war axe of electrocution.
  5024 | D:6      | Noticed Blork the orc
  5025 | D:6      | 5025 ||| Stepping ~*~*~tactically~*~*~ (hiding).
  5026 | D:6      | 5026 ||| Stepping ~*~*~tactically~*~*~ (hiding).
  5034 | D:6      | Killed Blork the orc
  5336 | D:6      | 5336 ||| READING 4 scrolls of identify.
  5336 | D:6      | 5336 ||| IDENTIFYING fuming amethyst potion
  5337 | D:6      | 5337 ||| READING 3 scrolls of identify.
  5337 | D:6      | 5337 ||| IDENTIFYING smoky puce potion
  5338 | D:6      | 5338 ||| DROPPING potion of brilliance.
  5398 | D:7      | 5398 ||| Stepping ~*~*~tactically~*~*~ (hiding).
  5404 | D:7      | 5404 ||| Stepping ~*~*~tactically~*~*~ (hiding).
  5436 | D:7      | Reached * piety under Okawaru
  5437 | D:7      | 5437 ||| INVOKING Heroism.
  5438 | D:7      | 5438 ||| INVOKING Heroism.
  5439 | D:7      | 5439 ||| INVOKING Heroism.
  5441 | D:7      | HP: 7/49 [gnoll sergeant/+4 vampiric trident (12)]
  5442 | D:7      | 5442 ||| READING 4 scrolls of teleportation.
  5443 | D:7      | 5443 ||| DRINKING potion of heal wounds.
  5446 | D:7      | Reached skill level 1 in Invocations
  5723 | D:7      | Reached skill level 6 in Fighting
  5793 | D:7      | 5793 ||| Stepping ~*~*~tactically~*~*~ (stealth).
  5794 | D:7      | 5794 ||| Stepping ~*~*~tactically~*~*~ (stealth).
  5834 | D:7      | 5834 ||| Stepping ~*~*~tactically~*~*~ (stealth).
  5840 | D:7      | 5840 ||| INVOKING Heroism.
  5843 | D:7      | Reached skill level 3 in Invocations
  5843 | D:7      | 5843 ||| Stepping ~*~*~tactically~*~*~ (hiding).
  5844 | D:7      | 5844 ||| Stepping ~*~*~tactically~*~*~ (hiding).
  5846 | D:7      | Reached XP level 9. HP: 55/55 MP: 8/11
  5979 | D:7      | Found Elaust's Serpentskin Sales.
  6043 | D:7      | 6043 ||| Stepping ~*~*~tactically~*~*~ (hiding).
  6046 | D:7      | 6046 ||| INVOKING Heroism.
  6132 | D:7      | Noticed Joseph
  6133 | D:7      | 6133 ||| FLEEEEING.
  6144 | D:7      | 6144 ||| FLEEEEING.
  6147 | D:7      | 6147 ||| FLEEEEING.
  6149 | D:7      | 6149 ||| STAIRDANCE
  6205 | D:6      | 6205 ||| READING scroll labelled DOC IL HILIFANK.
  6206 | D:6      | 6206 ||| READING 2 scrolls of identify.
  6206 | D:6      | 6206 ||| IDENTIFYING viscous black potion
  6209 | D:7      | 6209 ||| STAIRDANCE
  6252 | D:7      | 6252 ||| FLEEEEING.
  6253 | D:7      | 6253 ||| FLEEEEING.
  6254 | D:7      | 6254 ||| STAIRDANCE
  6349 | D:7      | 6349 ||| STAIRDANCE
  6407 | D:7      | Killed Joseph
  6407 | D:7      | Reached ** piety under Okawaru
  6408 | D:7      | Reached skill level 9 in Axes
  6487 | D:7      | 6487 ||| INVOKING Heroism.
  6576 | D:7      | 6576 ||| Stepping ~*~*~tactically~*~*~ (hiding).
  6964 | D:8      | Noticed a hornet
  6976 | D:8      | Killed a hornet
  7057 | D:8      | 7057 ||| Stepping ~*~*~tactically~*~*~ (stealth).
  7059 | D:8      | 7059 ||| INVOKING Heroism.
  7204 | D:8      | Found a transporter.
  7263 | D:8      | 7263 ||| Stepping ~*~*~tactically~*~*~ (stealth).
  7265 | D:8      | 7265 ||| INVOKING Heroism.
  7300 | D:8      | 7300 ||| Stepping ~*~*~tactically~*~*~ (stealth).
  7302 | D:8      | 7302 ||| INVOKING Heroism.
  7316 | D:8      | Reached XP level 10. HP: 63/63 MP: 11/13
  7320 | D:8      | Reached *** piety under Okawaru
  7557 | D:8      | 7557 ||| FLEEEEING.
  7561 | D:8      | 7561 ||| FLEEEEING.
  7562 | D:8      | 7562 ||| FLEEEEING.
  7563 | D:8      | 7563 ||| FLEEEEING.
  7572 | D:8      | 7572 ||| FLEEEEING.
  7573 | D:8      | 7573 ||| FLEEEEING.
  7574 | D:8      | 7574 ||| FLEEEEING.
  7575 | D:8      | 7575 ||| FLEEEEING.
  7576 | D:8      | 7576 ||| FLEEEEING.
  7577 | D:8      | 7577 ||| FLEEEEING.
  7578 | D:8      | 7578 ||| FLEEEEING.
  7671 | D:8      | 7671 ||| Stepping ~*~*~tactically~*~*~ (stealth).
  7699 | D:8      | Found a shimmering blue altar of Sif Muna.
  7737 | D:8      | 7737 ||| Stepping ~*~*~tactically~*~*~ (stealth).
  7740 | D:8      | 7740 ||| Stepping ~*~*~tactically~*~*~ (stealth).
  7742 | D:8      | 7742 ||| Stepping ~*~*~tactically~*~*~ (hiding).
  7789 | D:8      | 7789 ||| Stepping ~*~*~tactically~*~*~ (stealth).
  7791 | D:8      | 7791 ||| INVOKING Heroism.
  7954 | D:8      | 7954 ||| UPGRADING to +0 kite shield.
  7964 | D:8      | 7964 ||| DROPPING +0 buckler.
  7965 | D:8      | 7965 ||| READING 4 scrolls of identify.
  7965 | D:8      | 7965 ||| IDENTIFYING yellow potion
  7966 | D:8      | 7966 ||| DROPPING potion of flight.
  8162 | D:9      | 8162 ||| Stepping ~*~*~tactically~*~*~ (hiding).
  8163 | D:9      | 8163 ||| Stepping ~*~*~tactically~*~*~ (hiding).
  8259 | D:9      | Noticed Psyche
  8260 | D:9      | 8260 ||| INVOKING Heroism.
  8269 | D:9      | Killed Psyche
  8309 | D:9      | 8309 ||| Stepping ~*~*~tactically~*~*~ (hiding).
  8311 | D:9      | 8311 ||| INVOKING Heroism.
  8316 | D:9      | Reached skill level 6 in Shields
  8350 | D:9      | 8350 ||| READING scroll of enchant armour.
  8350 | D:9      | 8350 ||| ENCHANTING +1 pair of gloves.
  8352 | D:9      | Found Xewailep's Neck Hole.
  8356 | D:9      | 8356 ||| BUYING +1 cloak (161 gold).
  8356 | D:9      | Bought a +1 cloak for 161 gold pieces
  8356 | D:9      | 8356 ||| SHOPLISTING +2 cloak of the Evening Star {Str+4
                  | Stlth+} (457 gold, have 6).
  8378 | D:9      | 8378 ||| Stepping ~*~*~tactically~*~*~ (stealth).
  8380 | D:9      | 8380 ||| Stepping ~*~*~tactically~*~*~ (stealth).
  8404 | D:9      | Reached **** piety under Okawaru
  8528 | D:9      | 8528 ||| INVOKING Heroism.
  8611 | D:9      | 8611 ||| INVOKING Heroism.
  9124 | D:9      | 9124 ||| DROPPING +0 cloak.
  9125 | D:9      | 9125 ||| UPGRADING to amulet of reflection.
  9130 | D:9      | 9130 ||| READING scroll labelled JYFONEFIMU.
  9210 | D:10     | Entered Level 10 of the Dungeon
  9218 | D:10     | Found a sparkling altar of Nemelex Xobeh.
  9221 | D:10     | 9221 ||| Stepping ~*~*~tactically~*~*~ (stealth).
  9222 | D:10     | 9222 ||| INVOKING Heroism.
  9240 | D:10     | 9240 ||| Stepping ~*~*~tactically~*~*~ (stealth).
  9264 | D:10     | 9264 ||| READING 3 scrolls of enchant weapon.
  9264 | D:10     | 9264 ||| ENCHANTING +2 war axe of electrocution.
  9265 | D:10     | 9265 ||| READING 2 scrolls of enchant weapon.
  9265 | D:10     | 9265 ||| ENCHANTING +3 war axe of electrocution.
  9266 | D:10     | 9266 ||| READING scroll of enchant weapon.
  9266 | D:10     | 9266 ||| ENCHANTING +4 war axe of electrocution.
  9298 | D:10     | Found a hazy altar of Hepliaklqana.
  9324 | D:10     | 9324 ||| READING 6 scrolls of teleportation.
  9375 | D:10     | 9375 ||| READING 5 scrolls of teleportation.
  9391 | D:10     | 9391 ||| INVOKING Heroism.
  9396 | D:10     | 9396 ||| Stepping ~*~*~tactically~*~*~ (stealth).
  9401 | D:10     | 9401 ||| Stepping ~*~*~tactically~*~*~ (hiding).
  9574 | D:10     | 9574 ||| INVOKING Heroism.
  9690 | D:10     | 9690 ||| INVOKING Heroism.
  9694 | D:10     | Reached skill level 6 in Invocations
  9694 | D:10     | 9694 ||| Stepping ~*~*~tactically~*~*~ (stealth).
  9713 | D:10     | 9713 ||| Stepping ~*~*~tactically~*~*~ (hiding).
  9716 | D:10     | 9716 ||| Stepping ~*~*~tactically~*~*~ (hiding).
  9739 | D:10     | 9739 ||| Stepping ~*~*~tactically~*~*~ (stealth).
  9745 | D:10     | 9745 ||| Stepping ~*~*~tactically~*~*~ (stealth).
  9751 | D:10     | 9751 ||| INVOKING Heroism.
  9756 | D:10     | 9756 ||| Stepping ~*~*~tactically~*~*~ (stealth).
  9768 | D:10     | Reached XP level 11. HP: 65/68 MP: 15/15
  9787 | D:10     | 9787 ||| INVOKING Heroism.
  9789 | D:10     | 9789 ||| Stepping ~*~*~tactically~*~*~ (stealth).
  9920 | D:10     | 9920 ||| Stepping ~*~*~tactically~*~*~ (hiding).
  9936 | D:10     | Found a staircase to the Orcish Mines.
  9945 | D:10     | 9945 ||| Stepping ~*~*~tactically~*~*~ (stealth).
  9979 | D:10     | 9979 ||| INVOKING Heroism.
  9993 | D:10     | Reached skill level 9 in Shields
  9994 | D:10     | Received a gift from Okawaru
 10004 | D:10     | 10004 ||| Stepping ~*~*~tactically~*~*~ (stealth).
 10014 | D:10     | 10014 ||| Stepping ~*~*~tactically~*~*~ (stealth).
 10042 | D:10     | Noticed Snorg
 10043 | D:10     | 10043 ||| INVOKING Heroism.
 10051 | D:10     | HP: 15/68 [Snorg (15)]
 10052 | D:10     | 10052 ||| READING 4 scrolls of teleportation.
 10052 | D:10     | HP: 4/68 [Snorg (5)]
 10053 | D:10     | 10053 ||| DRINKING 2 potions of heal wounds.
 10055 | D:10     | 10055 ||| DRINKING potion of heal wounds.
 10130 | D:10     | 10130 ||| INVOKING Heroism.
 10144 | D:10     | Killed Snorg
 10428 | D:10     | 10428 ||| INVOKING Heroism.
 10433 | D:10     | 10433 ||| Stepping ~*~*~tactically~*~*~ (hiding).
 10434 | D:10     | 10434 ||| Stepping ~*~*~tactically~*~*~ (hiding).
 10492 | D:10     | 10492 ||| READING scroll of brand weapon.
 10492 | D:10     | 10492 ||| BRANDING +5 war axe of electrocution.
 10519 | D:10     | 10519 ||| DRINKING 8 potions of curing.
 10519 | D:10     | 10519 ||| (to cure confusion)
 10602 | D:10     | 10602 ||| UPGRADING to +0 plate armour.
 10612 | D:10     | 10612 ||| DROPPING +0 chain mail of fire resistance.
 10613 | D:10     | 10613 ||| UPGRADING to +2 plate armour of fire resistance.
 10623 | D:10     | 10623 ||| DROPPING +0 plate armour.
 10624 | D:10     | 10624 ||| READING scroll labelled MODDES WATH.
 10920 | D:11     | Found a snail-covered altar of Cheibriados.
 11061 | D:11     | 11061 ||| Stepping ~*~*~tactically~*~*~ (stealth).
 11063 | D:11     | 11063 ||| Stepping ~*~*~tactically~*~*~ (stealth).
 11068 | D:11     | 11068 ||| Stepping ~*~*~tactically~*~*~ (stealth).
 11074 | D:11     | 11074 ||| INVOKING Heroism.
 11078 | D:11     | Received a gift from Okawaru
 11095 | D:11     | 11095 ||| Stepping ~*~*~tactically~*~*~ (stealth).
 11097 | D:11     | 11097 ||| Stepping ~*~*~tactically~*~*~ (stealth).
 11113 | D:11     | Found a staircase to the Lair.
 11118 | D:11     | 11118 ||| INVOKING Heroism.
 11126 | D:11     | 11126 ||| Stepping ~*~*~tactically~*~*~ (water).
 11198 | D:11     | 11198 ||| Stepping ~*~*~tactically~*~*~ (hiding).
 11201 | D:11     | 11201 ||| Stepping ~*~*~tactically~*~*~ (hiding).
 11202 | D:11     | 11202 ||| Stepping ~*~*~tactically~*~*~ (hiding).
 11203 | D:11     | 11203 ||| Stepping ~*~*~tactically~*~*~ (hiding).
 11214 | D:11     | Reached skill level 6 in Armour
 11741 | D:11     | Noticed a boulder beetle
 11742 | D:11     | 11742 ||| INVOKING Heroism.
 11759 | D:11     | Killed a boulder beetle
 11759 | D:11     | Reached ***** piety under Okawaru
 11759 | D:11     | Received a gift from Okawaru
 11924 | D:11     | 11924 ||| PLANNING LAIR
 11924 | D:11     | 11924 ||| DROPPING +1 chain mail of willpower.
 11925 | D:11     | 11925 ||| UPGRADING to ring of willpower.
 11968 | Lair:1   | Entered Level 1 of the Lair of Beasts
 11982 | Lair:1   | 11982 ||| INVOKING Heroism.
 12046 | Lair:1   | 12046 ||| INVOKING Heroism.
 12078 | Lair:1   | Reached skill level 9 in Invocations
 12105 | Lair:1   | 12105 ||| INVOKING Heroism.
 12133 | Lair:1   | 12133 ||| Stepping ~*~*~tactically~*~*~ (stealth).
 12137 | Lair:1   | 12137 ||| Stepping ~*~*~tactically~*~*~ (stealth).
 12340 | Lair:1   | Noticed a lindwurm
 12340 | Lair:1   | 12340 ||| INVOKING Heroism.
 12344 | Lair:1   | Found a dark tunnel.
 12403 | Lair:1   | 12403 ||| INVOKING Heroism.
 12419 | Lair:1   | HP: 14/68 [lindwurm/blast of flame (6)]
 12420 | Lair:1   | 12420 ||| READING 3 scrolls of teleportation.
 12696 | Lair:1   | 12696 ||| INVOKING Heroism.
 12750 | Lair:1   | 12750 ||| INVOKING Heroism.
 12769 | Lair:1   | HP: 15/68 [lindwurm/blast of flame (12)]
 12770 | Lair:1   | 12770 ||| READING 2 scrolls of teleportation.
 13146 | Lair:1   | Noticed Prince Ribbit
 13147 | Lair:1   | 13147 ||| INVOKING Heroism.
 13161 | Lair:1   | Reached XP level 12. HP: 73/74 MP: 17/19
 13170 | Lair:1   | Killed Prince Ribbit
 13320 | Lair:1   | 13320 ||| INVOKING Heroism.
 13347 | Lair:1   | 13347 ||| INVOKING Heroism.
 13390 | Lair:1   | 13390 ||| INVOKING Heroism.
 13420 | Lair:1   | HP: 17/74 [lindwurm/blast of flame (9)]
 13421 | Lair:1   | 13421 ||| READING 2 scrolls of teleportation.
 13740 | Lair:2   | 13740 ||| INVOKING Heroism.
 13868 | Lair:2   | 13868 ||| Stepping ~*~*~tactically~*~*~ (stealth).
 13874 | Lair:2   | 13874 ||| Stepping ~*~*~tactically~*~*~ (stealth).
 13876 | Lair:2   | 13876 ||| Stepping ~*~*~tactically~*~*~ (stealth).
 13879 | Lair:2   | 13879 ||| Stepping ~*~*~tactically~*~*~ (stealth).
 14165 | Lair:2   | Noticed Sonja
 14166 | Lair:2   | 14166 ||| INVOKING Finesse.
 14192 | Lair:2   | Killed Sonja
 14344 | Lair:2   | 14344 ||| INVOKING Heroism.
 14353 | Lair:2   | Reached skill level 9 in Fighting
 14362 | Lair:2   | 14362 ||| INVOKING Heroism.
 14780 | Lair:3   | Noticed Gastronok
 14781 | Lair:3   | 14781 ||| INVOKING Heroism.
 14800 | Lair:3   | Killed Gastronok
 14800 | Lair:3   | Identified the +5 scale mail of Joryqa {Will+} (Okawaru
                  | gifted it to you on level 3 of the Lair of Beasts)
 14800 | Lair:3   | Received a gift from Okawaru
 15270 | Lair:3   | 15270 ||| Stepping ~*~*~tactically~*~*~ (hiding).
 15325 | Lair:3   | 15325 ||| INVOKING Heroism.
 15326 | Lair:3   | 15326 ||| Stepping ~*~*~tactically~*~*~ (stealth).
 15350 | Lair:3   | Reached skill level 12 in Axes
 15418 | Lair:3   | 15418 ||| INVOKING Heroism.
 15433 | Lair:3   | Noticed a five-headed hydra
 15434 | Lair:3   | 15434 ||| SWAPPING to +1 flail of protection.
 15434 | Lair:3   | Noticed a six-headed hydra
 15435 | Lair:3   | 15435 ||| INVOKING Finesse.
 15439 | Lair:3   | 15439 ||| Stepping ~*~*~tactically~*~*~ (outnumbered).
 15440 | Lair:3   | 15440 ||| Stepping ~*~*~tactically~*~*~ (outnumbered).
 15441 | Lair:3   | 15441 ||| Stepping ~*~*~tactically~*~*~ (hiding).
 15442 | Lair:3   | 15442 ||| SWAPPING to +5 war axe of protection.
 15445 | Lair:3   | 15445 ||| SWAPPING to +1 flail of protection.
 15454 | Lair:3   | Killed a five-headed hydra
 15455 | Lair:3   | Reached XP level 13. HP: 63/82 MP: 16/20
 15462 | Lair:3   | 15462 ||| SWAPPING to +5 war axe of protection.
 15600 | Lair:3   | 15600 ||| Stepping ~*~*~tactically~*~*~ (hiding).
 15668 | Lair:3   | 15668 ||| Stepping ~*~*~tactically~*~*~ (stealth).
 15669 | Lair:3   | 15669 ||| Stepping ~*~*~tactically~*~*~ (stealth).
 15677 | Lair:3   | 15677 ||| Stepping ~*~*~tactically~*~*~ (stealth).
 15716 | Lair:3   | 15716 ||| Stepping ~*~*~tactically~*~*~ (stealth).
 15717 | Lair:3   | 15717 ||| Stepping ~*~*~tactically~*~*~ (stealth).
 15726 | Lair:3   | 15726 ||| DROPPING +1 flail of protection.
 15731 | Lair:3   | Identified the +4 rapier "Babytima" {vamp, *Slow Dex+5
                  | Stlth+}
 15768 | Lair:3   | 15768 ||| INVOKING Heroism.
 15846 | Lair:3   | Found a staircase to the Shoals.
 15941 | Lair:3   | 15941 ||| Stepping ~*~*~tactically~*~*~ (hiding).
 15979 | Lair:3   | Found a hole to the Spider Nest.
 16148 | Lair:3   | 16148 ||| READING scroll labelled HIWNUXKAWN.
 16149 | Lair:3   | 16149 ||| READING 7 scrolls of identify.
 16149 | Lair:3   | 16149 ||| IDENTIFYING fizzy inky potion
 16177 | Lair:4   | 16177 ||| STAIRDANCE
 16185 | Lair:4   | 16185 ||| STAIRDANCE
 16187 | Lair:3   | 16187 ||| INVOKING Heroism.
 16188 | Lair:3   | 16188 ||| SWAPPING to +2 flail of protection.
 16189 | Lair:3   | 16189 ||| INVOKING Finesse.
 16197 | Lair:3   | 16197 ||| SWAPPING to +5 war axe of protection.
 16352 | Lair:4   | 16352 ||| INVOKING Heroism.
 16415 | Lair:4   | 16415 ||| INVOKING Heroism.
 16469 | Lair:4   | 16469 ||| Stepping ~*~*~tactically~*~*~ (stealth).
 16492 | Lair:4   | 16492 ||| INVOKING Heroism.
 16493 | Lair:4   | Noticed Nessos
 16504 | Lair:4   | Killed Nessos
 16511 | Lair:4   | 16511 ||| Stepping ~*~*~tactically~*~*~ (stealth).
 16526 | Lair:4   | 16526 ||| Stepping ~*~*~tactically~*~*~ (stealth).
 16527 | Lair:4   | 16527 ||| Stepping ~*~*~tactically~*~*~ (stealth).
 16845 | Lair:4   | 16845 ||| INVOKING Heroism.
 16854 | Lair:4   | Reached skill level 9 in Armour
 16916 | Lair:4   | 16916 ||| INVOKING Heroism.
 16917 | Lair:4   | 16917 ||| INVOKING Finesse.
 17298 | Lair:4   | 17298 ||| UPGRADING to +4 ring of evasion.
 17300 | Lair:4   | 17300 ||| DROPPING ring of willpower.
 17343 | Lair:5   | Entered Level 5 of the Lair of Beasts
 17344 | Lair:5   | 17344 ||| INVOKING Heroism.
 17347 | Lair:5   | 17347 ||| STAIRDANCE
 17355 | Lair:4   | Received a gift from Okawaru
 17399 | Lair:5   | 17399 ||| INVOKING Heroism.
 17413 | Lair:5   | 17413 ||| INVOKING Heroism.
 17462 | Lair:5   | Found a viscous altar of Jiyva.
 17462 | Lair:5   | Found a staircase to the Slime Pits.
 17470 | Lair:5   | 17470 ||| SWAPPING to +2 flail of protection.
 17472 | Lair:5   | 17472 ||| Stepping ~*~*~tactically~*~*~ (outnumbered).
 17475 | Lair:5   | 17475 ||| Stepping ~*~*~tactically~*~*~ (outnumbered).
 17477 | Lair:5   | 17477 ||| Stepping ~*~*~tactically~*~*~ (outnumbered).
 17478 | Lair:5   | 17478 ||| Stepping ~*~*~tactically~*~*~ (outnumbered).
 17479 | Lair:5   | 17479 ||| Stepping ~*~*~tactically~*~*~ (outnumbered).
 17481 | Lair:5   | 17481 ||| Stepping ~*~*~tactically~*~*~ (outnumbered).
 17482 | Lair:5   | 17482 ||| Stepping ~*~*~tactically~*~*~ (outnumbered).
 17485 | Lair:5   | 17485 ||| Stepping ~*~*~tactically~*~*~ (outnumbered).
 17486 | Lair:5   | 17486 ||| INVOKING Heroism.
 17487 | Lair:5   | 17487 ||| Stepping ~*~*~tactically~*~*~ (outnumbered).
 17490 | Lair:5   | 17490 ||| Stepping ~*~*~tactically~*~*~ (outnumbered).
 17491 | Lair:5   | 17491 ||| Stepping ~*~*~tactically~*~*~ (outnumbered).
 17496 | Lair:5   | 17496 ||| Stepping ~*~*~tactically~*~*~ (outnumbered).
 17497 | Lair:5   | 17497 ||| Stepping ~*~*~tactically~*~*~ (outnumbered).
 17498 | Lair:5   | 17498 ||| Stepping ~*~*~tactically~*~*~ (outnumbered).
 17499 | Lair:5   | 17499 ||| Stepping ~*~*~tactically~*~*~ (outnumbered).
 17500 | Lair:5   | 17500 ||| Stepping ~*~*~tactically~*~*~ (outnumbered).
 17501 | Lair:5   | 17501 ||| Stepping ~*~*~tactically~*~*~ (outnumbered).
 17502 | Lair:5   | 17502 ||| Stepping ~*~*~tactically~*~*~ (outnumbered).
 17503 | Lair:5   | 17503 ||| STAIRDANCE
 17505 | Lair:4   | 17505 ||| Stepping ~*~*~tactically~*~*~ (outnumbered).
 17506 | Lair:4   | 17506 ||| Stepping ~*~*~tactically~*~*~ (outnumbered).
 17507 | Lair:4   | 17507 ||| Stepping ~*~*~tactically~*~*~ (outnumbered).
 17508 | Lair:4   | HP: 16/82 [death yak (5)]
 17509 | Lair:4   | 17509 ||| READING 5 scrolls of teleportation.
 17512 | Lair:4   | 17512 ||| SWAPPING to +5 war axe of protection.
 17513 | Lair:4   | 17513 ||| INVOKING Heroism.
 17822 | Lair:4   | 17822 ||| INVOKING Heroism.
 17872 | Lair:5   | 17872 ||| Stepping ~*~*~tactically~*~*~ (stealth).
 17873 | Lair:5   | 17873 ||| Stepping ~*~*~tactically~*~*~ (stealth).
 17875 | Lair:5   | 17875 ||| INVOKING Heroism.
 17934 | Lair:5   | 17934 ||| INVOKING Heroism.
 18040 | Lair:5   | 18040 ||| INVOKING Heroism.
 18041 | Lair:5   | 18041 ||| INVOKING Finesse.
 18042 | Lair:5   | 18042 ||| Stepping ~*~*~tactically~*~*~ (stealth).
 18094 | Lair:5   | 18094 ||| INVOKING Heroism.
 18095 | Lair:5   | 18095 ||| INVOKING Finesse.
 18143 | Lair:5   | 18143 ||| READING scroll of enchant weapon.
 18143 | Lair:5   | 18143 ||| ENCHANTING +5 war axe of protection.
 18182 | Lair:5   | 18182 ||| INVOKING Heroism.
 18309 | Lair:5   | Gained mutation: Your large and strong wings let you fly.
                  | [Gargoyle growth]
 18309 | Lair:5   | Reached XP level 14. HP: 90/90 MP: 21/21
 18321 | Lair:5   | 18321 ||| Stepping ~*~*~tactically~*~*~ (stealth).
 18801 | Lair:5   | 18801 ||| PLANNING D
 18801 | Lair:5   | 18801 ||| DROPPING +2 chain mail of willpower.
 18802 | Lair:5   | 18802 ||| DRINKING 2 cyan potions.
 18803 | Lair:5   | 18803 ||| DROPPING potion of degeneration.
 19023 | D:12     | 19023 ||| Stepping ~*~*~tactically~*~*~ (hiding).
 19096 | D:12     | 19096 ||| FLEEEEING.
 19097 | D:12     | 19097 ||| FLEEEEING.
 19115 | D:12     | 19115 ||| FLEEEEING.
 19116 | D:12     | 19116 ||| FLEEEEING.
 19117 | D:12     | 19117 ||| FLEEEEING.
 19118 | D:12     | 19118 ||| FLEEEEING.
 19121 | D:12     | 19121 ||| FLEEEEING.
 19122 | D:12     | 19122 ||| FLEEEEING.
 19123 | D:12     | 19123 ||| FLEEEEING.
 19124 | D:12     | 19124 ||| FLEEEEING.
 19145 | D:12     | 19145 ||| FLEEEEING.
 19146 | D:12     | 19146 ||| FLEEEEING.
 19147 | D:12     | 19147 ||| FLEEEEING.
 19149 | D:12     | 19149 ||| STAIRDANCE
 19248 | D:12     | 19248 ||| Stepping ~*~*~tactically~*~*~ (stealth).
 19268 | D:12     | 19268 ||| INVOKING Heroism.
 19691 | D:12     | 19691 ||| Stepping ~*~*~tactically~*~*~ (hiding).
 19692 | D:12     | 19692 ||| Stepping ~*~*~tactically~*~*~ (hiding).
 19693 | D:12     | 19693 ||| INVOKING Heroism.
 19709 | D:12     | Reached skill level 12 in Shields
 20058 | D:12     | Found a blossoming altar of Fedhas.
 20307 | D:13     | 20307 ||| INVOKING Heroism.
 20308 | D:13     | 20308 ||| INVOKING Finesse.
 20375 | D:13     | 20375 ||| Stepping ~*~*~tactically~*~*~ (hiding).
 20383 | D:13     | 20383 ||| DRINKING 11 potions of curing.
 20383 | D:13     | 20383 ||| (to cure confusion)
 20451 | D:13     | 20451 ||| DRINKING 10 potions of curing.
 20451 | D:13     | 20451 ||| (to cure confusion)
 20572 | D:13     | 20572 ||| INVOKING Heroism.
 20617 | D:13     | 20617 ||| Stepping ~*~*~tactically~*~*~ (hiding).
 20620 | D:13     | 20620 ||| INVOKING Heroism.
 20626 | D:13     | Identified the +6 hand axe "Cuimoaps" {venom, rF+ Str+4}
                  | (Okawaru gifted it to you on level 13 of the Dungeon)
 20626 | D:13     | Received a gift from Okawaru
 20643 | D:13     | HP: 21/90 [orc priest/divine providence (11)]
 20644 | D:13     | 20644 ||| READING 6 scrolls of teleportation.
 20648 | D:13     | Reached skill level 15 in Axes
 21115 | D:13     | 21115 ||| Stepping ~*~*~tactically~*~*~ (hiding).
 21117 | D:13     | 21117 ||| Stepping ~*~*~tactically~*~*~ (hiding).
 21238 | D:13     | 21238 ||| DROPPING +2 flail of protection.
 21249 | D:13     | 21249 ||| Stepping ~*~*~tactically~*~*~ (stealth).
 21250 | D:13     | Found a gate to the Vaults.
 21251 | D:13     | 21251 ||| INVOKING Heroism.
 21252 | D:13     | 21252 ||| Stepping ~*~*~tactically~*~*~ (stealth).
 21263 | D:13     | Reached skill level 3 in Dodging
 21556 | D:13     | 21556 ||| Stepping ~*~*~tactically~*~*~ (stealth).
 21562 | D:13     | 21562 ||| Stepping ~*~*~tactically~*~*~ (hiding).
 21625 | D:13     | 21625 ||| Stepping ~*~*~tactically~*~*~ (hiding).
 21679 | D:13     | 21679 ||| Stepping ~*~*~tactically~*~*~ (hiding).
 21812 | D:13     | Reached skill level 12 in Fighting
 22254 | D:13     | 22254 ||| UPGRADING to +0 tower shield.
 22264 | D:13     | 22264 ||| DROPPING +0 kite shield.
 22265 | D:13     | 22265 ||| READING 9 scrolls of identify.
 22265 | D:13     | 22265 ||| IDENTIFYING clear potion
 22328 | D:14     | Gained mutation: You are weak. (Str -2) [a neqoxec]
 22408 | D:14     | 22408 ||| Stepping ~*~*~tactically~*~*~ (stealth).
 22410 | D:14     | 22410 ||| Stepping ~*~*~tactically~*~*~ (hiding).
 22414 | D:14     | Received a gift from Okawaru
 22531 | D:14     | 22531 ||| INVOKING Heroism.
 22532 | D:14     | 22532 ||| Stepping ~*~*~tactically~*~*~ (stealth).
 22533 | D:14     | 22533 ||| INVOKING Finesse.
 22575 | D:14     | 22575 ||| Stepping ~*~*~tactically~*~*~ (hiding).
 22593 | D:14     | Received a gift from Okawaru
 22594 | D:14     | Reached XP level 15. HP: 91/96 MP: 19/22
 22621 | D:14     | 22621 ||| DROPPING +2 vorpal broad axe.
 22667 | D:14     | 22667 ||| FLEEEEING.
 22668 | D:14     | 22668 ||| FLEEEEING.
 22671 | D:14     | 22671 ||| FLEEEEING.
 22673 | D:14     | 22673 ||| FLEEEEING.
 22674 | D:14     | 22674 ||| FLEEEEING.
 22683 | D:14     | 22683 ||| STAIRDANCE
 22731 | D:13     | 22731 ||| READING scroll labelled FEDOOT NATO.
 22732 | D:13     | 22732 ||| READING 8 scrolls of identify.
 22732 | D:13     | 22732 ||| IDENTIFYING blue potion
 22733 | D:13     | 22733 ||| DROPPING potion of ambrosia.
 22776 | D:14     | 22776 ||| Stepping ~*~*~tactically~*~*~ (hiding).
 22784 | D:14     | 22784 ||| INVOKING Heroism.
 22827 | D:14     | 22827 ||| Stepping ~*~*~tactically~*~*~ (hiding).
 22845 | D:14     | 22845 ||| INVOKING Heroism.
 23233 | D:14     | Noticed Josephine
 23241 | D:14     | Killed Josephine
 23428 | D:14     | 23428 ||| DROPPING amulet of faith.
 23459 | D:15     | Entered Level 15 of the Dungeon
 23460 | D:15     | 23460 ||| STAIRDANCE
 23539 | D:15     | Found a staircase to the Depths.
 23539 | D:15     | Noticed a fire giant
 23540 | D:15     | 23540 ||| Stepping ~*~*~tactically~*~*~ (stealth).
 23547 | D:15     | 23547 ||| INVOKING Heroism.
 23557 | D:15     | Killed a fire giant
 23566 | D:15     | 23566 ||| READING 6 scrolls of teleportation.
 23576 | D:15     | 23576 ||| Stepping ~*~*~tactically~*~*~ (stealth).
 23586 | D:15     | 23586 ||| Stepping ~*~*~tactically~*~*~ (hiding).
 23587 | D:15     | 23587 ||| Stepping ~*~*~tactically~*~*~ (hiding).
 23588 | D:15     | 23588 ||| Stepping ~*~*~tactically~*~*~ (hiding).
 23596 | D:15     | Reached skill level 15 in Shields
 23600 | D:15     | 23600 ||| Stepping ~*~*~tactically~*~*~ (stealth).
 23601 | D:15     | 23601 ||| Stepping ~*~*~tactically~*~*~ (stealth).
 23603 | D:15     | Reached ****** piety under Okawaru
 23605 | D:15     | 23605 ||| Stepping ~*~*~tactically~*~*~ (stealth).
 23606 | D:15     | 23606 ||| Stepping ~*~*~tactically~*~*~ (stealth).
 23610 | D:15     | 23610 ||| INVOKING Heroism.
 23806 | D:15     | 23806 ||| Stepping ~*~*~tactically~*~*~ (hiding).
 24031 | D:15     | Received a gift from Okawaru
 24059 | D:15     | Identified the +8 hand axe "Pusmoiv" {drain, Fly rPois
                  | rCorr Str-4}
 24108 | D:15     | 24108 ||| INVOKING Heroism.
 24113 | D:15     | 24113 ||| Stepping ~*~*~tactically~*~*~ (stealth).
 24115 | D:15     | 24115 ||| Stepping ~*~*~tactically~*~*~ (stealth).
 24116 | D:15     | 24116 ||| Stepping ~*~*~tactically~*~*~ (stealth).
 24134 | D:15     | 24134 ||| FLEEEEING.
 24135 | D:15     | 24135 ||| FLEEEEING.
 24136 | D:15     | 24136 ||| FLEEEEING.
 24137 | D:15     | 24137 ||| FLEEEEING.
 24138 | D:15     | 24138 ||| FLEEEEING.
 24139 | D:15     | 24139 ||| FLEEEEING.
 24140 | D:15     | 24140 ||| FLEEEEING.
 24141 | D:15     | 24141 ||| FLEEEEING.
 24142 | D:15     | 24142 ||| FLEEEEING.
 24143 | D:15     | 24143 ||| FLEEEEING.
 24144 | D:15     | 24144 ||| FLEEEEING.
 24145 | D:15     | 24145 ||| FLEEEEING.
 24146 | D:15     | 24146 ||| FLEEEEING.
 24156 | D:15     | 24156 ||| INVOKING Heroism.
 24519 | D:15     | 24519 ||| Stepping ~*~*~tactically~*~*~ (hiding).
 24722 | D:15     | 24722 ||| PLANNING ORC
 24826 | Orc:1    | Entered Level 1 of the Orcish Mines
 24827 | Orc:1    | 24827 ||| INVOKING Heroism.
 24866 | Orc:1    | Noticed an orc warlord
 24867 | Orc:1    | 24867 ||| INVOKING Heroism.
 24868 | Orc:1    | 24868 ||| Stepping ~*~*~tactically~*~*~ (stealth).
 24869 | Orc:1    | 24869 ||| Stepping ~*~*~tactically~*~*~ (stealth).
 24870 | Orc:1    | 24870 ||| INVOKING Finesse.
 24875 | Orc:1    | 24875 ||| Stepping ~*~*~tactically~*~*~ (hiding).
 24886 | Orc:1    | Killed an orc warlord
 24891 | Orc:1    | 24891 ||| Stepping ~*~*~tactically~*~*~ (hiding).
 24953 | Orc:1    | 24953 ||| Stepping ~*~*~tactically~*~*~ (stealth).
 24955 | Orc:1    | 24955 ||| Stepping ~*~*~tactically~*~*~ (hiding).
 24958 | Orc:1    | 24958 ||| Stepping ~*~*~tactically~*~*~ (stealth).
 25058 | Orc:1    | Noticed an orc warlord
 25059 | Orc:1    | 25059 ||| INVOKING Heroism.
 25060 | Orc:1    | 25060 ||| Stepping ~*~*~tactically~*~*~ (stealth).
 25070 | Orc:1    | 25070 ||| INVOKING Finesse.
 25088 | Orc:1    | Killed an orc warlord
 25185 | Orc:1    | 25185 ||| INVOKING Heroism.
 25188 | Orc:1    | 25188 ||| Stepping ~*~*~tactically~*~*~ (hiding).
 25190 | Orc:1    | 25190 ||| Stepping ~*~*~tactically~*~*~ (hiding).
 25255 | Orc:1    | 25255 ||| Stepping ~*~*~tactically~*~*~ (hiding).
 25260 | Orc:1    | 25260 ||| INVOKING Heroism.
 25263 | Orc:1    | 25263 ||| Stepping ~*~*~tactically~*~*~ (hiding).
 25272 | Orc:1    | 25272 ||| Stepping ~*~*~tactically~*~*~ (stealth).
 25286 | Orc:1    | 25286 ||| INVOKING Heroism.
 25289 | Orc:1    | Noticed an orc warlord
 25290 | Orc:1    | 25290 ||| INVOKING Finesse.
 25291 | Orc:1    | 25291 ||| INVOKING Finesse.
 25323 | Orc:1    | Killed an orc warlord
 25454 | Orc:1    | Found a frozen archway.
 25455 | Orc:1    | 25455 ||| INVOKING Heroism.
 25456 | Orc:1    | 25456 ||| Stepping ~*~*~tactically~*~*~ (stealth).
 25481 | Orc:1    | 25481 ||| Stepping ~*~*~tactically~*~*~ (hiding).
 25517 | Orc:1    | 25517 ||| INVOKING Heroism.
 25629 | Orc:2    | Entered Level 2 of the Orcish Mines
 25637 | Orc:2    | 25637 ||| Stepping ~*~*~tactically~*~*~ (hiding).
 25654 | Orc:2    | 25654 ||| INVOKING Heroism.
 25656 | Orc:2    | 25656 ||| Stepping ~*~*~tactically~*~*~ (hiding).
 25704 | Orc:2    | Found a bloodstained altar of Trog.
 25739 | Orc:2    | 25739 ||| Stepping ~*~*~tactically~*~*~ (stealth).
 25741 | Orc:2    | 25741 ||| Stepping ~*~*~tactically~*~*~ (hiding).
 25754 | Orc:2    | 25754 ||| Stepping ~*~*~tactically~*~*~ (stealth).
 25757 | Orc:2    | 25757 ||| Stepping ~*~*~tactically~*~*~ (hiding).
 25801 | Orc:2    | 25801 ||| DROPPING +0 morningstar.
 25861 | Orc:2    | 25861 ||| Stepping ~*~*~tactically~*~*~ (stealth).
 25867 | Orc:2    | 25867 ||| INVOKING Heroism.
 25907 | Orc:2    | 25907 ||| Stepping ~*~*~tactically~*~*~ (hiding).
 25919 | Orc:2    | 25919 ||| INVOKING Heroism.
 25920 | Orc:2    | Received a gift from Okawaru
 25947 | Orc:2    | Paralysed by an orc sorcerer for 5 turns
 25955 | Orc:2    | Noticed an orc warlord
 25956 | Orc:2    | 25956 ||| INVOKING Finesse.
 25965 | Orc:2    | 25965 ||| INVOKING Heroism.
 25978 | Orc:2    | Killed an orc warlord
 25994 | Orc:2    | 25994 ||| FLEEEEING.
 26224 | Orc:2    | 26224 ||| DROPPING +1 morningstar of protection.
 26232 | Orc:2    | 26232 ||| INVOKING Heroism.
 26235 | Orc:2    | Found Foha's Antique Armour Shop.
 26250 | Orc:2    | Reached XP level 16. HP: 99/101 MP: 23/23
 26271 | Orc:2    | 26271 ||| BUYING pair of embroidered boots (127 gold).
 26271 | Orc:2    | Bought a pair of embroidered boots for 127 gold pieces
 26271 | Orc:2    | 26271 ||| BUYING pair of runed gloves (127 gold).
 26271 | Orc:2    | Bought a pair of runed gloves for 127 gold pieces
 26271 | Orc:2    | 26271 ||| BUYING runed helmet (127 gold).
 26271 | Orc:2    | Bought a runed helmet for 127 gold pieces
 26271 | Orc:2    | 26271 ||| BUYING steaming chain mail (161 gold).
 26271 | Orc:2    | Bought a steaming chain mail for 161 gold pieces
 26271 | Orc:2    | Identified the +8 chain mail "Miynwe" {rF+ Will+} (You
                  | bought it in a shop on level 2 of the Orcish Mines)
 26301 | Orc:2    | Found a staircase to the Elven Halls.
 26421 | Orc:2    | Found Tut Xidd's Antique Weapon Shop.
 26491 | Orc:2    | Found Qatziraemm's General Store.
 26498 | Orc:2    | 26498 ||| BUYING 3 scrolls of identify (102 gold).
 26498 | Orc:2    | Bought 3 scrolls of identify for 102 gold pieces
 26498 | Orc:2    | 26498 ||| BUYING potion of resistance (170 gold).
 26498 | Orc:2    | Bought a potion of resistance for 170 gold pieces
 26498 | Orc:2    | 26498 ||| BUYING scroll of teleportation (51 gold).
 26498 | Orc:2    | Bought a scroll of teleportation for 51 gold pieces
 26546 | Orc:2    | 26546 ||| Stepping ~*~*~tactically~*~*~ (stealth).
 26548 | Orc:2    | 26548 ||| INVOKING Heroism.
 26718 | Orc:2    | Found Umanywk's Book Shop.
 26724 | Orc:2    | 26724 ||| UPGRADING to +2 pair of boots of flying.
 26729 | Orc:2    | 26729 ||| DROPPING +1 pair of gloves of stealth.
 26730 | Orc:2    | 26730 ||| DROPPING +1 helmet of intelligence.
 26731 | Orc:2    | 26731 ||| UPGRADING to +8 chain mail "Miynwe" {rF+ Will+}.
 26741 | Orc:2    | 26741 ||| DROPPING +2 plate armour of fire resistance.
 26804 | Orc:1    | 26804 ||| INVOKING Heroism.
 26867 | Orc:1    | Found Ponidym's Jewellery Boutique.
 26884 | Orc:1    | 26884 ||| READING 7 scrolls of teleportation.
 26929 | Orc:1    | 26929 ||| Stepping ~*~*~tactically~*~*~ (stealth).
 26931 | Orc:1    | 26931 ||| INVOKING Heroism.
 26949 | Orc:1    | 26949 ||| Stepping ~*~*~tactically~*~*~ (stealth).
 26950 | Orc:1    | 26950 ||| Stepping ~*~*~tactically~*~*~ (stealth).
 26975 | Orc:1    | 26975 ||| PLANNING SPIDER:1-3
 27125 | Spider:1 | Entered Level 1 of the Spider Nest
 27135 | Spider:1 | 27135 ||| INVOKING Heroism.
 27167 | Spider:1 | 27167 ||| INVOKING Finesse.
 27244 | Spider:1 | 27244 ||| Stepping ~*~*~tactically~*~*~ (stealth).
 27246 | Spider:1 | 27246 ||| INVOKING Heroism.
 27270 | Spider:1 | 27270 ||| INVOKING Finesse.
 27281 | Spider:1 | Noticed Louise
 27287 | Spider:1 | 27287 ||| INVOKING Heroism.
 27291 | Spider:1 | Noticed Aizul
 27316 | Abyss:2  | Cast into level 2 of the Abyss (Louise)
 27343 | Abyss:2  | Received a gift from Okawaru
 27344 | Abyss:2  | 27344 ||| INVOKING Heroism.
 27411 | Abyss:2  | 27411 ||| Stepping ~*~*~tactically~*~*~ (stealth).
 27413 | Abyss:2  | 27413 ||| Stepping ~*~*~tactically~*~*~ (stealth).
 27417 | Abyss:2  | 27417 ||| INVOKING Heroism.
 27441 | Abyss:2  | Received a gift from Okawaru
 27480 | Abyss:2  | Noticed a lich
 27481 | Abyss:2  | 27481 ||| Stepping ~*~*~tactically~*~*~ (stealth).
 27483 | Abyss:2  | 27483 ||| Stepping ~*~*~tactically~*~*~ (stealth).
 27537 | Abyss:2  | 27537 ||| Stepping ~*~*~tactically~*~*~ (stealth).
 27627 | Abyss:2  | 27627 ||| INVOKING Heroism.
 27631 | Abyss:2  | Paralysed by accursed screaming for 1 turns
 27644 | Abyss:2  | Paralysed by accursed screaming for 1 turns
 27651 | Abyss:2  | 27651 ||| Stepping ~*~*~tactically~*~*~ (hiding).
 27717 | Abyss:2  | 27717 ||| Stepping ~*~*~tactically~*~*~ (stealth).
 27736 | Abyss:2  | 27736 ||| INVOKING Heroism.
 27746 | Abyss:2  | Noticed a tentacled starspawn
 27755 | Abyss:2  | Killed a tentacled starspawn
 27756 | Abyss:2  | Reached skill level 3 in Throwing
 27774 | Abyss:2  | 27774 ||| Stepping ~*~*~tactically~*~*~ (stealth).
 27775 | Abyss:2  | 27775 ||| Stepping ~*~*~tactically~*~*~ (stealth).
 27777 | Abyss:2  | 27777 ||| Stepping ~*~*~tactically~*~*~ (stealth).
 27838 | Abyss:2  | 27838 ||| Stepping ~*~*~tactically~*~*~ (stealth).
 27839 | Abyss:2  | 27839 ||| Stepping ~*~*~tactically~*~*~ (stealth).
 27843 | Abyss:2  | 27843 ||| Stepping ~*~*~tactically~*~*~ (stealth).
 27861 | Abyss:2  | 27861 ||| Stepping ~*~*~tactically~*~*~ (stealth).
 27863 | Abyss:2  | 27863 ||| Stepping ~*~*~tactically~*~*~ (stealth).
 27866 | Abyss:2  | 27866 ||| INVOKING Heroism.
 27879 | Spider:1 | Escaped the Abyss
 27880 | Spider:1 | 27880 ||| INVOKING Finesse.
 27903 | Spider:1 | Killed Aizul
 27921 | Spider:1 | Killed Louise
 27931 | Spider:1 | 27931 ||| Stepping ~*~*~tactically~*~*~ (stealth).
 27948 | Spider:1 | 27948 ||| Stepping ~*~*~tactically~*~*~ (stealth).
 27949 | Spider:1 | 27949 ||| Stepping ~*~*~tactically~*~*~ (stealth).
 27955 | Spider:1 | 27955 ||| Stepping ~*~*~tactically~*~*~ (stealth).
 27957 | Spider:1 | 27957 ||| Stepping ~*~*~tactically~*~*~ (stealth).
 27958 | Spider:1 | 27958 ||| Stepping ~*~*~tactically~*~*~ (stealth).
 27959 | Spider:1 | 27959 ||| Stepping ~*~*~tactically~*~*~ (stealth).
 27970 | Spider:1 | 27970 ||| Stepping ~*~*~tactically~*~*~ (stealth).
 28013 | Spider:1 | 28013 ||| Stepping ~*~*~tactically~*~*~ (stealth).
 28060 | Spider:1 | 28060 ||| Stepping ~*~*~tactically~*~*~ (stealth).
 28095 | Spider:1 | Noticed Mlioglotl
 28096 | Spider:1 | 28096 ||| INVOKING Heroism.
 28097 | Spider:1 | 28097 ||| INVOKING Finesse.
 28113 | Spider:1 | Killed Mlioglotl
 28119 | Spider:1 | 28119 ||| Stepping ~*~*~tactically~*~*~ (stealth).
 28187 | Spider:1 | Noticed Kirke
 28188 | Spider:1 | 28188 ||| INVOKING Heroism.
 28190 | Spider:1 | 28190 ||| Stepping ~*~*~tactically~*~*~ (stealth).
 28199 | Spider:1 | Noticed a sphinx
 28205 | Spider:1 | Killed Kirke
 28337 | Spider:1 | You are sucked into a shaft and drop 1 floor!
 28338 | Spider:2 | 28338 ||| INVOKING Heroism.
 28350 | Spider:2 | 28350 ||| INVOKING Finesse.
 28461 | Spider:2 | 28461 ||| INVOKING Heroism.
 28478 | Spider:2 | HP: 15/104 [radroach (38)]
 28479 | Spider:2 | 28479 ||| READING 8 scrolls of teleportation.
 28481 | Spider:2 | Gained mutation: Your body sometimes deteriorates upon
                  | taking damage. [mutagenic glow]
 28540 | Spider:2 | 28540 ||| INVOKING Heroism.
 28601 | Spider:2 | 28601 ||| INVOKING Heroism.
 28844 | Spider:2 | 28844 ||| Stepping ~*~*~tactically~*~*~ (stealth).
 28873 | Spider:2 | 28873 ||| DROPPING +1 pair of gloves.
 28875 | Spider:2 | 28875 ||| INVOKING Finesse.
 28885 | Spider:2 | 28885 ||| INVOKING Heroism.
 28903 | Spider:2 | Reached skill level 18 in Shields
 28915 | Spider:2 | Reached XP level 17. HP: 98/111 MP: 7/24
 28933 | Spider:2 | HP: 25/111 [something (9)]
 28934 | Spider:2 | 28934 ||| READING 7 scrolls of teleportation.
 28935 | Spider:2 | 28935 ||| DRINKING potion of heal wounds.
 28943 | Spider:2 | 28943 ||| Stepping ~*~*~tactically~*~*~ (hiding).
 28945 | Spider:2 | 28945 ||| Stepping ~*~*~tactically~*~*~ (hiding).
 28961 | Spider:2 | HP: 27/111 [something (5)]
 28962 | Spider:2 | 28962 ||| READING 6 scrolls of teleportation.
 28971 | Spider:2 | HP: 18/111 [something (6)]
 28976 | Spider:2 | HP: 15/111 [something (3)]
 29333 | Spider:1 | Identified the +1 ring mail of Okawaru's Generosity {Contam
                  | Harm Fly Regen+ Dex+3} (Okawaru gifted it to you on level 1
                  | of the Spider Nest)
 29333 | Spider:1 | Received a gift from Okawaru
 29365 | Spider:1 | 29365 ||| Stepping ~*~*~tactically~*~*~ (stealth).
 29366 | Spider:1 | 29366 ||| Stepping ~*~*~tactically~*~*~ (stealth).
 29370 | Spider:1 | 29370 ||| INVOKING Finesse.
 29374 | Spider:1 | 29374 ||| INVOKING Heroism.
 29815 | Spider:2 | 29815 ||| READING scroll of brand weapon.
 29815 | Spider:2 | 29815 ||| BRANDING +6 war axe of protection.
 29993 | Spider:3 | 29993 ||| INVOKING Heroism.
 29998 | Spider:3 | 29998 ||| INVOKING Finesse.
 30015 | Spider:3 | 30015 ||| DRINKING 10 potions of curing.
 30015 | Spider:3 | 30015 ||| (to cure confusion)
 30021 | Spider:3 | Reached skill level 12 in Armour
 30050 | Spider:3 | 30050 ||| Stepping randomly (disturbance).
 30051 | Spider:3 | 30051 ||| Stepping randomly (disturbance).
 30052 | Spider:3 | 30052 ||| Stepping randomly (disturbance).
 30053 | Spider:3 | 30053 ||| Stepping randomly (disturbance).
 30054 | Spider:3 | 30054 ||| Stepping randomly (disturbance).
 30277 | Spider:3 | 30277 ||| INVOKING Finesse.
 30282 | Spider:3 | 30282 ||| INVOKING Heroism.
 30390 | Spider:3 | 30390 ||| Stepping ~*~*~tactically~*~*~ (stealth).
 30392 | Spider:3 | 30392 ||| Stepping ~*~*~tactically~*~*~ (hiding).
 30393 | Spider:3 | 30393 ||| Stepping ~*~*~tactically~*~*~ (stealth).
 30396 | Spider:3 | 30396 ||| INVOKING Heroism.
 30408 | Spider:3 | Reached skill level 15 in Fighting
 30416 | Spider:3 | Found a transporter.
 30420 | Spider:3 | Found a transporter.
 30420 | Spider:3 | Noticed qw's ghost (adept GrFi)
 30590 | Spider:3 | 30590 ||| INVOKING Heroism.
 30763 | Spider:3 | Found a one-way gate to the infinite horrors of the Abyss.
 30928 | Spider:3 | Found a corrupted altar of Lugonu.
 31057 | Spider:3 | 31057 ||| PLANNING SHOALS:1-3
 31057 | Spider:3 | 31057 ||| DROPPING +2 pair of boots.
 31058 | Spider:3 | 31058 ||| DROPPING amulet of the acrobat.
 31179 | Shoals:1 | Entered Level 1 of the Shoals
 31179 | Shoals:1 | You are sucked into a shaft and drop 1 floor!
 31195 | Shoals:2 | 31195 ||| INVOKING Heroism.
 31257 | Shoals:1 | Found Tutiab's Assorted Antiques.
 31275 | Shoals:1 | 31275 ||| BUYING potion of might (120 gold).
 31275 | Shoals:1 | Bought a potion of might for 120 gold pieces
 31275 | Shoals:1 | 31275 ||| BUYING potion of might (120 gold).
 31275 | Shoals:1 | Bought a potion of might for 120 gold pieces
 31296 | Shoals:1 | 31296 ||| INVOKING Heroism.
 31311 | Shoals:1 | 31311 ||| Stepping ~*~*~tactically~*~*~ (hiding).
 31313 | Shoals:1 | 31313 ||| Stepping ~*~*~tactically~*~*~ (hiding).
 31318 | Shoals:1 | 31318 ||| Stepping ~*~*~tactically~*~*~ (hiding).
 31405 | Shoals:1 | 31405 ||| INVOKING Heroism.
 31470 | Shoals:1 | 31470 ||| Stepping ~*~*~tactically~*~*~ (stealth).
 31472 | Shoals:1 | 31472 ||| INVOKING Heroism.
 31661 | Shoals:1 | 31661 ||| INVOKING Heroism.
 31703 | Shoals:1 | Identified the +7 whip "Sodykk" {freeze, rN+++ rCorr Int-3
                  | SInv}
 31778 | Shoals:1 | Found Kavecel's General Store.
 31789 | Shoals:1 | 31789 ||| BUYING 2 potions of might (120 gold).
 31789 | Shoals:1 | Bought 2 potions of might for 120 gold pieces
 31789 | Shoals:1 | 31789 ||| BUYING potion of mutation (120 gold).
 31789 | Shoals:1 | Bought a potion of mutation for 120 gold pieces
 31854 | Shoals:1 | 31854 ||| INVOKING Heroism.
 31998 | Shoals:1 | Found Ihud's Weapon Shoppe.
 32065 | Shoals:1 | Noticed Jorgrun
 32066 | Shoals:1 | 32066 ||| INVOKING Heroism.
 32088 | Shoals:1 | Killed Jorgrun
 32335 | Shoals:1 | Found the amulet of Vitality {RegenMP++ Regen++}
 32383 | Shoals:1 | 32383 ||| DRINKING 2 sapphire potions.
 32383 | Shoals:1 | Reached XP level 18. HP: 120/120 MP: 25/25
 32384 | Shoals:1 | 32384 ||| DROPPING +1 hand axe of flaming.
 32385 | Shoals:1 | 32385 ||| DRINKING potion of experience.
 32385 | Shoals:1 | Reached XP level 19. HP: 125/125 MP: 26/26
 32421 | Shoals:2 | 32421 ||| INVOKING Heroism.
 32449 | Shoals:2 | 32449 ||| Stepping ~*~*~tactically~*~*~ (hiding).
 32469 | Shoals:2 | Noticed Polyphemus
 32470 | Shoals:2 | 32470 ||| Stepping ~*~*~tactically~*~*~ (hiding).
 32471 | Shoals:2 | 32471 ||| INVOKING Finesse.
 32473 | Shoals:2 | 32473 ||| INVOKING Heroism.
 32490 | Shoals:2 | Killed Polyphemus
 32538 | Shoals:2 | 32538 ||| Stepping ~*~*~tactically~*~*~ (stealth).
 32556 | Shoals:2 | Received a gift from Okawaru
 32668 | Shoals:2 | 32668 ||| INVOKING Heroism.
 32853 | Shoals:2 | 32853 ||| INVOKING Heroism.
 33196 | Shoals:2 | 33196 ||| UPGRADING to +1 tower shield of protection.
 33206 | Shoals:2 | 33206 ||| DROPPING +0 tower shield.
 33244 | Shoals:3 | 33244 ||| INVOKING Heroism.
 33245 | Shoals:3 | 33245 ||| INVOKING Finesse.
 33246 | Shoals:3 | 33246 ||| STAIRDANCE
 33283 | Shoals:3 | 33283 ||| STAIRDANCE
 33295 | Shoals:2 | Reached XP level 20. HP: 131/131 MP: 27/27
 33297 | Shoals:3 | 33297 ||| STAIRDANCE
 33342 | Shoals:3 | 33342 ||| STAIRDANCE
 33350 | Shoals:3 | 33350 ||| STAIRDANCE
 33358 | Shoals:3 | 33358 ||| INVOKING Heroism.
 33359 | Shoals:3 | 33359 ||| INVOKING Finesse.
 33462 | Shoals:3 | 33462 ||| INVOKING Heroism.
 33493 | Shoals:3 | 33493 ||| Stepping ~*~*~tactically~*~*~ (hiding).
 33505 | Shoals:3 | 33505 ||| Stepping ~*~*~tactically~*~*~ (hiding).
 33843 | Shoals:3 | Found a runed translucent gate.
 33885 | Shoals:3 | 33885 ||| INVOKING Heroism.
 34034 | Shoals:3 | Found a runed translucent gate.
 34035 | Shoals:3 | Found a runed translucent gate.
 34167 | Shoals:3 | Found Haywn's Assorted Antiques.
 34177 | Shoals:3 | 34177 ||| BUYING scroll of enchant weapon (322 gold).
 34177 | Shoals:3 | Bought a scroll of enchant weapon for 322 gold pieces
 34177 | Shoals:3 | 34177 ||| READING scroll of enchant weapon.
 34177 | Shoals:3 | 34177 ||| ENCHANTING +6 vampiric war axe.
 34178 | Shoals:3 | 34178 ||| DROPPING +0 broad axe.
 34254 | Shoals:3 | 34254 ||| PLANNING SPIDER:4
 34254 | Shoals:3 | 34254 ||| DROPPING +1 cloak.
 34427 | Spider:4 | Entered Level 4 of the Spider Nest
 34437 | Spider:4 | 34437 ||| INVOKING Heroism.
 34550 | Spider:4 | 34550 ||| Stepping ~*~*~tactically~*~*~ (stealth).
 34586 | Spider:4 | 34586 ||| Stepping ~*~*~tactically~*~*~ (hiding).
 34859 | Spider:4 | 34859 ||| Stepping ~*~*~tactically~*~*~ (hiding).
 34896 | Spider:4 | 34896 ||| Stepping ~*~*~tactically~*~*~ (stealth).
 34899 | Spider:4 | 34899 ||| Stepping ~*~*~tactically~*~*~ (stealth).
 34901 | Spider:4 | 34901 ||| Stepping ~*~*~tactically~*~*~ (stealth).
 34910 | Spider:4 | 34910 ||| Stepping ~*~*~tactically~*~*~ (stealth).
 34912 | Spider:4 | 34912 ||| Stepping ~*~*~tactically~*~*~ (hiding).
 35083 | Spider:4 | 35083 ||| Stepping ~*~*~tactically~*~*~ (stealth).
 35096 | Spider:4 | 35096 ||| Stepping ~*~*~tactically~*~*~ (stealth).
 35098 | Spider:4 | 35098 ||| INVOKING Heroism.
 35313 | Spider:4 | 35313 ||| Stepping ~*~*~tactically~*~*~ (hiding).
 35337 | Spider:4 | 35337 ||| Stepping ~*~*~tactically~*~*~ (stealth).
 35421 | Spider:4 | 35421 ||| INVOKING Heroism.
 35679 | Spider:4 | 35679 ||| Stepping ~*~*~tactically~*~*~ (hiding).
 35682 | Spider:4 | 35682 ||| INVOKING Heroism.
 35692 | Spider:4 | Received a gift from Okawaru
 35878 | Spider:4 | Got a gossamer rune of Zot
 36013 | Spider:4 | 36013 ||| PLANNING VAULTS:1-4
 36013 | Spider:4 | 36013 ||| DROPPING +2 pair of gloves of stealth.
 36014 | Spider:4 | 36014 ||| DROPPING +2 pair of boots of rampaging.
 36015 | Spider:4 | 36015 ||| DROPPING scarf of harm.
 36016 | Spider:4 | 36016 ||| DROPPING scarf of repulsion.
 36224 | Vaults:1 | Entered Level 1 of the Vaults
 36230 | Vaults:1 | 36230 ||| INVOKING Heroism.
 36271 | Vaults:1 | 36271 ||| INVOKING Heroism.
 36327 | Vaults:1 | 36327 ||| READING 5 scrolls of teleportation.
 36331 | Vaults:1 | 36331 ||| INVOKING Heroism.
 36595 | Vaults:1 | 36595 ||| INVOKING Heroism.
 36618 | Vaults:1 | Reached skill level 18 in Fighting
 36621 | Vaults:1 | Received a gift from Okawaru
 36639 | Vaults:1 | 36639 ||| INVOKING Heroism.
 36665 | Vaults:1 | 36665 ||| Stepping ~*~*~tactically~*~*~ (hiding).
 36666 | Vaults:1 | 36666 ||| Stepping ~*~*~tactically~*~*~ (hiding).
 36676 | Vaults:1 | 36676 ||| Stepping ~*~*~tactically~*~*~ (hiding).
 36684 | Vaults:1 | 36684 ||| INVOKING Heroism.
 36741 | Vaults:1 | Received a gift from Okawaru
 36743 | Vaults:1 | 36743 ||| INVOKING Finesse.
 36761 | Vaults:1 | Reached XP level 21. HP: 141/141 MP: 23/28
 36783 | Vaults:1 | Received a gift from Okawaru
 36936 | Vaults:1 | 36936 ||| Stepping ~*~*~tactically~*~*~ (hiding).
 36938 | Vaults:1 | 36938 ||| Stepping ~*~*~tactically~*~*~ (hiding).
 36954 | Vaults:1 | Found Haiz's Book Shoppe.
 36968 | Vaults:1 | 36968 ||| Stepping ~*~*~tactically~*~*~ (hiding).
 36969 | Vaults:1 | 36969 ||| Stepping ~*~*~tactically~*~*~ (hiding).
 37016 | Vaults:1 | 37016 ||| Stepping ~*~*~tactically~*~*~ (hiding).
 37017 | Vaults:1 | 37017 ||| Stepping ~*~*~tactically~*~*~ (hiding).
 37020 | Vaults:1 | 37020 ||| Stepping ~*~*~tactically~*~*~ (hiding).
 37143 | Vaults:1 | Reached skill level 9 in Throwing
 37157 | Vaults:1 | 37157 ||| Stepping ~*~*~tactically~*~*~ (stealth).
 37159 | Vaults:1 | 37159 ||| Stepping ~*~*~tactically~*~*~ (hiding).
 37162 | Vaults:1 | 37162 ||| Stepping ~*~*~tactically~*~*~ (hiding).
 37170 | Vaults:1 | 37170 ||| INVOKING Heroism.
 37173 | Vaults:1 | Reached skill level 15 in Armour
 37242 | Vaults:1 | 37242 ||| Stepping ~*~*~tactically~*~*~ (stealth).
 37248 | Vaults:1 | Noticed Asterion
 37249 | Vaults:1 | 37249 ||| INVOKING Heroism.
 37250 | Vaults:1 | 37250 ||| INVOKING Finesse.
 37264 | Vaults:1 | Killed Asterion
 37344 | Vaults:1 | 37344 ||| INVOKING Heroism.
 37417 | Vaults:1 | 37417 ||| Stepping ~*~*~tactically~*~*~ (hiding).
 37437 | Vaults:1 | 37437 ||| Stepping ~*~*~tactically~*~*~ (stealth).
 37439 | Vaults:1 | 37439 ||| INVOKING Heroism.
 37474 | Vaults:1 | Received a gift from Okawaru
 37552 | Vaults:1 | 37552 ||| Stepping ~*~*~tactically~*~*~ (hiding).
 37607 | Vaults:1 | 37607 ||| Stepping ~*~*~tactically~*~*~ (hiding).
 38165 | Vaults:2 | 38165 ||| INVOKING Heroism.
 38166 | Vaults:2 | Noticed Bai Suzhen
 38175 | Vaults:2 | Identified the +1 pair of gloves of Love and Death {Rampage
                  | rC+} (Okawaru gifted it to you on level 2 of the Vaults)
 38175 | Vaults:2 | Received a gift from Okawaru
 38220 | Vaults:2 | Killed Bai Suzhen
 38221 | Vaults:2 | 38221 ||| Stepping ~*~*~tactically~*~*~ (cloud).
 38342 | Vaults:2 | Noticed Mennas
 38343 | Vaults:2 | 38343 ||| INVOKING Heroism.
 38344 | Vaults:2 | 38344 ||| INVOKING Finesse.
 38345 | Vaults:2 | 38345 ||| Stepping ~*~*~tactically~*~*~ (hiding).
 38421 | Vaults:2 | Killed Mennas
 38608 | Vaults:2 | 38608 ||| INVOKING Heroism.
 38609 | Vaults:2 | Noticed Saint Roka
 38638 | Vaults:2 | 38638 ||| INVOKING Heroism.
 38641 | Vaults:2 | Killed Saint Roka
 38861 | Vaults:2 | 38861 ||| INVOKING Heroism.
 38873 | Vaults:2 | Reached skill level 6 in Dodging
 38992 | Vaults:2 | 38992 ||| Stepping ~*~*~tactically~*~*~ (hiding).
 39146 | Vaults:2 | 39146 ||| Stepping ~*~*~tactically~*~*~ (hiding).
 39155 | Vaults:2 | 39155 ||| Stepping ~*~*~tactically~*~*~ (hiding).
 39164 | Vaults:2 | 39164 ||| Stepping ~*~*~tactically~*~*~ (hiding).
 39237 | Vaults:2 | 39237 ||| Stepping ~*~*~tactically~*~*~ (hiding).
 39273 | Vaults:2 | 39273 ||| Stepping ~*~*~tactically~*~*~ (stealth).
 39287 | Vaults:2 | 39287 ||| Stepping ~*~*~tactically~*~*~ (hiding).
 39297 | Vaults:2 | 39297 ||| UPGRADING to +1 pair of gloves of Love and Death
                  | {Rampage rC+}.
 39306 | Vaults:2 | 39306 ||| INVOKING Heroism.
 39307 | Vaults:2 | 39307 ||| Stepping ~*~*~tactically~*~*~ (hiding).
 39356 | Vaults:2 | 39356 ||| UPGRADING to +1 pair of gloves of Love and Death
                  | {Rampage rC+}.
 39361 | Vaults:2 | 39361 ||| UPGRADING to +2 pair of gloves.
 39374 | Vaults:2 | 39374 ||| UPGRADING to +1 pair of gloves of Love and Death
                  | {Rampage rC+}.
 39384 | Vaults:2 | 39384 ||| UPGRADING to +2 cloak of poison resistance.
 39404 | Vaults:2 | 39404 ||| READING 4 scrolls of teleportation.
 39423 | Vaults:2 | 39423 ||| Stepping ~*~*~tactically~*~*~ (hiding).
 39433 | Vaults:2 | 39433 ||| Stepping ~*~*~tactically~*~*~ (stealth).
 39437 | Vaults:2 | 39437 ||| INVOKING Heroism.
 39543 | Vaults:2 | Noticed Donald
 39543 | Vaults:2 | 39543 ||| INVOKING Heroism.
 39544 | Vaults:2 | 39544 ||| Stepping ~*~*~tactically~*~*~ (hiding).
 39545 | Vaults:2 | 39545 ||| Stepping ~*~*~tactically~*~*~ (hiding).
 39569 | Vaults:2 | Identified the +5 mace "Zonwos" {chaos, rElec rF+ Dex+4}
                  | (Okawaru gifted it to you on level 2 of the Vaults)
 39569 | Vaults:2 | Received a gift from Okawaru
 39573 | Vaults:2 | Killed Donald
 39868 | Vaults:2 | Found Geen's Assorted Antiques.
 39875 | Vaults:2 | 39875 ||| BUYING 2 potions of curing (282 gold).
 39875 | Vaults:2 | Bought 2 potions of curing for 282 gold pieces
 39924 | Vaults:2 | Noticed Xtahua
 39925 | Vaults:2 | 39925 ||| Stepping ~*~*~tactically~*~*~ (hiding).
 39927 | Vaults:2 | 39927 ||| Stepping ~*~*~tactically~*~*~ (hiding).
 39931 | Vaults:2 | 39931 ||| DRINKING 3 potions of resistance.
 39944 | Vaults:2 | Killed Xtahua
 40063 | Vaults:2 | 40063 ||| Stepping ~*~*~tactically~*~*~ (stealth).
 40064 | Vaults:2 | 40064 ||| Stepping ~*~*~tactically~*~*~ (stealth).
 40183 | Vaults:3 | 40183 ||| INVOKING Heroism.
 40436 | Vaults:3 | 40436 ||| INVOKING Heroism.
 40443 | Vaults:3 | Reached XP level 22. HP: 123/149 MP: 27/29
 40513 | Vaults:3 | 40513 ||| INVOKING Heroism.
 40559 | Vaults:3 | 40559 ||| READING 4 scrolls of teleportation.
 40623 | Vaults:3 | Found a staircase to the Crypt.
 40625 | Vaults:3 | 40625 ||| INVOKING Heroism.
 40856 | Vaults:3 | 40856 ||| READING 3 scrolls of teleportation.
 40893 | Vaults:3 | 40893 ||| INVOKING Heroism.
 41011 | Vaults:3 | 41011 ||| Stepping ~*~*~tactically~*~*~ (hiding).
 41085 | Vaults:3 | Received a gift from Okawaru
 41247 | Vaults:3 | 41247 ||| Stepping ~*~*~tactically~*~*~ (stealth).
 41334 | Vaults:3 | 41334 ||| INVOKING Heroism.
 41336 | Vaults:3 | 41336 ||| Stepping ~*~*~tactically~*~*~ (stealth).
 41342 | Vaults:3 | 41342 ||| Stepping ~*~*~tactically~*~*~ (hiding).
 41360 | Vaults:3 | Received a gift from Okawaru
 41383 | Vaults:3 | 41383 ||| Stepping ~*~*~tactically~*~*~ (stealth).
 41384 | Vaults:3 | 41384 ||| Stepping ~*~*~tactically~*~*~ (stealth).
 41385 | Vaults:3 | 41385 ||| Stepping ~*~*~tactically~*~*~ (hiding).
 41415 | Vaults:3 | 41415 ||| Stepping ~*~*~tactically~*~*~ (hiding).
 41418 | Vaults:3 | 41418 ||| INVOKING Heroism.
 41437 | Vaults:3 | 41437 ||| Stepping ~*~*~tactically~*~*~ (hiding).
 41439 | Vaults:3 | 41439 ||| Stepping ~*~*~tactically~*~*~ (hiding).
 41577 | Vaults:3 | 41577 ||| INVOKING Heroism.
 41578 | Vaults:3 | 41578 ||| Stepping ~*~*~tactically~*~*~ (hiding).
 41579 | Vaults:3 | 41579 ||| Stepping ~*~*~tactically~*~*~ (hiding).
 41847 | Vaults:3 | 41847 ||| READING 2 scrolls of teleportation.
 41979 | Vaults:3 | Received a gift from Okawaru
 41989 | Vaults:3 | 41989 ||| DROPPING +1 war axe of venom.
 42138 | Vaults:4 | Paralysed by a sphinx for 2 turns
 42149 | Vaults:4 | 42149 ||| Stepping ~*~*~tactically~*~*~ (hiding).
 42183 | Vaults:4 | 42183 ||| Stepping ~*~*~tactically~*~*~ (hiding).
 42185 | Vaults:4 | 42185 ||| INVOKING Heroism.
 42210 | Vaults:4 | 42210 ||| INVOKING Heroism.
 42237 | Vaults:4 | 42237 ||| Stepping ~*~*~tactically~*~*~ (hiding).
 42242 | Vaults:4 | 42242 ||| Stepping ~*~*~tactically~*~*~ (hiding).
 42367 | Vaults:4 | 42367 ||| Stepping ~*~*~tactically~*~*~ (stealth).
 42369 | Vaults:4 | 42369 ||| INVOKING Heroism.
 42469 | Vaults:4 | 42469 ||| Stepping ~*~*~tactically~*~*~ (hiding).
 42498 | Vaults:4 | 42498 ||| INVOKING Heroism.
 42754 | Vaults:4 | Reached skill level 18 in Armour
 42799 | Vaults:4 | Found a transporter.
 42809 | Vaults:4 | Found a transporter.
 42809 | Vaults:4 | Found the +9 sword of Zonguldrok {reap}
 42950 | Vaults:4 | 42950 ||| INVOKING Heroism.
 42969 | Vaults:4 | Reached skill level 21 in Shields
 43069 | Vaults:4 | 43069 ||| Stepping ~*~*~tactically~*~*~ (stealth).
 43077 | Vaults:4 | 43077 ||| INVOKING Heroism.
 43078 | Vaults:4 | 43078 ||| INVOKING Finesse.
 43107 | Vaults:4 | Received a gift from Okawaru
 43259 | Vaults:4 | Found Ecah's Distillery.
 43264 | Vaults:4 | 43264 ||| BUYING 2 potions of heal wounds (130 gold).
 43264 | Vaults:4 | Bought 2 potions of heal wounds for 130 gold pieces
 43264 | Vaults:4 | 43264 ||| BUYING potion of attraction (39 gold).
 43264 | Vaults:4 | Bought a potion of attraction for 39 gold pieces
 43264 | Vaults:4 | 43264 ||| BUYING potion of curing (39 gold).
 43264 | Vaults:4 | Bought a potion of curing for 39 gold pieces
 43264 | Vaults:4 | 43264 ||| BUYING potion of haste (130 gold).
 43264 | Vaults:4 | Bought a potion of haste for 130 gold pieces
 43264 | Vaults:4 | 43264 ||| BUYING potion of haste (130 gold).
 43264 | Vaults:4 | Bought a potion of haste for 130 gold pieces
 43264 | Vaults:4 | 43264 ||| BUYING potion of heal wounds (65 gold).
 43264 | Vaults:4 | Bought a potion of heal wounds for 65 gold pieces
 43264 | Vaults:4 | 43264 ||| BUYING potion of magic (104 gold).
 43264 | Vaults:4 | Bought a potion of magic for 104 gold pieces
 43264 | Vaults:4 | 43264 ||| BUYING potion of might (52 gold).
 43264 | Vaults:4 | Bought a potion of might for 52 gold pieces
 43264 | Vaults:4 | 43264 ||| BUYING potion of might (52 gold).
 43264 | Vaults:4 | Bought a potion of might for 52 gold pieces
 43318 | Vaults:4 | 43318 ||| Stepping ~*~*~tactically~*~*~ (hiding).
 43454 | Vaults:4 | 43454 ||| DROPPING ring of fire.
 43485 | Vaults:5 | Entered Level 5 of the Vaults
 43486 | Vaults:5 | 43486 ||| INVOKING Heroism.
 43487 | Vaults:5 | 43487 ||| STAIRDANCE
 43501 | Vaults:4 | Received a gift from Okawaru
 43504 | Vaults:5 | 43504 ||| STAIRDANCE
 43534 | Vaults:5 | Reached skill level 21 in Fighting
 43534 | Vaults:5 | Identified the +3 plate armour of Kudo {rF+ rC++ MP-9
                  | Stlth+} (Okawaru gifted it to you on level 5 of the Vaults)
 43534 | Vaults:5 | Received a gift from Okawaru
 43535 | Vaults:5 | 43535 ||| INVOKING Finesse.
 43544 | Vaults:5 | 43544 ||| STAIRDANCE
 43546 | Vaults:4 | 43546 ||| INVOKING Heroism.
 43550 | Vaults:4 | Reached XP level 23. HP: 160/160 MP: 23/30
 43562 | Vaults:5 | 43562 ||| STAIRDANCE
 43575 | Vaults:5 | 43575 ||| STAIRDANCE
 43577 | Vaults:4 | 43577 ||| INVOKING Heroism.
 43603 | Vaults:5 | 43603 ||| STAIRDANCE
 43622 | Vaults:5 | 43622 ||| STAIRDANCE
 43638 | Vaults:5 | 43638 ||| STAIRDANCE
 43670 | Vaults:5 | 43670 ||| STAIRDANCE
 43700 | Vaults:5 | 43700 ||| STAIRDANCE
 43702 | Vaults:4 | 43702 ||| INVOKING Heroism.
 43739 | Vaults:5 | 43739 ||| INVOKING Heroism.
 43768 | Vaults:5 | 43768 ||| INVOKING Finesse.
 43800 | Vaults:5 | Reached skill level 12 in Throwing
 43826 | Vaults:5 | Identified the +7 hand axe "Vubbelor" {vorpal, rF+ rCorr
                  | Str-4}
 43827 | Vaults:5 | 43827 ||| Stepping ~*~*~tactically~*~*~ (stealth).
 43854 | Vaults:5 | 43854 ||| INVOKING Heroism.
 43859 | Vaults:5 | 43859 ||| INVOKING Finesse.
 43896 | Vaults:5 | 43896 ||| Stepping ~*~*~tactically~*~*~ (stealth).
 43903 | Vaults:5 | 43903 ||| INVOKING Heroism.
 43927 | Vaults:5 | Received a gift from Okawaru
 43957 | Vaults:5 | 43957 ||| Stepping ~*~*~tactically~*~*~ (hiding).
 43959 | Vaults:5 | 43959 ||| Stepping ~*~*~tactically~*~*~ (hiding).
 43994 | Vaults:5 | Noticed an ancient lich
 43995 | Vaults:5 | 43995 ||| Stepping ~*~*~tactically~*~*~ (hiding).
 43996 | Vaults:5 | 43996 ||| INVOKING Heroism.
 43997 | Vaults:5 | 43997 ||| INVOKING Finesse.
 44013 | Vaults:5 | 44013 ||| Stepping ~*~*~tactically~*~*~ (stealth).
 44025 | Vaults:5 | Killed an ancient lich
 44031 | Vaults:5 | 44031 ||| Stepping ~*~*~tactically~*~*~ (hiding).
 44035 | Vaults:5 | 44035 ||| Stepping ~*~*~tactically~*~*~ (stealth).
 44036 | Vaults:5 | 44036 ||| Stepping ~*~*~tactically~*~*~ (hiding).
 44037 | Vaults:5 | 44037 ||| Stepping ~*~*~tactically~*~*~ (hiding).
 44040 | Vaults:5 | 44040 ||| INVOKING Heroism.
 44078 | Vaults:5 | 44078 ||| Stepping ~*~*~tactically~*~*~ (hiding).
 44148 | Vaults:5 | 44148 ||| Stepping ~*~*~tactically~*~*~ (stealth).
 44149 | Vaults:5 | 44149 ||| Stepping ~*~*~tactically~*~*~ (stealth).
 44168 | Vaults:5 | Identified the +2 pair of gloves of Perpetual Drought
                  | {Rampage rN+ Will+}
 44171 | Vaults:5 | Got a silver rune of Zot
 44172 | Vaults:5 | 44172 ||| Stepping ~*~*~tactically~*~*~ (stealth).
 44183 | Vaults:5 | 44183 ||| Stepping ~*~*~tactically~*~*~ (hiding).
 44203 | Vaults:5 | 44203 ||| READING scroll of enchant weapon.
 44203 | Vaults:5 | 44203 ||| ENCHANTING +7 vampiric war axe.
 44205 | Vaults:5 | Identified the +8 flail "Tohagorch" {drain, rPois Str+2}
 44206 | Vaults:5 | 44206 ||| Stepping ~*~*~tactically~*~*~ (stealth).
 44207 | Vaults:5 | 44207 ||| Stepping ~*~*~tactically~*~*~ (stealth).
 44234 | Vaults:5 | 44234 ||| INVOKING Heroism.
 44235 | Vaults:5 | 44235 ||| INVOKING Finesse.
 44297 | Vaults:5 | 44297 ||| Stepping ~*~*~tactically~*~*~ (stealth).
 44300 | Vaults:5 | 44300 ||| Stepping ~*~*~tactically~*~*~ (stealth).
 44322 | Vaults:5 | Identified the +6 shortbow of Tuateg {speed, rElec}
 44342 | Vaults:5 | 44342 ||| INVOKING Heroism.
 44343 | Vaults:5 | 44343 ||| INVOKING Finesse.
 44348 | Vaults:5 | Received a gift from Okawaru
 44458 | Vaults:5 | 44458 ||| Stepping ~*~*~tactically~*~*~ (stealth).
 44462 | Vaults:5 | 44462 ||| Stepping ~*~*~tactically~*~*~ (hiding).
 44478 | Vaults:5 | 44478 ||| INVOKING Heroism.
 44478 | Vaults:5 | Identified the +2 scale mail of Qentulosm {rCorr}
 44478 | Vaults:5 | Received a gift from Okawaru
 44479 | Vaults:5 | 44479 ||| INVOKING Finesse.
 44512 | Vaults:5 | 44512 ||| Stepping ~*~*~tactically~*~*~ (stealth).
 44536 | Vaults:5 | 44536 ||| Stepping ~*~*~tactically~*~*~ (stealth).
 44548 | Vaults:5 | 44548 ||| Stepping randomly (disturbance).
 44567 | Vaults:5 | 44567 ||| INVOKING Heroism.
 44722 | Vaults:5 | Found Roecun's Armour Shoppe.
 44866 | Vaults:5 | 44866 ||| READING scroll of acquirement.
 44866 | Vaults:5 | 44866 ||| ACQUIRING +0 cloak of Fanaticism {-Tele rC+ Str+2
                  | Stlth+}
 44866 | Vaults:5 | Acquired the +0 cloak of Fanaticism {-Tele rC+ Str+2
                  | Stlth+}
 44868 | Vaults:5 | 44868 ||| DROPPING +2 pair of gloves.
 44889 | Vaults:5 | 44889 ||| INVOKING Heroism.
 44903 | Vaults:5 | Received a gift from Okawaru
 45085 | Vaults:5 | 45085 ||| FLEEEEING.
 45086 | Vaults:5 | 45086 ||| FLEEEEING.
 45087 | Vaults:5 | 45087 ||| FLEEEEING.
 45100 | Vaults:5 | 45100 ||| Stepping ~*~*~tactically~*~*~ (hiding).
 45101 | Vaults:5 | 45101 ||| Stepping ~*~*~tactically~*~*~ (hiding).
 45338 | Vaults:5 | 45338 ||| Stepping ~*~*~tactically~*~*~ (stealth).
 45360 | Vaults:5 | 45360 ||| DROPPING +0 acid dragon scales.
 45361 | Vaults:5 | 45361 ||| DROPPING +4 chain mail of cold resistance.
 45362 | Vaults:5 | 45362 ||| UPGRADING to +2 pair of gloves of Perpetual
                  | Drought {Rampage rN+ Will+}.
 45372 | Vaults:5 | 45372 ||| UPGRADING to +2 helmet of see invisible.
 45485 | Vaults:4 | 45485 ||| PLANNING SHOALS:4
 45485 | Vaults:4 | 45485 ||| UPGRADING to +3 plate armour of Kudo {rF+ rC++
                  | MP-9 Stlth+}.
 45835 | Shoals:4 | Entered Level 4 of the Shoals
 45836 | Shoals:4 | 45836 ||| INVOKING Heroism.
 45885 | Shoals:4 | 45885 ||| STAIRDANCE
 45921 | Shoals:4 | 45921 ||| INVOKING Heroism.
 45972 | Shoals:4 | 45972 ||| INVOKING Heroism.
 46032 | Shoals:4 | 46032 ||| INVOKING Heroism.
 46055 | Shoals:4 | 46055 ||| Stepping ~*~*~tactically~*~*~ (hiding).
 46068 | Shoals:4 | 46068 ||| INVOKING Heroism.
 46136 | Shoals:4 | 46136 ||| INVOKING Finesse.
 46137 | Shoals:4 | 46137 ||| INVOKING Heroism.
 46161 | Shoals:4 | Reached XP level 24. HP: 168/168 MP: 15/30
 46212 | Shoals:4 | 46212 ||| Stepping ~*~*~tactically~*~*~ (hiding).
 46229 | Shoals:4 | Got a barnacled rune of Zot
 46317 | Shoals:4 | Identified the +4 hand axe of Debt {distort, Will+}
 46333 | Shoals:4 | 46333 ||| Stepping ~*~*~tactically~*~*~ (stealth).
 46335 | Shoals:4 | 46335 ||| INVOKING Heroism.
 46384 | Shoals:4 | 46384 ||| INVOKING Heroism.
 46402 | Shoals:4 | Identified the +4 trident "Ygutz" {flame, *Corrode Str-2
                  | Dex+8 SInv}
 46460 | Shoals:4 | 46460 ||| INVOKING Heroism.
 46499 | Shoals:4 | Found a radiant altar of Vehumet.
 46612 | Shoals:4 | Identified the +1 hand axe of Ornamental Valiance {vorpal,
                  | rElec rF+ rN+ Str+2} (Okawaru gifted it to you on level 4
                  | of the Shoals)
 46612 | Shoals:4 | Received a gift from Okawaru
 46632 | Shoals:4 | 46632 ||| INVOKING Heroism.
 46639 | Shoals:4 | 46639 ||| Stepping ~*~*~tactically~*~*~ (hiding).
 46647 | Shoals:4 | 46647 ||| Stepping ~*~*~tactically~*~*~ (hiding).
 46966 | Shoals:4 | 46966 ||| Stepping ~*~*~tactically~*~*~ (hiding).
 46969 | Shoals:4 | 46969 ||| Stepping ~*~*~tactically~*~*~ (stealth).
 46977 | Shoals:4 | 46977 ||| INVOKING Heroism.
 47072 | Shoals:4 | 47072 ||| PLANNING DEPTHS
 47072 | Shoals:4 | 47072 ||| DROPPING +1 pair of gloves of infusion.
 47287 | Depths:1 | Entered Level 1 of the Depths
 47288 | Depths:1 | 47288 ||| PLANNING WIZLAB
 47288 | Depths:1 | 47288 ||| INVOKING Heroism.
 47623 | Depths:1 | 47623 ||| Stepping ~*~*~tactically~*~*~ (stealth).
 47625 | Depths:1 | 47625 ||| Stepping ~*~*~tactically~*~*~ (hiding).
 47640 | Depths:1 | 47640 ||| INVOKING Heroism.
 47645 | Depths:1 | 47645 ||| Stepping ~*~*~tactically~*~*~ (hiding).
 47679 | Depths:1 | Found a magical portal.
 47693 | WizLab   | Entered Cigotuvi's Fleshworks
 47775 | WizLab   | 47775 ||| Stepping ~*~*~tactically~*~*~ (cloud).
 47845 | WizLab   | 47845 ||| Stepping ~*~*~tactically~*~*~ (stealth).
 47872 | WizLab   | Reached skill level 21 in Armour
 47915 | WizLab   | 47915 ||| INVOKING Heroism.
 47918 | WizLab   | Paralysed by a floating eye for 3 turns
 47924 | WizLab   | Paralysed by a floating eye for 2 turns
 47932 | WizLab   | Paralysed by a floating eye for 4 turns
 47947 | WizLab   | Paralysed by a floating eye for 3 turns
 47953 | WizLab   | Paralysed by a floating eye for 2 turns
 47978 | WizLab   | 47978 ||| INVOKING Heroism.
 47980 | WizLab   | Paralysed by a floating eye for 2 turns
 47989 | WizLab   | Paralysed by a floating eye for 4 turns
 47999 | WizLab   | Paralysed by a floating eye for 2 turns
 48008 | WizLab   | Paralysed by a floating eye for 3 turns
 48014 | WizLab   | Paralysed by a floating eye for 3 turns
 48035 | WizLab   | Identified the amulet of the Catamount {RegenMP Rampage
                  | rElec rN+ Stlth-}
 48087 | WizLab   | 48087 ||| Stepping ~*~*~tactically~*~*~ (stealth).
 48089 | WizLab   | 48089 ||| INVOKING Heroism.
 48255 | WizLab   | 48255 ||| INVOKING Heroism.
 48408 | WizLab   | 48408 ||| Stepping ~*~*~tactically~*~*~ (hiding).
 48572 | WizLab   | 48572 ||| DROPPING amulet of the Catamount {RegenMP Rampage
                  | rElec rN+ Stlth-}.
 48573 | WizLab   | 48573 ||| READING 5 scrolls of teleportation.
 48625 | WizLab   | 48625 ||| Stepping ~*~*~tactically~*~*~ (cloud).
 48637 | Depths:1 | 48637 ||| PLANNING DEPTHS
 48690 | Depths:1 | 48690 ||| Stepping ~*~*~tactically~*~*~ (hiding).
 48693 | Depths:1 | 48693 ||| Stepping ~*~*~tactically~*~*~ (hiding).
 48696 | Depths:1 | 48696 ||| INVOKING Heroism.
 48697 | Depths:1 | 48697 ||| INVOKING Finesse.
 48751 | Depths:1 | 48751 ||| Stepping ~*~*~tactically~*~*~ (stealth).
 48805 | Depths:1 | 48805 ||| Stepping ~*~*~tactically~*~*~ (stealth).
 48809 | Depths:1 | 48809 ||| Stepping ~*~*~tactically~*~*~ (hiding).
 48813 | Depths:1 | 48813 ||| Stepping ~*~*~tactically~*~*~ (hiding).
 48872 | Depths:1 | You are sucked into a shaft and drop 1 floor!
 48889 | Depths:2 | 48889 ||| Stepping ~*~*~tactically~*~*~ (stealth).
 48892 | Depths:2 | 48892 ||| INVOKING Heroism.
 48927 | Depths:2 | 48927 ||| Stepping ~*~*~tactically~*~*~ (hiding).
 48995 | Depths:2 | 48995 ||| Stepping ~*~*~tactically~*~*~ (hiding).
 49107 | Depths:2 | Found a gateway to Hell.
 49238 | Depths:2 | 49238 ||| READING 4 scrolls of teleportation.
 49244 | Depths:2 | Received a gift from Okawaru
 49441 | Depths:2 | Noticed Sojobo
 49442 | Depths:2 | 49442 ||| INVOKING Heroism.
 49443 | Depths:2 | 49443 ||| INVOKING Finesse.
 49471 | Depths:2 | Killed Sojobo
 49473 | Depths:2 | Received a gift from Okawaru
 49491 | Depths:2 | 49491 ||| INVOKING Heroism.
 49564 | Depths:2 | 49564 ||| DROPPING +0 war axe of flaming.
 49567 | Depths:2 | 49567 ||| DROPPING +1 war axe of freezing.
 49577 | Depths:2 | 49577 ||| Stepping ~*~*~tactically~*~*~ (hiding).
 49579 | Depths:2 | 49579 ||| INVOKING Heroism.
 49610 | Depths:2 | 49610 ||| Stepping ~*~*~tactically~*~*~ (stealth).
 49612 | Depths:2 | 49612 ||| Stepping ~*~*~tactically~*~*~ (stealth).
 49704 | Depths:2 | Identified the +8 bardiche "Xifeowum" {speed, +Blink rElec
                  | rF- Will+++}
 49834 | Depths:2 | 49834 ||| DROPPING amulet of guardian spirit.
 49887 | Depths:1 | 49887 ||| INVOKING Heroism.
 49910 | Depths:1 | Found a runed translucent door.
 49931 | Depths:1 | Paralysed by a floating eye for 4 turns
 50079 | Depths:1 | 50079 ||| INVOKING Heroism.
 50080 | Depths:1 | 50080 ||| Stepping ~*~*~tactically~*~*~ (hiding).
 50081 | Depths:1 | 50081 ||| Stepping ~*~*~tactically~*~*~ (hiding).
 50199 | Depths:1 | Found a one-way gateway to a ziggurat.
 50266 | Depths:1 | 50266 ||| Stepping ~*~*~tactically~*~*~ (hiding).
 50494 | Depths:1 | 50494 ||| INVOKING Heroism.
 50506 | Depths:1 | Received a gift from Okawaru
 50550 | Depths:1 | 50550 ||| DROPPING +0 pair of boots of stealth.
 50698 | Depths:2 | 50698 ||| Stepping ~*~*~tactically~*~*~ (hiding).
 50851 | Depths:2 | Found a one-way gate leading to the halls of Pandemonium.
 51364 | Depths:3 | 51364 ||| INVOKING Heroism.
 51495 | Depths:3 | 51495 ||| INVOKING Heroism.
 51514 | Depths:3 | Reached XP level 25. HP: 176/176 MP: 21/30
 51542 | Depths:3 | 51542 ||| Stepping ~*~*~tactically~*~*~ (hiding).
 51556 | Depths:3 | 51556 ||| INVOKING Heroism.
 51565 | Depths:3 | 51565 ||| INVOKING Finesse.
 51762 | Depths:3 | 51762 ||| Stepping ~*~*~tactically~*~*~ (hiding).
 52011 | Depths:3 | 52011 ||| INVOKING Heroism.
 52133 | Depths:3 | 52133 ||| INVOKING Heroism.
 52281 | Depths:3 | 52281 ||| INVOKING Heroism.
 52315 | Depths:3 | 52315 ||| INVOKING Heroism.
 52685 | Depths:3 | 52685 ||| DROPPING +1 pair of boots.
 52686 | Depths:3 | 52686 ||| DROPPING +2 cloak of preservation.
 52690 | Depths:4 | Entered Level 4 of the Depths
 52691 | Depths:4 | 52691 ||| STAIRDANCE
 52795 | Depths:4 | 52795 ||| STAIRDANCE
 52806 | Depths:4 | 52806 ||| STAIRDANCE
 52832 | Depths:4 | 52832 ||| STAIRDANCE
 52858 | Depths:4 | 52858 ||| INVOKING Heroism.
 52934 | Depths:4 | 52934 ||| INVOKING Heroism.
 52988 | Depths:4 | Reached skill level 24 in Fighting
 53014 | Depths:4 | 53014 ||| INVOKING Heroism.
 53041 | Depths:4 | 53041 ||| INVOKING Heroism.
 53043 | Depths:4 | Received a gift from Okawaru
 53087 | Depths:4 | 53087 ||| Stepping ~*~*~tactically~*~*~ (hiding).
 53090 | Depths:4 | 53090 ||| INVOKING Heroism.
 53118 | Depths:4 | 53118 ||| Stepping ~*~*~tactically~*~*~ (stealth).
 53120 | Depths:4 | 53120 ||| Stepping ~*~*~tactically~*~*~ (hiding).
 53145 | Depths:4 | 53145 ||| INVOKING Heroism.
 53188 | Depths:4 | 53188 ||| Stepping ~*~*~tactically~*~*~ (stealth).
 53263 | Depths:4 | 53263 ||| Stepping ~*~*~tactically~*~*~ (stealth).
 53265 | Depths:4 | 53265 ||| Stepping ~*~*~tactically~*~*~ (hiding).
 53266 | Depths:4 | 53266 ||| Stepping ~*~*~tactically~*~*~ (hiding).
 53271 | Depths:4 | 53271 ||| INVOKING Heroism.
 53388 | Depths:4 | 53388 ||| Stepping randomly (cloudy).
 53389 | Depths:4 | 53389 ||| Stepping randomly (cloudy).
 53418 | Depths:4 | 53418 ||| Stepping ~*~*~tactically~*~*~ (stealth).
 53529 | Depths:4 | Found Onkeuq's Weapon Shop.
 53708 | Depths:4 | Found a gate to the Realm of Zot.
 53853 | Depths:4 | 53853 ||| PLANNING SHOPPING SPREE
 54098 | D:6      | 54098 ||| BUYING scroll of teleportation (45 gold).
 54098 | D:6      | Bought a scroll of teleportation for 45 gold pieces
 54167 | D:9      | 54167 ||| BUYING +2 cloak of the Evening Star {Str+4
                  | Stlth+} (457 gold).
 54167 | D:9      | Bought the +2 cloak of the Evening Star {Str+4 Stlth+} for
                  | 457 gold pieces
 54167 | D:9      | 54167 ||| UPGRADING to +2 cloak of the Evening Star {Str+4
                  | Stlth+}.
 54177 | D:9      | 54177 ||| DROPPING +2 cloak of poison resistance.
 54178 | D:9      | 54178 ||| PLANNING ZOT:1-4
 54402 | Zot:1    | Entered Level 1 of the Realm of Zot
 54407 | Zot:1    | 54407 ||| INVOKING Heroism.
 54489 | Zot:1    | 54489 ||| Stepping ~*~*~tactically~*~*~ (hiding).
 54517 | Zot:1    | 54517 ||| INVOKING Heroism.
 54520 | Zot:1    | 54520 ||| Stepping ~*~*~tactically~*~*~ (hiding).
 54527 | Zot:1    | 54527 ||| Stepping ~*~*~tactically~*~*~ (hiding).
 54548 | Zot:1    | 54548 ||| Stepping ~*~*~tactically~*~*~ (hiding).
 54604 | Zot:1    | 54604 ||| Stepping ~*~*~tactically~*~*~ (hiding).
 54613 | Zot:1    | 54613 ||| Stepping ~*~*~tactically~*~*~ (hiding).
 54618 | Zot:1    | 54618 ||| Stepping ~*~*~tactically~*~*~ (hiding).
 54619 | Zot:1    | 54619 ||| Stepping ~*~*~tactically~*~*~ (hiding).
 54821 | Zot:1    | 54821 ||| Stepping ~*~*~tactically~*~*~ (cloud).
 54878 | Zot:1    | Noticed an orb of fire
 54879 | Zot:1    | 54879 ||| DRINKING 3 potions of resistance.
 54880 | Zot:1    | 54880 ||| INVOKING Heroism.
 54881 | Zot:1    | 54881 ||| INVOKING Finesse.
 54896 | Zot:1    | Gained mutation: You occasionally lose the ability to read
                  | scrolls when taking damage. [an orb of fire]
 54902 | Zot:1    | Killed an orb of fire
 54996 | Zot:1    | 54996 ||| INVOKING Heroism.
 55008 | Zot:1    | Received a gift from Okawaru
 55061 | Zot:1    | 55061 ||| INVOKING Heroism.
 55073 | Zot:1    | 55073 ||| DRINKING 23 potions of mutation.
 55073 | Zot:1    | Lost mutation: You occasionally lose the ability to read
                  | scrolls when taking damage. [potion of mutation]
 55073 | Zot:1    | Lost mutation: You are weak. (Str -2) [potion of mutation]
 55073 | Zot:1    | Lost mutation: Your body sometimes deteriorates upon taking
                  | damage. [potion of mutation]
 55073 | Zot:1    | Gained mutation: Potions are less effective at restoring
                  | your health. [potion of mutation]
 55073 | Zot:1    | Gained mutation: You are agile. (Dex +4, Str/Int -1)
                  | [potion of mutation]
 55073 | Zot:1    | Gained mutation: Your muscles are strong. (Str +4, Int/Dex
                  | -1) [potion of mutation]
 55074 | Zot:1    | 55074 ||| DRINKING 22 potions of mutation.
 55074 | Zot:1    | Lost mutation: Potions are less effective at restoring your
                  | health. [potion of mutation]
 55074 | Zot:1    | Lost mutation: You are agile. (Dex +4, Str/Int -1) [potion
                  | of mutation]
 55074 | Zot:1    | Gained mutation: You are robust. (+10% HP) [potion of
                  | mutation]
 55074 | Zot:1    | Gained mutation: You have supernaturally acute eyesight.
                  | (SInv) [potion of mutation]
 55074 | Zot:1    | Gained mutation: You have a pair of small horns on your
                  | head. [potion of mutation]
 55074 | Zot:1    | Gained mutation: Your spells are a little harder to cast,
                  | but a little more powerful. [potion of mutation]
 55293 | Zot:1    | 55293 ||| DROPPING +1 helmet of Zyenoid {rCorr Str+6
                  | Stlth-}.
 55294 | Zot:1    | 55294 ||| DROPPING +2 helmet of see invisible.
 55295 | Zot:1    | 55295 ||| READING 7 scrolls of teleportation.
 55518 | Zot:1    | 55518 ||| READING scroll of enchant weapon.
 55518 | Zot:1    | 55518 ||| ENCHANTING +8 vampiric war axe.
 55558 | Zot:1    | 55558 ||| INVOKING Heroism.
 55619 | Zot:1    | 55619 ||| READING scroll of acquirement.
 55619 | Zot:1    | 55619 ||| ACQUIRING +2 pair of boots of the Circus Animal
                  | {rC+ Dex+3}
 55619 | Zot:1    | Acquired the +2 pair of boots of the Circus Animal {rC+
                  | Dex+3}
 55621 | Zot:1    | 55621 ||| UPGRADING to +2 pair of boots of the Circus
                  | Animal {rC+ Dex+3}.
 55631 | Zot:1    | 55631 ||| DROPPING +2 pair of boots of flying.
 55632 | Zot:1    | 55632 ||| UPGRADING to +8 chain mail "Miynwe" {rF+ Will+}.
 55681 | Zot:1    | 55681 ||| INVOKING Heroism.
 55703 | Zot:1    | Received a gift from Okawaru
 55715 | Zot:1    | Reached XP level 26. HP: 191/206 MP: 30/30
 55729 | Zot:1    | 55729 ||| INVOKING Heroism.
 55747 | Zot:1    | Reached skill level 9 in Dodging
 55759 | Zot:1    | Received a gift from Okawaru
 56010 | Zot:1    | 56010 ||| Stepping ~*~*~tactically~*~*~ (hiding).
 56013 | Zot:1    | 56013 ||| INVOKING Heroism.
 56023 | Zot:1    | 56023 ||| Stepping ~*~*~tactically~*~*~ (hiding).
 56063 | Zot:1    | 56063 ||| DROPPING +2 pair of gloves.
 56064 | Zot:1    | 56064 ||| DROPPING +1 plate armour of willpower.
 56084 | Zot:1    | 56084 ||| Stepping ~*~*~tactically~*~*~ (stealth).
 56136 | Zot:1    | 56136 ||| INVOKING Heroism.
 56147 | Zot:1    | 56147 ||| DROPPING +1 cloak.
 56203 | Zot:1    | 56203 ||| INVOKING Heroism.
 56292 | Zot:2    | 56292 ||| INVOKING Heroism.
 56336 | Zot:2    | 56336 ||| Stepping ~*~*~tactically~*~*~ (stealth).
 56337 | Zot:2    | 56337 ||| Stepping ~*~*~tactically~*~*~ (stealth).
 56362 | Zot:2    | 56362 ||| Stepping ~*~*~tactically~*~*~ (stealth).
 56395 | Zot:2    | Identified the +5 scimitar of Ges Ceixt {freeze, *Noise rF+
                  | Dex+7 SInv}
 56397 | Zot:2    | 56397 ||| Stepping ~*~*~tactically~*~*~ (hiding).
 56402 | Zot:2    | 56402 ||| INVOKING Heroism.
 56604 | Zot:2    | 56604 ||| INVOKING Heroism.
 56640 | Zot:2    | 56640 ||| INVOKING Heroism.
 56686 | Zot:2    | 56686 ||| Stepping ~*~*~tactically~*~*~ (hiding).
 56687 | Zot:2    | 56687 ||| Stepping ~*~*~tactically~*~*~ (hiding).
 56688 | Zot:2    | 56688 ||| Stepping ~*~*~tactically~*~*~ (hiding).
 56730 | Zot:2    | 56730 ||| Stepping ~*~*~tactically~*~*~ (stealth).
 56735 | Zot:2    | 56735 ||| INVOKING Heroism.
 56742 | Zot:2    | Reached skill level 15 in Throwing
 56765 | Zot:2    | Received a gift from Okawaru
 57030 | Zot:2    | Noticed an orb of fire
 57031 | Zot:2    | 57031 ||| DRINKING 2 potions of resistance.
 57032 | Zot:2    | 57032 ||| INVOKING Heroism.
 57033 | Zot:2    | 57033 ||| INVOKING Finesse.
 57045 | Zot:2    | Gained mutation: You have hidden genetic defects. [an orb
                  | of fire]
 57058 | Zot:2    | Killed an orb of fire
 57395 | Zot:2    | 57395 ||| INVOKING Heroism.
 57420 | Zot:2    | Received a gift from Okawaru
 57557 | Zot:3    | 57557 ||| INVOKING Heroism.
 57599 | Zot:3    | 57599 ||| INVOKING Heroism.
 57630 | Zot:3    | Received a gift from Okawaru
 57640 | Zot:3    | 57640 ||| Stepping ~*~*~tactically~*~*~ (hiding).
 57658 | Zot:3    | 57658 ||| Stepping ~*~*~tactically~*~*~ (hiding).
 57662 | Zot:3    | Gained mutation: You occasionally shout uncontrollably at
                  | your foes. [hidden defects]
 57722 | Zot:3    | 57722 ||| Stepping ~*~*~tactically~*~*~ (hiding).
 57731 | Zot:3    | 57731 ||| INVOKING Heroism.
 57764 | Zot:3    | 57764 ||| INVOKING Heroism.
 57874 | Zot:3    | 57874 ||| INVOKING Heroism.
 57889 | Zot:3    | Received a gift from Okawaru
 57923 | Zot:3    | 57923 ||| INVOKING Heroism.
 57928 | Zot:3    | 57928 ||| Stepping ~*~*~tactically~*~*~ (hiding).
 58065 | Zot:3    | Found the +3 Mad Mage's Maulers {Infuse+∞ RegenMP Int-3}
 58105 | Zot:3    | 58105 ||| Stepping ~*~*~tactically~*~*~ (hiding).
 58112 | Zot:3    | 58112 ||| INVOKING Heroism.
 58121 | Zot:3    | 58121 ||| Stepping ~*~*~tactically~*~*~ (hiding).
 58128 | Zot:3    | Received a gift from Okawaru
 58160 | Zot:3    | Gained mutation: You occasionally lose the ability to drink
                  | potions when taking damage. [hidden defects]
 58160 | Zot:3    | Lost mutation: You have hidden genetic defects. [hidden
                  | defects expressed]
 58167 | Zot:3    | 58167 ||| DRINKING 25 potions of mutation.
 58167 | Zot:3    | Lost mutation: You are robust. (+10% HP) [potion of
                  | mutation]
 58167 | Zot:3    | Lost mutation: You have supernaturally acute eyesight.
                  | (SInv) [potion of mutation]
 58167 | Zot:3    | Lost mutation: Your spells are a little harder to cast, but
                  | a little more powerful. [potion of mutation]
 58167 | Zot:3    | Gained mutation: Your mind is acute. (Int +4, Str/Dex -1)
                  | [potion of mutation]
 58168 | Zot:3    | 58168 ||| DRINKING 24 potions of mutation.
 58168 | Zot:3    | Lost mutation: You occasionally shout uncontrollably at
                  | your foes. [potion of mutation]
 58168 | Zot:3    | Lost mutation: You occasionally lose the ability to drink
                  | potions when taking damage. [potion of mutation]
 58168 | Zot:3    | Lost mutation: Your muscles are strong. (Str +4, Int/Dex
                  | -1) [potion of mutation]
 58168 | Zot:3    | Gained mutation: Your flesh is cold resistant. (rC+)
                  | [potion of mutation]
 58269 | Zot:3    | 58269 ||| Stepping ~*~*~tactically~*~*~ (hiding).
 58276 | Zot:3    | Noticed an ancient lich
 58282 | Zot:3    | Found a shimmering blue altar of Sif Muna.
 58282 | Zot:3    | Noticed an orb of fire
 58300 | Zot:3    | 58300 ||| INVOKING Heroism.
 58318 | Zot:3    | Received a gift from Okawaru
 58322 | Zot:3    | Reached XP level 27. HP: 197/197 MP: 31/31
 58344 | Zot:3    | 58344 ||| Stepping ~*~*~tactically~*~*~ (hiding).
 58354 | Zot:3    | 58354 ||| INVOKING Heroism.
 58368 | Zot:3    | 58368 ||| DROPPING +2 war axe of venom.
 58403 | Zot:3    | Found a transporter.
 58409 | Zot:3    | Identified the amulet "Heej Nilock" {Reflect Rampage Will+
                  | rCorr Str+4 SH+5}
 58536 | Zot:4    | 58536 ||| INVOKING Heroism.
 58547 | Zot:4    | Reached skill level 27 in Fighting
 58595 | Zot:4    | 58595 ||| FLEEEEING.
 58596 | Zot:4    | 58596 ||| FLEEEEING.
 58597 | Zot:4    | 58597 ||| FLEEEEING.
 58598 | Zot:4    | 58598 ||| STAIRDANCE
 58756 | Zot:4    | Found a transporter.
 58760 | Zot:4    | Found a transporter.
 58766 | Zot:4    | Found a bloodstained altar of Trog.
 58775 | Zot:4    | Noticed Muataran's ghost (veteran MiMo)
 58789 | Zot:4    | Identified the +0 cloak "Wuoshrir" {rF+}
 58791 | Zot:4    | Identified the +0 cloak of Umixti {Contam rC+ Will+}
 58794 | Zot:4    | 58794 ||| INVOKING Heroism.
 58872 | Zot:4    | 58872 ||| INVOKING Heroism.
 58933 | Zot:4    | 58933 ||| Stepping ~*~*~tactically~*~*~ (hiding).
 58934 | Zot:4    | 58934 ||| Stepping ~*~*~tactically~*~*~ (hiding).
 58935 | Zot:4    | 58935 ||| Stepping ~*~*~tactically~*~*~ (hiding).
 58937 | Zot:4    | 58937 ||| Stepping ~*~*~tactically~*~*~ (hiding).
 58938 | Zot:4    | 58938 ||| Stepping ~*~*~tactically~*~*~ (hiding).
 58939 | Zot:4    | 58939 ||| Stepping ~*~*~tactically~*~*~ (hiding).
 58941 | Zot:4    | 58941 ||| Stepping ~*~*~tactically~*~*~ (hiding).
 58942 | Zot:4    | 58942 ||| Stepping ~*~*~tactically~*~*~ (hiding).
 58943 | Zot:4    | 58943 ||| Stepping ~*~*~tactically~*~*~ (hiding).
 58944 | Zot:4    | 58944 ||| Stepping ~*~*~tactically~*~*~ (hiding).
 58945 | Zot:4    | 58945 ||| Stepping ~*~*~tactically~*~*~ (hiding).
 58970 | Zot:4    | 58970 ||| INVOKING Heroism.
 59027 | Zot:4    | 59027 ||| Stepping ~*~*~tactically~*~*~ (hiding).
 59038 | Zot:4    | 59038 ||| INVOKING Heroism.
 59159 | Zot:4    | 59159 ||| Stepping ~*~*~tactically~*~*~ (stealth).
 59163 | Zot:4    | 59163 ||| INVOKING Heroism.
 59355 | Zot:4    | 59355 ||| INVOKING Heroism.
 59410 | Zot:4    | 59410 ||| Stepping ~*~*~tactically~*~*~ (hiding).
 59412 | Zot:4    | 59412 ||| Stepping ~*~*~tactically~*~*~ (hiding).
 59413 | Zot:4    | Found the +4 dragonskin cloak
 59413 | Zot:4    | Noticed Tiamat
 59414 | Zot:4    | 59414 ||| Stepping ~*~*~tactically~*~*~ (hiding).
 59416 | Zot:4    | 59416 ||| INVOKING Heroism.
 59417 | Zot:4    | 59417 ||| INVOKING Finesse.
 59460 | Zot:4    | Killed Tiamat
 59460 | Zot:4    | Identified the +3 hat of Biedila {rPois rF+ Str+2} (Okawaru
                  | gifted it to you on level 4 of the Realm of Zot)
 59460 | Zot:4    | Received a gift from Okawaru
 59461 | Zot:4    | 59461 ||| Stepping ~*~*~tactically~*~*~ (hiding).
 59709 | Zot:4    | Identified the amulet "Qenuenoa" {Spirit +Inv rC+ Stlth+}
 59919 | Zot:4    | 59919 ||| PLANNING CONVERSION TO THE SHINING ONE
 59919 | Zot:4    | 59919 ||| UPGRADING to +3 hat of Biedila {rPois rF+ Str+2}.
 60345 | Temple   | Fell from the grace of Okawaru
 60345 | Temple   | Became a worshipper of the Shining One
 60346 | Temple   | 60346 ||| PLANNING CRYPT
 60346 | Temple   | 60346 ||| SWAPPING to +7 hand axe "Vubbelor" {vorpal, rF+
                  | rCorr Str-4}.
 60347 | Temple   | 60347 ||| DROPPING +8 hand axe "Pusmoiv" {drain, Fly rPois
                  | rCorr Str-4}.
 60515 | Crypt:1  | Entered Level 1 of the Crypt
 60516 | Crypt:1  | 60516 ||| SWAPPING to +1 vorpal war axe.
 60518 | Crypt:1  | 60518 ||| DROPPING +0 war axe.
 60519 | Crypt:1  | 60519 ||| READING 2 scrolls of brand weapon.
 60519 | Crypt:1  | 60519 ||| BRANDING +1 vorpal war axe.
 60520 | Crypt:1  | 60520 ||| READING scroll of brand weapon.
 60520 | Crypt:1  | 60520 ||| BRANDING +1 war axe of protection.
 60539 | Crypt:1  | 60539 ||| Stepping ~*~*~tactically~*~*~ (stealth).
 60541 | Crypt:1  | 60541 ||| Stepping ~*~*~tactically~*~*~ (hiding).
 60623 | Crypt:1  | 60623 ||| READING 8 scrolls of teleportation.
 60647 | Crypt:1  | Reached * piety under the Shining One
 60665 | Crypt:1  | Reached skill level 12 in Invocations
 60669 | Crypt:1  | 60669 ||| Stepping ~*~*~tactically~*~*~ (stealth).
 60670 | Crypt:1  | 60670 ||| Stepping ~*~*~tactically~*~*~ (stealth).
 60858 | Crypt:1  | 60858 ||| Stepping ~*~*~tactically~*~*~ (stealth).
 60864 | Crypt:1  | Reached ** piety under the Shining One
 61067 | Crypt:1  | Identified the +1 robe of Fashionability {rF+ Will+ rCorr
                  | Str-3}
 61234 | Crypt:1  | Reached *** piety under the Shining One
 61391 | Crypt:1  | 61391 ||| DROPPING +2 pair of boots.
 61392 | Crypt:1  | 61392 ||| DROPPING +6 ring of strength.
 61544 | Crypt:2  | 61544 ||| FLEEEEING.
 61545 | Crypt:2  | 61545 ||| FLEEEEING.
 61546 | Crypt:2  | 61546 ||| FLEEEEING.
 61547 | Crypt:2  | 61547 ||| FLEEEEING.
 61548 | Crypt:2  | 61548 ||| STAIRDANCE
 61644 | Crypt:2  | 61644 ||| INVOKING Cleansing Flame.
 61650 | Crypt:2  | 61650 ||| INVOKING Cleansing Flame.
 61651 | Crypt:2  | 61651 ||| INVOKING Cleansing Flame.
 61658 | Crypt:2  | 61658 ||| FLEEEEING.
 61660 | Crypt:2  | 61660 ||| FLEEEEING.
 61661 | Crypt:2  | 61661 ||| FLEEEEING.
 61662 | Crypt:2  | 61662 ||| FLEEEEING.
 61663 | Crypt:2  | 61663 ||| FLEEEEING.
 61664 | Crypt:2  | 61664 ||| FLEEEEING.
 61665 | Crypt:2  | 61665 ||| FLEEEEING.
 61666 | Crypt:2  | 61666 ||| STAIRDANCE
 61824 | Crypt:2  | Noticed Zenata
 61845 | Crypt:2  | Killed Zenata
 62032 | Crypt:2  | Reached **** piety under the Shining One
 62168 | Crypt:2  | 62168 ||| READING scroll of brand weapon.
 62168 | Crypt:2  | 62168 ||| BRANDING +1 war axe of flaming.
 62196 | Crypt:2  | 62196 ||| FLEEEEING.
 62197 | Crypt:2  | 62197 ||| FLEEEEING.
 62198 | Crypt:2  | 62198 ||| FLEEEEING.
 62199 | Crypt:2  | 62199 ||| FLEEEEING.
 62200 | Crypt:2  | 62200 ||| FLEEEEING.
 62201 | Crypt:2  | 62201 ||| FLEEEEING.
 62202 | Crypt:2  | 62202 ||| FLEEEEING.
 62203 | Crypt:2  | 62203 ||| FLEEEEING.
 62204 | Crypt:2  | 62204 ||| FLEEEEING.
 62205 | Crypt:2  | 62205 ||| FLEEEEING.
 62206 | Crypt:2  | 62206 ||| FLEEEEING.
 62207 | Crypt:2  | 62207 ||| FLEEEEING.
 62208 | Crypt:2  | 62208 ||| FLEEEEING.
 62209 | Crypt:2  | 62209 ||| FLEEEEING.
 62210 | Crypt:2  | 62210 ||| FLEEEEING.
 62211 | Crypt:2  | 62211 ||| FLEEEEING.
 62212 | Crypt:2  | 62212 ||| FLEEEEING.
 62213 | Crypt:2  | 62213 ||| FLEEEEING.
 62214 | Crypt:2  | 62214 ||| STAIRDANCE
 62528 | Crypt:2  | Noticed Grunn
 62543 | Crypt:2  | Killed Grunn
 62543 | Crypt:2  | Reached ***** piety under the Shining One
 62544 | Crypt:2  | 62544 ||| INVOKING Summon Divine Warrior.
 62972 | Crypt:3  | Entered Level 3 of the Crypt
 62981 | Crypt:3  | Found a staircase to the Tomb.
 63013 | Crypt:3  | 63013 ||| INVOKING Summon Divine Warrior.
 63018 | Crypt:3  | 63018 ||| INVOKING Cleansing Flame.
 63026 | Crypt:3  | 63026 ||| INVOKING Summon Divine Warrior.
 63312 | Crypt:3  | Reached skill level 15 in Invocations
 63348 | Crypt:3  | 63348 ||| Stepping ~*~*~tactically~*~*~ (hiding).
 63447 | Crypt:3  | 63447 ||| Stepping ~*~*~tactically~*~*~ (stealth).
 63448 | Crypt:3  | 63448 ||| Stepping ~*~*~tactically~*~*~ (stealth).
 63453 | Crypt:3  | 63453 ||| Stepping ~*~*~tactically~*~*~ (stealth).
 63662 | Crypt:3  | 63662 ||| Stepping ~*~*~tactically~*~*~ (stealth).
 63667 | Crypt:3  | 63667 ||| Stepping ~*~*~tactically~*~*~ (hiding).
 63729 | Crypt:3  | Noticed Jory
 63753 | Crypt:3  | Killed Jory
 63888 | Crypt:3  | Reached ****** piety under the Shining One
 63941 | Crypt:3  | 63941 ||| Stepping ~*~*~tactically~*~*~ (stealth).
 63946 | Crypt:3  | 63946 ||| INVOKING Brand Weapon With Holy Wrath.
 63946 | Crypt:3  | Identified a +9 war axe of holy wrath (a +9 vampiric war
                  | axe blessed by the Shining One)
 63946 | Crypt:3  | Received a gift from the Shining One
 63947 | Crypt:3  | 63947 ||| SWAPPING to +9 war axe of holy wrath.
 63948 | Crypt:3  | 63948 ||| DROPPING +1 spectral war axe.
 63954 | Crypt:3  | 63954 ||| Stepping ~*~*~tactically~*~*~ (hiding).
 63997 | Crypt:3  | 63997 ||| Stepping ~*~*~tactically~*~*~ (hiding).
 64121 | Crypt:3  | Identified the amulet "Notif" {rF+ Regen+ Dex+3}
 64322 | Crypt:3  | 64322 ||| Stepping ~*~*~tactically~*~*~ (hiding).
 64324 | Crypt:3  | 64324 ||| Stepping ~*~*~tactically~*~*~ (hiding).
 64462 | Crypt:3  | Identified the +6 hand axe of the Known World {vorpal,
                  | *Slow rPois rF+ rN+}
 64877 | Crypt:3  | 64877 ||| PLANNING TOMB
 64877 | Crypt:3  | 64877 ||| DROPPING ring of ice.
 64878 | Crypt:3  | 64878 ||| DROPPING +6 ring of dexterity.
 64917 | Tomb:1   | Entered Level 1 of the Tomb of the Ancients
 65211 | Tomb:1   | 65211 ||| INVOKING Summon Divine Warrior.
 65214 | Tomb:1   | Reached skill level 18 in Invocations
 65219 | Tomb:1   | 65219 ||| INVOKING Cleansing Flame.
 65220 | Tomb:1   | 65220 ||| INVOKING Cleansing Flame.
 65752 | Tomb:1   | 65752 ||| INVOKING Cleansing Flame.
 65779 | Tomb:1   | 65779 ||| Stepping ~*~*~tactically~*~*~ (stealth).
 65787 | Tomb:1   | 65787 ||| INVOKING Cleansing Flame.
 65922 | Tomb:1   | 65922 ||| DRINKING 3 potions of magic.
 65923 | Tomb:1   | 65923 ||| INVOKING Cleansing Flame.
 65924 | Tomb:1   | 65924 ||| INVOKING Cleansing Flame.
 65930 | Tomb:1   | 65930 ||| INVOKING Cleansing Flame.
 66342 | Tomb:1   | Identified the +1 robe "Boj Yhic" {rElec Will+ Int+3
                  | Stlth+}
 66349 | Tomb:1   | 66349 ||| INVOKING Cleansing Flame.
 66620 | Tomb:2   | 66620 ||| DRINKING 15 potions of haste.
 66621 | Tomb:2   | 66621 ||| DRINKING 13 potions of attraction.
 66622 | Tomb:2   | 66622 ||| INVOKING Cleansing Flame.
 66622 | Tomb:2   | Noticed a royal mummy
 66623 | Tomb:2   | 66623 ||| INVOKING Cleansing Flame.
 66624 | Tomb:2   | 66624 ||| INVOKING Cleansing Flame.
 66624 | Tomb:2   | Noticed a royal mummy
 66625 | Tomb:2   | 66625 ||| INVOKING Cleansing Flame.
 66625 | Tomb:2   | Noticed a royal mummy
 66626 | Tomb:2   | 66626 ||| INVOKING Summon Divine Warrior.
 66627 | Tomb:2   | Noticed a royal mummy
 66632 | Tomb:2   | Killed a royal mummy
 66633 | Tomb:2   | Killed a royal mummy
 66637 | Tomb:2   | Killed a royal mummy
 66637 | Tomb:2   | Killed a royal mummy
 66676 | Tomb:2   | Paralysed by a Zot trap for 2 turns
 66694 | Tomb:2   | 66694 ||| INVOKING Cleansing Flame.
 66867 | Tomb:2   | Reached skill level 21 in Invocations
 67077 | Tomb:1   | Noticed a royal mummy
 67078 | Tomb:1   | 67078 ||| INVOKING Summon Divine Warrior.
 67078 | Tomb:1   | Noticed a royal mummy
 67079 | Tomb:1   | Noticed a royal mummy
 67081 | Tomb:1   | Noticed a royal mummy
 67083 | Tomb:1   | HP: 46/199 [royal mummy/divine providence (15)]
 67084 | Tomb:1   | 67084 ||| READING 8 scrolls of teleportation.
 67085 | Tomb:1   | 67085 ||| DRINKING 11 potions of heal wounds.
 67087 | Tomb:1   | 67087 ||| DRINKING 10 potions of heal wounds.
 67202 | Tomb:1   | 67202 ||| INVOKING Summon Divine Warrior.
 67255 | Tomb:1   | 67255 ||| INVOKING Summon Divine Warrior.
 67731 | Tomb:1   | 67731 ||| INVOKING Summon Divine Warrior.
 67737 | Tomb:1   | Killed a royal mummy
 67841 | Tomb:1   | Killed a royal mummy
 67882 | Tomb:1   | Was forgiven by Okawaru
 67892 | Tomb:1   | 67892 ||| INVOKING Cleansing Flame.
 67893 | Tomb:1   | 67893 ||| INVOKING Cleansing Flame.
 67894 | Tomb:1   | 67894 ||| INVOKING Cleansing Flame.
 67895 | Tomb:1   | 67895 ||| INVOKING Cleansing Flame.
 67895 | Tomb:1   | Killed a royal mummy
 67915 | Tomb:1   | Noticed a royal mummy
 67916 | Tomb:1   | 67916 ||| Stepping ~*~*~tactically~*~*~ (stealth).
 67918 | Tomb:1   | 67918 ||| Stepping ~*~*~tactically~*~*~ (stealth).
 67930 | Tomb:1   | 67930 ||| INVOKING Summon Divine Warrior.
 67931 | Tomb:1   | 67931 ||| INVOKING Cleansing Flame.
 67932 | Tomb:1   | 67932 ||| INVOKING Cleansing Flame.
 67933 | Tomb:1   | 67933 ||| INVOKING Cleansing Flame.
 67933 | Tomb:1   | Killed a royal mummy
 68008 | Tomb:1   | Noticed a royal mummy
 68010 | Tomb:1   | 68010 ||| INVOKING Cleansing Flame.
 68010 | Tomb:1   | Gained mutation: Armour fits poorly on your strangely
                  | shaped body. [mutagenic glow]
 68011 | Tomb:1   | 68011 ||| INVOKING Cleansing Flame.
 68011 | Tomb:1   | Killed a royal mummy
 68012 | Tomb:1   | 68012 ||| DRINKING 24 potions of mutation.
 68012 | Tomb:1   | Lost mutation: You have a pair of small horns on your head.
                  | [potion of mutation]
 68012 | Tomb:1   | Lost mutation: Your mind is acute. (Int +4, Str/Dex -1)
                  | [potion of mutation]
 68012 | Tomb:1   | Gained mutation: You are robust. (+10% HP) [potion of
                  | mutation]
 68012 | Tomb:1   | Gained mutation: You have a pair of small antennae on your
                  | head. [potion of mutation]
 68013 | Tomb:1   | 68013 ||| DRINKING 23 potions of mutation.
 68013 | Tomb:1   | Lost mutation: Your flesh is cold resistant. (rC+) [potion
                  | of mutation]
 68013 | Tomb:1   | Lost mutation: You are robust. (+10% HP) [potion of
                  | mutation]
 68013 | Tomb:1   | Gained mutation: You are frail. (-10% HP) [potion of
                  | mutation]
 68013 | Tomb:1   | Gained mutation: You occasionally shout uncontrollably at
                  | your foes. [potion of mutation]
 68014 | Tomb:1   | 68014 ||| DRINKING 22 potions of mutation.
 68014 | Tomb:1   | Lost mutation: You have a pair of small antennae on your
                  | head. [potion of mutation]
 68014 | Tomb:1   | Lost mutation: You are frail. (-10% HP) [potion of
                  | mutation]
 68014 | Tomb:1   | Lost mutation: You occasionally shout uncontrollably at
                  | your foes. [potion of mutation]
 68014 | Tomb:1   | Lost mutation: Armour fits poorly on your strangely shaped
                  | body. [potion of mutation]
 68014 | Tomb:1   | Gained mutation: You have an increased reservoir of magic.
                  | (+10% MP) [potion of mutation]
 68014 | Tomb:1   | Gained mutation: You do not regenerate when monsters are
                  | visible. [potion of mutation]
 68015 | Tomb:1   | 68015 ||| DRINKING 21 potions of mutation.
 68015 | Tomb:1   | Lost mutation: You have an increased reservoir of magic.
                  | (+10% MP) [potion of mutation]
 68015 | Tomb:1   | Lost mutation: You do not regenerate when monsters are
                  | visible. [potion of mutation]
 68015 | Tomb:1   | Gained mutation: You are covered in fur. (AC +1) [potion of
                  | mutation]
 68015 | Tomb:1   | Gained mutation: You are vulnerable to heat. (rF-) [potion
                  | of mutation]
 68015 | Tomb:1   | Gained mutation: You have a pair of small antennae on your
                  | head. [potion of mutation]
 68026 | Tomb:1   | Gained mutation: Your magical capacity is low. (-10% MP)
                  | [mutagenic glow]
 68062 | Tomb:1   | Gained mutation: Your magical capacity is very low. (-20%
                  | MP) [mutagenic glow]
 68095 | Tomb:1   | 68095 ||| INVOKING Cleansing Flame.
 68096 | Tomb:1   | 68096 ||| INVOKING Cleansing Flame.
 68097 | Tomb:1   | 68097 ||| INVOKING Cleansing Flame.
 68097 | Tomb:1   | Killed a royal mummy
 68142 | Tomb:1   | Noticed a royal mummy
 68143 | Tomb:1   | Noticed a royal mummy
 68147 | Tomb:1   | Killed a royal mummy
 68154 | Tomb:1   | Killed a royal mummy
 68169 | Tomb:1   | Noticed a royal mummy
 68171 | Tomb:1   | 68171 ||| INVOKING Cleansing Flame.
 68172 | Tomb:1   | 68172 ||| INVOKING Cleansing Flame.
 68172 | Tomb:1   | Killed a royal mummy
 68404 | Tomb:1   | Noticed a royal mummy
 68405 | Tomb:1   | 68405 ||| INVOKING Cleansing Flame.
 68406 | Tomb:1   | 68406 ||| INVOKING Cleansing Flame.
 68407 | Tomb:1   | 68407 ||| INVOKING Cleansing Flame.
 68407 | Tomb:1   | Killed a royal mummy
 68480 | Tomb:1   | Noticed a royal mummy
 68483 | Tomb:1   | 68483 ||| INVOKING Cleansing Flame.
 68485 | Tomb:1   | Killed a royal mummy
 68608 | Tomb:1   | Noticed a royal mummy
 68609 | Tomb:1   | 68609 ||| INVOKING Summon Divine Warrior.
 68612 | Tomb:1   | 68612 ||| INVOKING Summon Divine Warrior.
 68614 | Tomb:1   | Killed a royal mummy
 68618 | Tomb:1   | Noticed a royal mummy
 68623 | Tomb:1   | 68623 ||| INVOKING Cleansing Flame.
 68624 | Tomb:1   | 68624 ||| INVOKING Cleansing Flame.
 68624 | Tomb:1   | Killed a royal mummy
 68823 | Tomb:1   | Noticed a royal mummy
 68823 | Tomb:1   | Noticed a royal mummy
 68825 | Tomb:1   | 68825 ||| INVOKING Cleansing Flame.
 68826 | Tomb:1   | 68826 ||| INVOKING Cleansing Flame.
 68826 | Tomb:1   | Noticed a royal mummy
 68829 | Tomb:1   | Noticed a royal mummy
 68830 | Tomb:1   | Noticed a royal mummy
 68831 | Tomb:1   | Killed a royal mummy
 68832 | Tomb:1   | 68832 ||| INVOKING Cleansing Flame.
 68835 | Tomb:1   | Killed a royal mummy
 68837 | Tomb:1   | 68837 ||| INVOKING Cleansing Flame.
 68838 | Tomb:1   | 68838 ||| INVOKING Cleansing Flame.
 68839 | Tomb:1   | 68839 ||| INVOKING Cleansing Flame.
 68840 | Tomb:1   | 68840 ||| INVOKING Cleansing Flame.
 68840 | Tomb:1   | Killed a royal mummy
 68843 | Tomb:1   | 68843 ||| INVOKING Cleansing Flame.
 68848 | Tomb:1   | Killed a royal mummy
 68849 | Tomb:1   | 68849 ||| INVOKING Cleansing Flame.
 68850 | Tomb:1   | 68850 ||| INVOKING Cleansing Flame.
 68851 | Tomb:1   | 68851 ||| DRINKING 2 potions of magic.
 68852 | Tomb:1   | 68852 ||| INVOKING Cleansing Flame.
 68853 | Tomb:1   | 68853 ||| INVOKING Cleansing Flame.
 68854 | Tomb:1   | 68854 ||| INVOKING Cleansing Flame.
 68854 | Tomb:1   | Killed a royal mummy
 69091 | Tomb:1   | Noticed a royal mummy
 69094 | Tomb:1   | 69094 ||| INVOKING Cleansing Flame.
 69102 | Tomb:1   | Killed a royal mummy
 69481 | Tomb:2   | 69481 ||| INVOKING Cleansing Flame.
 69496 | Tomb:2   | 69496 ||| INVOKING Cleansing Flame.
 69499 | Tomb:2   | 69499 ||| INVOKING Cleansing Flame.
 69503 | Tomb:2   | 69503 ||| INVOKING Cleansing Flame.
 69506 | Tomb:2   | 69506 ||| INVOKING Cleansing Flame.
 69506 | Tomb:2   | HP: 47/199 [bennu (14)]
 69507 | Tomb:2   | 69507 ||| READING 7 scrolls of teleportation.
 69508 | Tomb:2   | 69508 ||| DRINKING 9 potions of heal wounds.
 70147 | Tomb:3   | Entered Level 3 of the Tomb of the Ancients
 70148 | Tomb:3   | 70148 ||| DRINKING 14 potions of haste.
 70149 | Tomb:3   | 70149 ||| DRINKING 12 potions of attraction.
 70153 | Tomb:3   | 70153 ||| INVOKING Cleansing Flame.
 70154 | Tomb:3   | 70154 ||| INVOKING Cleansing Flame.
 70155 | Tomb:3   | 70155 ||| INVOKING Cleansing Flame.
 70156 | Tomb:3   | Reached skill level 24 in Invocations
 70157 | Tomb:3   | Noticed a royal mummy
 70157 | Tomb:3   | Paralysed by a Zot trap for 5 turns
 70158 | Tomb:3   | Noticed a royal mummy
 70163 | Tomb:3   | 70163 ||| INVOKING Cleansing Flame.
 70164 | Tomb:3   | 70164 ||| INVOKING Summon Divine Warrior.
 70164 | Tomb:3   | Identified the +2 tower shield of the Trees {Rampage Will+}
 70165 | Tomb:3   | 70165 ||| INVOKING Cleansing Flame.
 70168 | Tomb:3   | Noticed a royal mummy
 70169 | Tomb:3   | 70169 ||| INVOKING Cleansing Flame.
 70170 | Tomb:3   | 70170 ||| INVOKING Cleansing Flame.
 70170 | Tomb:3   | Killed a royal mummy
 70174 | Tomb:3   | Killed a royal mummy
 70175 | Tomb:3   | 70175 ||| INVOKING Cleansing Flame.
 70176 | Tomb:3   | 70176 ||| INVOKING Cleansing Flame.
 70180 | Tomb:3   | 70180 ||| INVOKING Cleansing Flame.
 70180 | Tomb:3   | Noticed a royal mummy
 70181 | Tomb:3   | Killed a royal mummy
 70181 | Tomb:3   | Noticed a royal mummy
 70182 | Tomb:3   | 70182 ||| INVOKING Summon Divine Warrior.
 70183 | Tomb:3   | 70183 ||| INVOKING Cleansing Flame.
 70184 | Tomb:3   | 70184 ||| INVOKING Cleansing Flame.
 70184 | Tomb:3   | Noticed a royal mummy
 70184 | Tomb:3   | Noticed a royal mummy
 70184 | Tomb:3   | Noticed a royal mummy
 70185 | Tomb:3   | 70185 ||| INVOKING Cleansing Flame.
 70186 | Tomb:3   | 70186 ||| INVOKING Cleansing Flame.
 70186 | Tomb:3   | Killed a royal mummy
 70186 | Tomb:3   | Killed a royal mummy
 70187 | Tomb:3   | 70187 ||| INVOKING Cleansing Flame.
 70188 | Tomb:3   | 70188 ||| INVOKING Cleansing Flame.
 70189 | Tomb:3   | 70189 ||| DRINKING potion of magic.
 70190 | Tomb:3   | 70190 ||| INVOKING Cleansing Flame.
 70190 | Tomb:3   | Killed a royal mummy
 70190 | Tomb:3   | Killed a royal mummy
 70191 | Tomb:3   | 70191 ||| INVOKING Summon Divine Warrior.
 70197 | Tomb:3   | Killed a royal mummy
 70586 | Tomb:3   | Identified the +2 cloak of Wustuuts {rC+}
 70676 | Tomb:3   | Identified the +6 scale mail of a sewer {rN+}
 70737 | Tomb:3   | Identified the +7 great sword of the Grave {vorpal, +Blink
                  | rElec}
 70794 | Tomb:3   | Identified the +0 chain mail "Goulo" {Harm}
 70912 | Tomb:3   | Got a golden rune of Zot
 70921 | Tomb:3   | 70921 ||| PLANNING PAN
 70921 | Tomb:3   | 70921 ||| DROPPING +1 pair of boots of rampaging.
 70922 | Tomb:3   | 70922 ||| DROPPING +0 cloak of Fanaticism {-Tele rC+ Str+2
                  | Stlth+}.
 70923 | Tomb:3   | 70923 ||| DROPPING +2 fire dragon scales.
 70956 | Tomb:2   | 70956 ||| DROPPING +7 hand axe "Vubbelor" {vorpal, rF+
                  | rCorr Str-4}.
 70957 | Tomb:2   | 70957 ||| DROPPING scarf of resistance.
 70958 | Tomb:2   | 70958 ||| DROPPING +2 cloak of Wustuuts {rC+}.
 70959 | Tomb:2   | 70959 ||| DROPPING +1 pair of gloves of Love and Death
                  | {Rampage rC+}.
 70960 | Tomb:2   | 70960 ||| DROPPING +3 plate armour of Kudo {rF+ rC++ MP-9
                  | Stlth+}.
 70961 | Tomb:2   | 70961 ||| UPGRADING to +5 plate armour of ponderousness.
 70971 | Tomb:2   | 70971 ||| DROPPING +8 chain mail "Miynwe" {rF+ Will+}.
 70972 | Tomb:2   | 70972 ||| DROPPING +2 scale mail of Qentulosm {rCorr}.
 70973 | Tomb:2   | 70973 ||| READING 5 scrolls of enchant armour.
 70973 | Tomb:2   | 70973 ||| ENCHANTING +5 plate armour of ponderousness.
 70974 | Tomb:2   | 70974 ||| READING 4 scrolls of enchant armour.
 70974 | Tomb:2   | 70974 ||| ENCHANTING +6 plate armour of ponderousness.
 70975 | Tomb:2   | 70975 ||| READING 3 scrolls of enchant armour.
 70975 | Tomb:2   | 70975 ||| ENCHANTING +7 plate armour of ponderousness.
 70976 | Tomb:2   | 70976 ||| READING 2 scrolls of enchant armour.
 70976 | Tomb:2   | 70976 ||| ENCHANTING +8 plate armour of ponderousness.
 70977 | Tomb:2   | 70977 ||| READING scroll of enchant armour.
 70977 | Tomb:2   | 70977 ||| ENCHANTING +9 plate armour of ponderousness.
 70978 | Tomb:2   | 70978 ||| DROPPING amulet "Notif" {rF+ Regen+ Dex+3}.
 70979 | Tomb:2   | 70979 ||| DROPPING ring of resist corrosion.
 70980 | Tomb:2   | 70980 ||| DROPPING ring of protection from fire.
 70981 | Tomb:2   | 70981 ||| DROPPING ring of protection from cold.
 70982 | Tomb:2   | 70982 ||| DROPPING ring of protection from fire.
 70983 | Tomb:2   | 70983 ||| DROPPING ring of resist corrosion.
 70984 | Tomb:2   | 70984 ||| DROPPING ring of protection from cold.
 71353 | Pan      | Entered Pandemonium
 71416 | Pan      | Found a runed translucent door.
 71423 | Pan      | Found a runed translucent door.
 71427 | Pan      | Found a runed translucent door.
 71430 | Pan      | Found a runed translucent door.
 71467 | Pan      | 71467 ||| INVOKING Cleansing Flame.
 71468 | Pan      | 71468 ||| INVOKING Cleansing Flame.
 71478 | Pan      | 71478 ||| Stepping ~*~*~tactically~*~*~ (stealth).
 71479 | Pan      | 71479 ||| Stepping ~*~*~tactically~*~*~ (stealth).
 71512 | Pan      | 71512 ||| Stepping ~*~*~tactically~*~*~ (stealth).
 71513 | Pan      | 71513 ||| Stepping ~*~*~tactically~*~*~ (stealth).
 71593 | Pan      | 71593 ||| Stepping ~*~*~tactically~*~*~ (stealth).
 71595 | Pan      | 71595 ||| Stepping ~*~*~tactically~*~*~ (hiding).
 71643 | Pan      | 71643 ||| Stepping ~*~*~tactically~*~*~ (stealth).
 71734 | Pan      | 71734 ||| DRINKING potion of resistance.
 71735 | Pan      | 71735 ||| INVOKING Summon Divine Warrior.
 71737 | Pan      | 71737 ||| INVOKING Cleansing Flame.
 72192 | Pan      | 72192 ||| Stepping ~*~*~tactically~*~*~ (stealth).
 72194 | Pan      | 72194 ||| Stepping ~*~*~tactically~*~*~ (hiding).
 72204 | Pan      | 72204 ||| Stepping ~*~*~tactically~*~*~ (cloud).
 72221 | Pan      | Noticed Paug the pandemonium lord
 72222 | Pan      | 72222 ||| INVOKING Cleansing Flame.
 72223 | Pan      | 72223 ||| INVOKING Cleansing Flame.
 72224 | Pan      | 72224 ||| INVOKING Cleansing Flame.
 72224 | Pan      | Killed Paug the pandemonium lord
 72225 | Pan      | 72225 ||| Stepping ~*~*~tactically~*~*~ (cloud).
 72417 | Pan      | 72417 ||| Stepping ~*~*~tactically~*~*~ (hiding).
 72419 | Pan      | 72419 ||| INVOKING Summon Divine Warrior.
 72421 | Pan      | 72421 ||| INVOKING Cleansing Flame.
 72422 | Pan      | 72422 ||| INVOKING Cleansing Flame.
 72583 | Depths:2 | Escaped Pandemonium
 72585 | Pan      | Entered Pandemonium
 72619 | Pan      | Noticed Pol Pak the pandemonium lord
 72620 | Pan      | 72620 ||| INVOKING Summon Divine Warrior.
 72623 | Pan      | 72623 ||| INVOKING Cleansing Flame.
 72630 | Pan      | Killed Pol Pak the pandemonium lord
 72631 | Pan      | 72631 ||| INVOKING Cleansing Flame.
 72888 | Pan      | Gained mutation: Armour fits poorly on your strangely
                  | shaped body. [mutagenic glow]
 72898 | Pan      | Gained mutation: You occasionally lose the ability to drink
                  | potions when taking damage. [mutagenic glow]
 72951 | Pan      | 72951 ||| DRINKING 21 potions of mutation.
 72951 | Pan      | Lost mutation: Armour fits poorly on your strangely shaped
                  | body. [potion of mutation]
 72951 | Pan      | Lost mutation: You are covered in fur. (AC +1) [potion of
                  | mutation]
 72951 | Pan      | Gained mutation: You possess an exceptional clarity of
                  | mind. [potion of mutation]
 72951 | Pan      | Gained mutation: You have sharp toenails. [potion of
                  | mutation]
 72952 | Pan      | 72952 ||| DRINKING 20 potions of mutation.
 72952 | Pan      | Lost mutation: You have sharp toenails. [potion of
                  | mutation]
 72952 | Pan      | Lost mutation: You possess an exceptional clarity of mind.
                  | [potion of mutation]
 72952 | Pan      | Lost mutation: You are vulnerable to heat. (rF-) [potion of
                  | mutation]
 72952 | Pan      | Gained mutation: You are agile. (Dex +4, Str/Int -1)
                  | [potion of mutation]
 72952 | Pan      | Gained mutation: Your body sometimes deteriorates upon
                  | taking damage. [potion of mutation]
 72952 | Pan      | Lost mutation: You occasionally lose the ability to drink
                  | potions when taking damage. [potion of mutation]
 73283 | Depths:2 | Escaped Pandemonium
 73285 | Pan      | Entered Pandemonium
 73293 | Pan      | 73293 ||| INVOKING Cleansing Flame.
 73328 | Pan      | 73328 ||| INVOKING Cleansing Flame.
 73331 | Pan      | 73331 ||| INVOKING Cleansing Flame.
 73332 | Pan      | Reached skill level 1 in Short Blades
 73342 | Pan      | 73342 ||| DRINKING 8 potions of cancellation.
 73349 | Pan      | 73349 ||| READING 7 scrolls of teleportation.
 73353 | Pan      | Gained mutation: Your body often deteriorates upon taking
                  | damage. [a cacodemon]
 73425 | Pan      | 73425 ||| Stepping ~*~*~tactically~*~*~ (stealth).
 73427 | Pan      | 73427 ||| Stepping ~*~*~tactically~*~*~ (stealth).
 73551 | Pan      | 73551 ||| Stepping ~*~*~tactically~*~*~ (stealth).
 73558 | Pan      | 73558 ||| Stepping ~*~*~tactically~*~*~ (stealth).
 73561 | Pan      | 73561 ||| Stepping ~*~*~tactically~*~*~ (stealth).
 73579 | Pan      | 73579 ||| Stepping ~*~*~tactically~*~*~ (stealth).
 73586 | Pan      | 73586 ||| DRINKING 19 potions of mutation.
 73586 | Pan      | Lost mutation: Your body often deteriorates upon taking
                  | damage. [potion of mutation]
 73586 | Pan      | Lost mutation: Your body sometimes deteriorates upon taking
                  | damage. [potion of mutation]
 73586 | Pan      | Gained mutation: You possess an exceptional clarity of
                  | mind. [potion of mutation]
 73586 | Pan      | Gained mutation: You expend magic power (3 MP) to
                  | strengthen your wands. [potion of mutation]
 73629 | Pan      | Identified the +6 spear of Accord {vorpal, MP+9}
 73649 | Pan      | 73649 ||| INVOKING Summon Divine Warrior.
 73652 | Pan      | 73652 ||| INVOKING Cleansing Flame.
 73653 | Pan      | 73653 ||| INVOKING Cleansing Flame.
 73654 | Pan      | 73654 ||| INVOKING Cleansing Flame.
 73655 | Pan      | 73655 ||| INVOKING Cleansing Flame.
 73806 | Pan      | Identified the +3 arbalest of Sloth {freeze, rF++ rN+++
                  | Dex-5}
 73830 | Pan      | 73830 ||| Stepping ~*~*~tactically~*~*~ (stealth).
 73846 | Pan      | 73846 ||| Stepping ~*~*~tactically~*~*~ (stealth).
 73850 | Pan      | Reached skill level 3 in Short Blades
 73892 | Pan      | 73892 ||| INVOKING Summon Divine Warrior.
 73895 | Pan      | 73895 ||| INVOKING Cleansing Flame.
 73896 | Pan      | 73896 ||| INVOKING Cleansing Flame.
 74196 | Pan      | Found a huge runed translucent gate.
 74198 | Pan      | Found a huge runed translucent gate.
 74199 | Pan      | Found a huge runed translucent gate.
 74200 | Pan      | Found a huge runed translucent gate.
 74200 | Pan      | Found a huge runed translucent gate.
 74231 | Pan      | Found a huge runed translucent gate.
 74231 | Pan      | Found a huge runed translucent gate.
 74234 | Pan      | 74234 ||| INVOKING Summon Divine Warrior.
 74240 | Pan      | Noticed Puceog the pandemonium lord
 74246 | Pan      | 74246 ||| INVOKING Cleansing Flame.
 74252 | Pan      | 74252 ||| INVOKING Cleansing Flame.
 74252 | Pan      | Killed Puceog the pandemonium lord
 74273 | Pan      | 74273 ||| DRINKING 7 potions of cancellation.
 74434 | Pan      | Got a demonic rune of Zot
 74437 | Pan      | Entered the realm of Gloorx Vloq.
 74543 | Pan      | Noticed Ignacio
 74556 | Pan      | Killed Ignacio
 74557 | Pan      | Reached skill level 27 in Invocations
 74649 | Pan      | Noticed Gloorx Vloq
 74650 | Pan      | 74650 ||| INVOKING Summon Divine Warrior.
 74654 | Pan      | 74654 ||| INVOKING Cleansing Flame.
 74655 | Pan      | 74655 ||| INVOKING Cleansing Flame.
 74658 | Pan      | 74658 ||| INVOKING Summon Divine Warrior.
 74659 | Pan      | 74659 ||| INVOKING Cleansing Flame.
 74663 | Pan      | Killed Gloorx Vloq
 74667 | Pan      | 74667 ||| INVOKING Cleansing Flame.
 74769 | Pan      | Got a dark rune of Zot
 74834 | Pan      | 74834 ||| INVOKING Summon Divine Warrior.
 74835 | Pan      | 74835 ||| INVOKING Cleansing Flame.
 74836 | Pan      | 74836 ||| INVOKING Cleansing Flame.
 74837 | Pan      | 74837 ||| INVOKING Cleansing Flame.
 75007 | Pan      | Noticed Vuoj the pandemonium lord
 75009 | Pan      | 75009 ||| Stepping randomly (cloudy).
 75010 | Pan      | 75010 ||| Stepping randomly (cloudy).
 75011 | Pan      | 75011 ||| Stepping ~*~*~tactically~*~*~ (hiding).
 75015 | Pan      | 75015 ||| Stepping randomly (cloudy).
 75023 | Pan      | 75023 ||| INVOKING Summon Divine Warrior.
 75026 | Pan      | 75026 ||| Stepping randomly (cloudy).
 75029 | Pan      | 75029 ||| INVOKING Summon Divine Warrior.
 75040 | Pan      | Killed Vuoj the pandemonium lord
 75066 | Pan      | 75066 ||| INVOKING Cleansing Flame.
 75101 | Pan      | 75101 ||| INVOKING Cleansing Flame.
 75338 | Pan      | 75338 ||| Stepping ~*~*~tactically~*~*~ (hiding).
 75349 | Pan      | Noticed Ydghu Ishesh the pandemonium lord
 75350 | Pan      | 75350 ||| INVOKING Summon Divine Warrior.
 75355 | Pan      | 75355 ||| INVOKING Cleansing Flame.
 75359 | Pan      | Paralysed by a floating eye for 4 turns
 75360 | Pan      | Gained mutation: You occasionally shout uncontrollably at
                  | your foes. [a shining eye]
 75361 | Pan      | Killed Ydghu Ishesh the pandemonium lord
 75362 | Pan      | Reached skill level 12 in Dodging
 75367 | Pan      | Gained mutation: Your spells are a little harder to cast,
                  | but a little more powerful. [a neqoxec]
 75400 | Pan      | 75400 ||| INVOKING Summon Divine Warrior.
 75402 | Pan      | Gained mutation: Armour fits poorly on your strangely
                  | shaped body. [a neqoxec]
 75428 | Pan      | 75428 ||| DRINKING 20 potions of mutation.
 75428 | Pan      | Lost mutation: You occasionally shout uncontrollably at
                  | your foes. [potion of mutation]
 75428 | Pan      | Lost mutation: Your spells are a little harder to cast, but
                  | a little more powerful. [potion of mutation]
 75428 | Pan      | Gained mutation: Potions are less effective at restoring
                  | your health. [potion of mutation]
 75428 | Pan      | Lost mutation: Potions are less effective at restoring your
                  | health. [potion of mutation]
 75428 | Pan      | Gained mutation: You passively map a small area around you.
                  | [potion of mutation]
 75429 | Pan      | 75429 ||| DRINKING 19 potions of mutation.
 75429 | Pan      | Lost mutation: You have a pair of small antennae on your
                  | head. [potion of mutation]
 75429 | Pan      | Lost mutation: You expend magic power (3 MP) to strengthen
                  | your wands. [potion of mutation]
 75429 | Pan      | Lost mutation: Armour fits poorly on your strangely shaped
                  | body. [potion of mutation]
 75429 | Pan      | Gained mutation: You are partially covered in iridescent
                  | scales. (AC +2) [potion of mutation]
 75429 | Pan      | Lost mutation: Your magical capacity is very low. (-20% MP)
                  | [potion of mutation]
 75491 | Depths:2 | Escaped Pandemonium
 75492 | Depths:2 | 75492 ||| DROPPING scarf of repulsion.
 75494 | Pan      | Entered the realm of Cerebov.
 75494 | Pan      | Entered Pandemonium
 75504 | Pan      | 75504 ||| Stepping ~*~*~tactically~*~*~ (stealth).
 75505 | Pan      | 75505 ||| Stepping ~*~*~tactically~*~*~ (stealth).
 75616 | Pan      | 75616 ||| Stepping ~*~*~tactically~*~*~ (stealth).
 75617 | Pan      | 75617 ||| Stepping ~*~*~tactically~*~*~ (stealth).
 75618 | Pan      | 75618 ||| Stepping ~*~*~tactically~*~*~ (stealth).
 75619 | Pan      | 75619 ||| Stepping ~*~*~tactically~*~*~ (hiding).
 75621 | Pan      | 75621 ||| Stepping ~*~*~tactically~*~*~ (hiding).
 75622 | Pan      | 75622 ||| Stepping ~*~*~tactically~*~*~ (hiding).
 75636 | Pan      | 75636 ||| Stepping ~*~*~tactically~*~*~ (stealth).
 75676 | Pan      | 75676 ||| Stepping ~*~*~tactically~*~*~ (stealth).
 75678 | Pan      | 75678 ||| Stepping ~*~*~tactically~*~*~ (hiding).
 75682 | Pan      | 75682 ||| Stepping ~*~*~tactically~*~*~ (hiding).
 75683 | Pan      | 75683 ||| Stepping ~*~*~tactically~*~*~ (hiding).
 75741 | Pan      | 75741 ||| Stepping ~*~*~tactically~*~*~ (hiding).
 75742 | Pan      | 75742 ||| Stepping ~*~*~tactically~*~*~ (stealth).
 75743 | Pan      | 75743 ||| Stepping ~*~*~tactically~*~*~ (hiding).
 75815 | Pan      | 75815 ||| Stepping ~*~*~tactically~*~*~ (stealth).
 75816 | Pan      | 75816 ||| Stepping ~*~*~tactically~*~*~ (stealth).
 75818 | Pan      | 75818 ||| Stepping ~*~*~tactically~*~*~ (hiding).
 75819 | Pan      | 75819 ||| Stepping ~*~*~tactically~*~*~ (hiding).
 75824 | Pan      | 75824 ||| Stepping ~*~*~tactically~*~*~ (hiding).
 75946 | Pan      | Identified the +10 rapier of Twilight {drain, rPois}
 75956 | Pan      | 75956 ||| Stepping ~*~*~tactically~*~*~ (hiding).
 75957 | Pan      | 75957 ||| Stepping ~*~*~tactically~*~*~ (hiding).
 76064 | Pan      | 76064 ||| Stepping ~*~*~tactically~*~*~ (stealth).
 76069 | Pan      | 76069 ||| Stepping ~*~*~tactically~*~*~ (hiding).
 76098 | Pan      | 76098 ||| Stepping ~*~*~tactically~*~*~ (stealth).
 76219 | Pan      | Reached skill level 24 in Armour
 76268 | Pan      | 76268 ||| Stepping ~*~*~tactically~*~*~ (hiding).
 76332 | Pan      | Identified the +2 pair of gloves of Kleptomania {rPois
                  | rCorr Int-5 SInv}
 76371 | Pan      | Found the +6 sword of Cerebov {flame}
 76371 | Pan      | Noticed Cerebov
 76372 | Pan      | 76372 ||| DRINKING 16 potions of haste.
 76373 | Pan      | 76373 ||| INVOKING Summon Divine Warrior.
 76374 | Pan      | 76374 ||| DRINKING 15 potions of might.
 76375 | Pan      | 76375 ||| INVOKING Cleansing Flame.
 76388 | Pan      | 76388 ||| INVOKING Summon Divine Warrior.
 76395 | Pan      | 76395 ||| INVOKING Summon Divine Warrior.
 76397 | Pan      | 76397 ||| INVOKING Cleansing Flame.
 76406 | Pan      | Killed Cerebov
 76557 | Pan      | Identified the +5 dire flail of Scorn {vorpal, rC+ Str+4
                  | Dex-2}
 76561 | Pan      | Got a fiery rune of Zot
 76617 | Pan      | 76617 ||| Stepping ~*~*~tactically~*~*~ (stealth).
 76618 | Pan      | 76618 ||| Stepping ~*~*~tactically~*~*~ (stealth).
 76636 | Pan      | 76636 ||| INVOKING Cleansing Flame.
 76668 | Pan      | Noticed Omateu the pandemonium lord
 76669 | Pan      | 76669 ||| INVOKING Summon Divine Warrior.
 76670 | Pan      | 76670 ||| INVOKING Cleansing Flame.
 76674 | Pan      | Killed Omateu the pandemonium lord
 76685 | Pan      | 76685 ||| INVOKING Cleansing Flame.
 76690 | Pan      | 76690 ||| INVOKING Cleansing Flame.
 76837 | Pan      | 76837 ||| Stepping ~*~*~tactically~*~*~ (stealth).
 76935 | Pan      | 76935 ||| Stepping ~*~*~tactically~*~*~ (hiding).
 76945 | Pan      | 76945 ||| Stepping randomly (cloudy).
 76946 | Pan      | 76946 ||| Stepping randomly (cloudy).
 76967 | Pan      | 76967 ||| Stepping ~*~*~tactically~*~*~ (stealth).
 77212 | Pan      | 77212 ||| Stepping ~*~*~tactically~*~*~ (stealth).
 77230 | Pan      | 77230 ||| Stepping randomly (cloudy).
 77231 | Pan      | 77231 ||| Stepping randomly (cloudy).
 77310 | Pan      | 77310 ||| Stepping ~*~*~tactically~*~*~ (stealth).
 77312 | Pan      | 77312 ||| Stepping ~*~*~tactically~*~*~ (hiding).
 77317 | Pan      | Gained mutation: You are dopey. (Int -2) [a neqoxec]
 77322 | Pan      | 77322 ||| Stepping ~*~*~tactically~*~*~ (stealth).
 77324 | Pan      | 77324 ||| Stepping ~*~*~tactically~*~*~ (hiding).
 77438 | Pan      | 77438 ||| Stepping ~*~*~tactically~*~*~ (stealth).
 77442 | Pan      | 77442 ||| Stepping ~*~*~tactically~*~*~ (hiding).
 77443 | Pan      | 77443 ||| Stepping ~*~*~tactically~*~*~ (hiding).
 77444 | Pan      | 77444 ||| Stepping ~*~*~tactically~*~*~ (hiding).
 77474 | Depths:2 | Escaped Pandemonium
 77475 | Depths:2 | 77475 ||| DROPPING +2 pair of gloves of Kleptomania {rPois
                  | rCorr Int-5 SInv}.
 77477 | Pan      | Entered Pandemonium
 77505 | Pan      | 77505 ||| INVOKING Summon Divine Warrior.
 77660 | Pan      | 77660 ||| Stepping ~*~*~tactically~*~*~ (stealth).
 77668 | Pan      | 77668 ||| INVOKING Summon Divine Warrior.
 77669 | Pan      | Noticed Elyofiwu the pandemonium lord
 77677 | Pan      | 77677 ||| INVOKING Cleansing Flame.
 77678 | Pan      | 77678 ||| INVOKING Cleansing Flame.
 77679 | Pan      | 77679 ||| INVOKING Cleansing Flame.
 77679 | Pan      | Killed Elyofiwu the pandemonium lord
 77694 | Pan      | 77694 ||| Stepping randomly (cloudy).
 77696 | Pan      | 77696 ||| Stepping ~*~*~tactically~*~*~ (cloud).
 77880 | Pan      | 77880 ||| Stepping ~*~*~tactically~*~*~ (stealth).
 77910 | Pan      | 77910 ||| Stepping ~*~*~tactically~*~*~ (stealth).
 77983 | Pan      | 77983 ||| Stepping ~*~*~tactically~*~*~ (stealth).
 77985 | Pan      | 77985 ||| Stepping ~*~*~tactically~*~*~ (hiding).
 78012 | Pan      | 78012 ||| Stepping ~*~*~tactically~*~*~ (hiding).
 78115 | Pan      | 78115 ||| Stepping ~*~*~tactically~*~*~ (hiding).
 78134 | Pan      | 78134 ||| INVOKING Summon Divine Warrior.
 78136 | Pan      | 78136 ||| INVOKING Cleansing Flame.
 78137 | Pan      | 78137 ||| INVOKING Cleansing Flame.
 78259 | Pan      | 78259 ||| Stepping ~*~*~tactically~*~*~ (stealth).
 78263 | Pan      | 78263 ||| INVOKING Cleansing Flame.
 78355 | Pan      | Entered the realm of Mnoleg.
 78406 | Pan      | 78406 ||| Stepping ~*~*~tactically~*~*~ (hiding).
 78448 | Pan      | Gained mutation: You are vulnerable to heat. (rF-) [a
                  | neqoxec]
 78471 | Pan      | 78471 ||| Stepping ~*~*~tactically~*~*~ (hiding).
 78520 | Pan      | 78520 ||| Stepping ~*~*~tactically~*~*~ (stealth).
 78562 | Pan      | Gained mutation: Your magical capacity is very low. (-20%
                  | MP) [a cacodemon]
 78604 | Pan      | 78604 ||| Stepping ~*~*~tactically~*~*~ (stealth).
 78605 | Pan      | 78605 ||| Stepping ~*~*~tactically~*~*~ (stealth).
 78606 | Pan      | 78606 ||| Stepping ~*~*~tactically~*~*~ (stealth).
 78656 | Pan      | 78656 ||| Stepping ~*~*~tactically~*~*~ (stealth).
 78758 | Pan      | Gained mutation: Your body sometimes deteriorates upon
                  | taking damage. [a neqoxec]
 78806 | Pan      | Gained mutation: You occasionally lose the ability to drink
                  | potions when taking damage. [a cacodemon]
 78821 | Pan      | 78821 ||| DRINKING 18 potions of mutation.
 78821 | Pan      | Lost mutation: You are partially covered in iridescent
                  | scales. (AC +2) [potion of mutation]
 78821 | Pan      | Lost mutation: You are agile. (Dex +4, Str/Int -1) [potion
                  | of mutation]
 78821 | Pan      | Lost mutation: You passively map a small area around you.
                  | [potion of mutation]
 78821 | Pan      | Gained mutation: Armour fits poorly on your strangely
                  | shaped body. [potion of mutation]
 78821 | Pan      | Gained mutation: You have sharp toenails. [potion of
                  | mutation]
 78822 | Pan      | 78822 ||| DRINKING 17 potions of mutation.
 78822 | Pan      | Lost mutation: You are vulnerable to heat. (rF-) [potion of
                  | mutation]
 78822 | Pan      | Lost mutation: Armour fits poorly on your strangely shaped
                  | body. [potion of mutation]
 78822 | Pan      | Lost mutation: You occasionally lose the ability to drink
                  | potions when taking damage. [potion of mutation]
 78822 | Pan      | Lost mutation: Your magical capacity is very low. (-20% MP)
                  | [potion of mutation]
 78822 | Pan      | Lost mutation: Your magical capacity is low. (-10% MP)
                  | [potion of mutation]
 78822 | Pan      | Lost mutation: You have sharp toenails. [potion of
                  | mutation]
 78860 | Pan      | Identified the +8 morningstar "Molu" {elec, rC- Will+
                  | rCorr}
 79029 | Pan      | 79029 ||| Stepping ~*~*~tactically~*~*~ (hiding).
 79030 | Pan      | 79030 ||| Stepping ~*~*~tactically~*~*~ (hiding).
 79033 | Pan      | Lost mutation: You possess an exceptional clarity of mind.
                  | [a neqoxec]
 79061 | Pan      | 79061 ||| Stepping ~*~*~tactically~*~*~ (stealth).
 79063 | Pan      | 79063 ||| Stepping ~*~*~tactically~*~*~ (hiding).
 79065 | Pan      | 79065 ||| Stepping ~*~*~tactically~*~*~ (stealth).
 79071 | Pan      | 79071 ||| Stepping ~*~*~tactically~*~*~ (hiding).
 79113 | Pan      | Gained mutation: You occasionally shout uncontrollably at
                  | your foes. [a neqoxec]
 79132 | Pan      | 79132 ||| Stepping ~*~*~tactically~*~*~ (stealth).
 79193 | Pan      | Noticed Mnoleg
 79194 | Pan      | 79194 ||| INVOKING Summon Divine Warrior.
 79199 | Pan      | 79199 ||| INVOKING Cleansing Flame.
 79202 | Pan      | 79202 ||| INVOKING Cleansing Flame.
 79203 | Pan      | 79203 ||| INVOKING Cleansing Flame.
 79208 | Pan      | Killed Mnoleg
 79213 | Pan      | Gained mutation: You frequently scream uncontrollably at
                  | your foes. [a cacodemon]
 79399 | Pan      | Got a glowing rune of Zot
 79466 | Pan      | Gained mutation: You are frail. (-10% HP) [a neqoxec]
 79468 | Pan      | 79468 ||| DRINKING 16 potions of mutation.
 79468 | Pan      | Lost mutation: You frequently scream uncontrollably at your
                  | foes. [potion of mutation]
 79468 | Pan      | Lost mutation: You are frail. (-10% HP) [potion of
                  | mutation]
 79468 | Pan      | Lost mutation: You are dopey. (Int -2) [potion of mutation]
 79468 | Pan      | Gained mutation: You are strong-willed. (Will+) [potion of
                  | mutation]
 79468 | Pan      | Gained mutation: Armour fits poorly on your strangely
                  | shaped body. [potion of mutation]
 79468 | Pan      | Gained mutation: You are weak. (Str -2) [potion of
                  | mutation]
 79513 | Pan      | 79513 ||| DRINKING 15 potions of mutation.
 79513 | Pan      | Lost mutation: You are strong-willed. (Will+) [potion of
                  | mutation]
 79513 | Pan      | Lost mutation: Your body sometimes deteriorates upon taking
                  | damage. [potion of mutation]
 79513 | Pan      | Lost mutation: You occasionally shout uncontrollably at
                  | your foes. [potion of mutation]
 79513 | Pan      | Gained mutation: Your mind is acute. (Int +4, Str/Dex -1)
                  | [potion of mutation]
 79513 | Pan      | Gained mutation: You are agile. (Dex +4, Str/Int -1)
                  | [potion of mutation]
 79514 | Pan      | 79514 ||| DRINKING 14 potions of mutation.
 79514 | Pan      | Lost mutation: Your mind is acute. (Int +4, Str/Dex -1)
                  | [potion of mutation]
 79514 | Pan      | Lost mutation: You are weak. (Str -2) [potion of mutation]
 79514 | Pan      | Lost mutation: Armour fits poorly on your strangely shaped
                  | body. [potion of mutation]
 79514 | Pan      | Gained mutation: You have hidden genetic potential. [potion
                  | of mutation]
 79514 | Pan      | Gained mutation: Your spells are a little harder to cast,
                  | but a little more powerful. [potion of mutation]
 79514 | Pan      | Gained mutation: You are very agile. (Dex +8, Str/Int -2)
                  | [potion of mutation]
 79537 | Pan      | 79537 ||| INVOKING Summon Divine Warrior.
 79550 | Pan      | Found an exit through the horrors of the Abyss.
 79556 | Pan      | 79556 ||| INVOKING Cleansing Flame.
 79583 | Pan      | 79583 ||| Stepping ~*~*~tactically~*~*~ (stealth).
 79599 | Pan      | Noticed Ymelu the pandemonium lord
 79600 | Pan      | 79600 ||| INVOKING Summon Divine Warrior.
 79605 | Pan      | 79605 ||| INVOKING Cleansing Flame.
 79614 | Pan      | 79614 ||| INVOKING Summon Divine Warrior.
 79615 | Pan      | Killed Ymelu the pandemonium lord
 79645 | Pan      | 79645 ||| Stepping ~*~*~tactically~*~*~ (stealth).
 79651 | Pan      | 79651 ||| Stepping ~*~*~tactically~*~*~ (hiding).
 79660 | Pan      | Gained mutation: Armour fits poorly on your strangely
                  | shaped body. [a neqoxec]
 79687 | Pan      | 79687 ||| Stepping ~*~*~tactically~*~*~ (stealth).
 79694 | Pan      | 79694 ||| Stepping ~*~*~tactically~*~*~ (hiding).
 79768 | Pan      | 79768 ||| Stepping ~*~*~tactically~*~*~ (stealth).
 79771 | Pan      | 79771 ||| DRINKING 13 potions of mutation.
 79771 | Pan      | Lost mutation: Armour fits poorly on your strangely shaped
                  | body. [potion of mutation]
 79771 | Pan      | Lost mutation: Your spells are a little harder to cast, but
                  | a little more powerful. [potion of mutation]
 79771 | Pan      | Lost mutation: You are very agile. (Dex +8, Str/Int -2)
                  | [potion of mutation]
 79771 | Pan      | Gained mutation: Your spells are a little easier to cast,
                  | but a little less powerful. [potion of mutation]
 79845 | Pan      | 79845 ||| Stepping ~*~*~tactically~*~*~ (stealth).
 79874 | Pan      | 79874 ||| Stepping ~*~*~tactically~*~*~ (cloud).
 79916 | Depths:2 | Escaped Pandemonium
 79918 | Pan      | Entered the realm of Lom Lobon.
 79918 | Pan      | Entered Pandemonium
 79938 | Pan      | 79938 ||| Stepping ~*~*~tactically~*~*~ (hiding).
 80003 | Pan      | 80003 ||| Stepping ~*~*~tactically~*~*~ (stealth).
 80034 | Pan      | 80034 ||| Stepping ~*~*~tactically~*~*~ (stealth).
 80044 | Pan      | 80044 ||| Stepping ~*~*~tactically~*~*~ (stealth).
 80058 | Pan      | 80058 ||| Stepping ~*~*~tactically~*~*~ (stealth).
 80114 | Pan      | 80114 ||| Stepping ~*~*~tactically~*~*~ (hiding).
 80116 | Pan      | 80116 ||| Stepping ~*~*~tactically~*~*~ (hiding).
 80151 | Pan      | 80151 ||| Stepping ~*~*~tactically~*~*~ (stealth).
 80186 | Pan      | 80186 ||| Stepping ~*~*~tactically~*~*~ (hiding).
 80189 | Pan      | 80189 ||| Stepping ~*~*~tactically~*~*~ (stealth).
 80251 | Pan      | 80251 ||| Stepping ~*~*~tactically~*~*~ (stealth).
 80294 | Pan      | 80294 ||| Stepping ~*~*~tactically~*~*~ (stealth).
 80415 | Pan      | 80415 ||| Stepping ~*~*~tactically~*~*~ (hiding).
 80549 | Pan      | 80549 ||| Stepping ~*~*~tactically~*~*~ (hiding).
 80681 | Pan      | 80681 ||| Stepping ~*~*~tactically~*~*~ (stealth).
 80691 | Pan      | 80691 ||| Stepping ~*~*~tactically~*~*~ (stealth).
 80729 | Pan      | 80729 ||| Stepping ~*~*~tactically~*~*~ (stealth).
 80744 | Pan      | Noticed Lom Lobon
 80745 | Pan      | 80745 ||| DRINKING 16 potions of haste.
 80746 | Pan      | 80746 ||| INVOKING Summon Divine Warrior.
 80747 | Pan      | 80747 ||| DRINKING 15 potions of might.
 80755 | Pan      | 80755 ||| Stepping randomly (cloudy).
 80756 | Pan      | 80756 ||| INVOKING Cleansing Flame.
 80757 | Pan      | 80757 ||| INVOKING Summon Divine Warrior.
 80770 | Pan      | 80770 ||| INVOKING Summon Divine Warrior.
 80772 | Pan      | 80772 ||| INVOKING Cleansing Flame.
 80772 | Pan      | Killed Lom Lobon
 80773 | Pan      | Reached skill level 6 in Short Blades
 80773 | Pan      | 80773 ||| Stepping ~*~*~tactically~*~*~ (cloud).
 80901 | Pan      | Got a magical rune of Zot
 81069 | Pan      | 81069 ||| PLANNING SLIME:5
 81069 | Pan      | 81069 ||| SWAPPING to +4 broad axe of electrocution.
 81078 | Pan      | 81078 ||| READING 2 scrolls of enchant weapon.
 81078 | Pan      | 81078 ||| ENCHANTING +4 broad axe of electrocution.
 81079 | Pan      | 81079 ||| READING scroll of enchant weapon.
 81079 | Pan      | 81079 ||| ENCHANTING +5 broad axe of electrocution.
 81254 | Pan      | 81254 ||| INVOKING Cleansing Flame.
 81547 | Pan      | 81547 ||| Stepping randomly (cloudy).
 81548 | Pan      | 81548 ||| Stepping ~*~*~tactically~*~*~ (cloud).
 81885 | Pan      | 81885 ||| Stepping ~*~*~tactically~*~*~ (stealth).
 81989 | Pan      | Reached skill level 18 in Axes
 82049 | Pan      | 82049 ||| INVOKING Summon Divine Warrior.
 82157 | Pan      | Noticed Meemagg the pandemonium lord
 82165 | Pan      | 82165 ||| INVOKING Summon Divine Warrior.
 82169 | Pan      | Killed Meemagg the pandemonium lord
 82292 | Pan      | 82292 ||| INVOKING Summon Divine Warrior.
 82295 | Pan      | 82295 ||| INVOKING Cleansing Flame.
 82586 | Pan      | Reached skill level 27 in Armour
 82608 | Pan      | Gained mutation: You occasionally lose the ability to read
                  | scrolls when taking damage. [a neqoxec]
 82613 | Pan      | 82613 ||| DRINKING 12 potions of mutation.
 82613 | Pan      | Lost mutation: Your spells are a little easier to cast, but
                  | a little less powerful. [potion of mutation]
 82613 | Pan      | Lost mutation: You have hidden genetic potential. [potion
                  | of mutation]
 82613 | Pan      | Lost mutation: You occasionally lose the ability to read
                  | scrolls when taking damage. [potion of mutation]
 82613 | Pan      | Gained mutation: You have hidden genetic defects. [potion
                  | of mutation]
 82613 | Pan      | Gained mutation: You have terrible hidden genetic defects.
                  | [potion of mutation]
 83057 | Depths:2 | Escaped Pandemonium
 83302 | Slime:1  | Entered Level 1 of the Pits of Slime
 83331 | Slime:1  | You are sucked into a shaft and drop 1 floor!
 83360 | Slime:2  | 83360 ||| INVOKING Summon Divine Warrior.
 83365 | Slime:2  | 83365 ||| READING 10 scrolls of teleportation.
 83366 | Slime:2  | 83366 ||| Stepping randomly (stuck).
 83366 | Slime:2  | HP: 46/199 [acid (12)]
 83367 | Slime:2  | 83367 ||| Stepping randomly (stuck).
 83763 | Slime:4  | Paralysed by a floating eye for 4 turns
 83917 | Slime:4  | 83917 ||| READING 9 scrolls of teleportation.
 83918 | Slime:4  | 83918 ||| Stepping randomly (stuck).
 84178 | Slime:5  | Entered Level 5 of the Pits of Slime
 84182 | Slime:5  | 84182 ||| DRINKING 6 potions of cancellation.
 84185 | Slime:5  | 84185 ||| INVOKING Summon Divine Warrior.
 84188 | Slime:5  | 84188 ||| READING 8 scrolls of teleportation.
 84189 | Slime:5  | 84189 ||| Stepping randomly (stuck).
 84191 | Slime:5  | 84191 ||| INVOKING Summon Divine Warrior.
 84408 | Slime:5  | Noticed the Royal Jelly
 84410 | Slime:5  | 84410 ||| INVOKING Summon Divine Warrior.
 84437 | Slime:5  | 84437 ||| DRINKING 5 potions of cancellation.
 84446 | Slime:5  | HP: 45/199 [the Royal Jelly (9)]
 84447 | Slime:5  | 84447 ||| READING 7 scrolls of teleportation.
 84448 | Slime:5  | 84448 ||| DRINKING 12 potions of heal wounds.
 84455 | Slime:5  | Gained mutation: Potions are less effective at restoring
                  | your health. [hidden defects]
 84592 | Slime:5  | 84592 ||| DRINKING 11 potions of mutation.
 84592 | Slime:5  | Lost mutation: You have terrible hidden genetic defects.
                  | [potion of mutation]
 84592 | Slime:5  | Lost mutation: You have hidden genetic defects. [potion of
                  | mutation]
 84592 | Slime:5  | Lost mutation: Potions are less effective at restoring your
                  | health. [potion of mutation]
 84592 | Slime:5  | Gained mutation: You are very agile. (Dex +8, Str/Int -2)
                  | [potion of mutation]
 84593 | Slime:5  | 84593 ||| READING 6 scrolls of teleportation.
 84594 | Slime:5  | 84594 ||| Stepping randomly (stuck).
 84595 | Slime:5  | 84595 ||| Stepping randomly (stuck).
 84596 | Slime:5  | 84596 ||| INVOKING Summon Divine Warrior.
 84604 | Slime:5  | Reached skill level 15 in Dodging
 84631 | Slime:5  | HP: 46/199 [acid[the Royal Jelly] (4)]
 84632 | Slime:5  | 84632 ||| READING 5 scrolls of teleportation.
 84633 | Slime:5  | 84633 ||| DRINKING 11 potions of heal wounds.
 84635 | Slime:5  | 84635 ||| DRINKING 10 potions of heal wounds.
 84635 | Slime:5  | HP: 17/199 [rockslime[the Royal Jelly] (27)]
 84636 | Slime:5  | 84636 ||| DRINKING 9 potions of heal wounds.
 84637 | Slime:5  | 84637 ||| DRINKING 8 potions of heal wounds.
 84638 | Slime:5  | 84638 ||| READING 4 scrolls of teleportation.
 84639 | Slime:5  | 84639 ||| Stepping randomly (stuck).
 84641 | Slime:5  | 84641 ||| READING 3 scrolls of teleportation.
 84641 | Slime:5  | Splashed with acid

Levels and vault maps discovered:
D:1:      tarquinn_simple_flora_water_f, layout_basic,
          shapermc_ecumenical_altar_pompeii,
          nicolae_concentric_dashed_squares_mild, patterned_corridor
D:2:      layout_basic, uniq_terence
D:3:      layout_rooms
D:4:      layout_basic, grunt_gozag_statues, grunt_temple_overflow_open,
          minmay_misc_feat_five
D:5:      layout_loops_cross, serial_shops, nicolae_stop_n_shop_1
D:6:      layout_cave_pools, temple_statues, serial_shops,
          nicolae_shop_statue_plus, uniq_blork_the_orc, uniq_edmund
D:7:      layout_loops_ring, guppyfry_shop_venom, uniq_joseph
D:8:      layout_basic, marbit_many_paths, nicolae_diode_basic
D:9:      layout_grid_maze, nicolae_shop_sticking_my_neck_out, uniq_psyche
D:10:     layout_roguey, amcnicky_altar_gilded,
          nemelex_xobeh_ov_fountains_minmay, hiddenorc2_lemuel, uniq_snorg
D:11:     layout_basic, erik_lair_island, slow_altar_1
D:12:     layout_loops_corners, fedhas_altar_2
D:13:     layout_layer_cave, erik_vaults_2
D:14:     minmay_the_grid_triangle_9x9_recursive_2
          [minmay_the_grid_triangle_9x9_prize_center,
          minmay_the_grid_triangle_9x9_zippers_vertical,
          minmay_the_grid_triangle_9x9_limited_checkers,
          minmay_the_grid_triangle_9x9_empty], layout_cave_pools,
          serial_demonic, serial_demonic_d, serial_demonic_e, serial_demonic_f,
          serial_demonic_d, serial_demonic_c, serial_demonic_d,
          serial_demonic_g, serial_demonic_e, uniq_josephine
D:15:     grunt_enter_depths_giant_problem, layout_gridville,
          hangedman_decor_opposing
Temple:   hc_temple_tempest_star
Lair:1:   layout_gridlike, nicolae_volcano_entry_vermiform, lemuel_fruit_tree,
          uniq_prince_ribbit2
Lair:2:   layout_regular_city, uniq_sonja
Lair:3:   layout_cave_pods, shoals_dummy_entry,
          hellmonk_spider_entry_life_and_decay, special_room
          [special_room_mythical_zoo], uniq_gastronok
Lair:4:   wad_woods_minihive, layout_gridlike, serial_bayou_shore_a, uniq_nessos
Lair:5:   wormcave, layout_gridlike, slime_entry_1,
          chequers_serial_rivers_large_a, grunt_forest_small_clearings
Shoals:1: cheibrodos_shoals_oceanic_diplomacy, layout_shoals, serial_shops,
          nicolae_shop_stone, nicolae_shop_overgrown_old_shop, shop,
          nicolae_shoals_spring_well_temple, uniq_jorgrun
Shoals:2: layout_shoals, uniq_polyphemus
Shoals:3: layout_shoals, serial_shops, shop, nicolae_shoals_beach_cooler
Shoals:4: shoals_end_simple, layout_shoals, lemuel_altar_in_water
Spider:1: layout_spider_delve, hangedman_spider_tarantella_strand,
          uniq_mlioglotl, uniq_aizul, uniq_louise, uniq_kirke
Spider:2: layout_spider_delve
Spider:3: nicolae_spider_mines_2, gammafunk_ghost_arena,
          amcnicky_altar_lugonu_corruption
Spider:4: spider_rune_water
Slime:1:  layout_caves
Slime:2:  layout_caves
Slime:3:  cheibrodos_slime_lost_civilization_3, layout_caves
Slime:4:  layout_caves, nicolae_slime_phagocytosis
Slime:5
Orc:1:    layout_caves, serial_shops, shop_statue,
          portal_ice_cave_entry_animals_and_master, guppyfry_library_mini
Orc:2:    grunt_orc_cross, layout_diamond_mine, basic_altar, abandoned_shop
Vaults:1: vaults_room_glass_cross, vaults_standard_mumra_enter_the_diamond,
          v_misc_9, grunt_vaults_hallway_long, nicolae_vaults_puzzle_piece,
          hangedman_vaults_nodes, v_rooms_3, hangedman_vaults_trim,
          vaults_dpeg_diagonal, ontoclasm_vaults_loading_screen,
          layout_vaults_ring, serial_shops, shop_statue, uniq_asterion
Vaults:2: nicolae_vaults_arrows, hangedman_vaults_pinch, vaults_room_fours,
          v_misc_2, v_misc_10, nicolae_vaults_rhombus_6, v_misc_14,
          hangedman_vaults_trim, vaults_room_semicircle,
          layout_vaults_omnicross, serial_shops, nicolae_shop_trees,
          uniq_bai_suzhen, uniq_donald, uniq_saint_roka, uniq_xtahua,
          uniq_mennas
Vaults:3: nicolae_vaults_puzzle_piece, minmay_crypt_entry_simple_sparse,
          hangedman_vaults_slice, nicolae_vaults_network_square,
          v_alt_pattern_5, nicolae_vaults_big_ls, grunt_vaults_funnel,
          layout_vaults_quadrants
Vaults:4: v_rooms_6, gammafunk_sealed_arena,
          hangedman_vaults_stretched_pinwheel, v_misc_3, grunt_vaults_twisty,
          vaults_mumra_hexcomb, nicolae_vaults_little_ls, vaults_mumra_lcd,
          v_misc_13, ontoclasm_vaults_chip, ontoclasm_vaults_loading_screen,
          hangedman_vaults_trim, nicolae_vaults_rhombus_7,
          nicolae_vaults_little_squares_5, ontoclasm_vaults_ring_square,
          layout_vaults_maze_snakey, serial_shops, nicolae_shop_crystal
Vaults:5
Crypt:1:  layout_misc_corridors, minmay_strange_pillars, minivault_26,
          grunt_megastairs_4
Crypt:2:  layout_regular_city, st_stairs_12, grunt_megastairs_3, uniq_grunn,
          uniq_zenata
Crypt:3:  due_elkab, layout_chaotic_city
Tomb:1
Tomb:2
Tomb:3
Depths:1: layout_cave_pools, enter_ziggurat_e, abyss_entry_small_statue_room,
          mu_enter_wizlab_1, nicolae_hell_entry_hellmouth_sunbeams,
          nicolae_twisting_strands, st_stairs_14,
          hangedman_abyss_or_decor_jellyfish_corner, minmay_misc_feat_ornament,
          grunt_ministairs_7, lightli_giant_bouncers
Depths:2: minmay_fractal_lines_corner, layout_basic, abyss_entry,
          hangedman_glass_teeth, hell_entry, rand_demon_pan_entry_4,
          st_stairs_3, infiniplex_staircase_spiral_double, uniq_sojobo
Depths:3: minmay_quantized_circle, layout_cave_pools, grunt_pan_entry_spiral,
          infiniplex_staircase_zigzag_5, pf_coc_iceberg, abyss_entry,
          hangedman_abyss_or_decor_stabs
Depths:4: grunt_zot_entry_alcove, layout_cave_shapes, grunt_pan_entry_zigzag,
          serial_shops, shop, abyss_entry, hell_entry,
          nicolae_figureground_pulse, nicolae_keep_em_comin
Zot:1:    minmay_elemental_castle, layout_gridlike
Zot:2:    layout_concentric_octagons
Zot:3:    gammafunk_sealed_library, layout_onion
Zot:4:    grunt_twist_and_shout, layout_cathedral_of_symmetry,
          gammafunk_ghost_wrathful_warriors, uniq_tiamat

Skill      XL: |  1  2  3  4  5  6  7  8  9 10 11 12 13 14 15 16 17 18 19 20 21 22 23 24 25 26 27 |
---------------+----------------------------------------------------------------------------------+-----
Axes           | 2 3 4 5 6 7 8 10 12 14 15 16 18 | 18.0
Fighting       | 4 5 6 7 8 10 11 12 14 16 18 19 21 22 23 25 26 27 | 27.0
Dodging        | 1 2 3 4 5 6 7 8 10 15 | 15.0
Throwing       | 1 2 3 5 7 8 10 12 13 14 15 16 | 16.0
Armour         | 4 5 7 8 9 10 11 12 14 16 18 19 22 27 | 27.0
Invocations    | 3 4 6 9 10 11 27 | 27.0
Shields        | 4 8 9 10 11 12 16 18 19 20 21 22 23 | 23.8
Short Blades   | 7 |  7.1

Action                   |  1- 3 |  4- 6 |  7- 9 | 10-12 | 13-15 | 16-18 | 19-21 | 22-24 | 25-27 || total
-------------------------+-------+-------+-------+-------+-------+-------+-------+-------+-------++-------
Melee: War axe           |    89 |    65 |   197 |   554 |  1287 |   926 |  1472 |  2213 |  4467 || 11270
       Unarmed           |    24 |       |       |       |       |       |       |       |       ||    24
       Flail             |       |       |       |    12 |    30 |       |       |       |       ||    42
       Headbutt          |       |       |       |       |       |       |       |       |   784 ||   784
       Broad axe         |       |       |       |       |       |       |       |       |   326 ||   326
Throw: Boomerang         |       |    19 |    37 |   119 |   138 |    57 |    25 |    37 |    90 ||   522
       Javelin           |       |       |       |     4 |       |       |    39 |   110 |   311 ||   464
Invok: Heroism           |       |       |     7 |    35 |    44 |    30 |    32 |    53 |    47 ||   248
       Finesse           |       |       |       |     2 |    10 |     9 |     6 |    11 |     4 ||    42
       Cleansing Flame   |       |       |       |       |       |       |       |       |   125 ||   125
       Summon Divine War |       |       |       |       |       |       |       |       |    50 ||    50
       Brand Weapon With |       |       |       |       |       |       |       |       |     1 ||     1
  Use: Scroll            |     2 |    11 |     9 |    14 |     9 |     5 |     3 |     7 |    25 ||    85
       Potion            |       |       |     1 |     3 |     3 |     4 |     1 |       |    47 ||    59
 Stab: Distracted        |       |       |       |       |     1 |     1 |       |       |       ||     2
       Confused          |       |       |       |       |       |       |       |       |     4 ||     4
Armor: Scale mail        |    50 |     6 |       |       |       |       |       |       |       ||    56
       Skin              |     2 |       |       |       |       |       |       |       |       ||     2
       Chain mail        |       |    37 |   139 |   102 |       |   354 |   555 |   357 |   967 ||  2511
       Plate armour      |       |       |       |   144 |   440 |       |       |   423 |  1127 ||  2134
Dodge: Dodged            |    71 |    17 |    84 |   132 |   264 |   244 |   421 |   590 |  1621 ||  3444
Block: Buckler           |    17 |    10 |    33 |     9 |       |       |       |       |       ||    69
       Kite shield       |       |       |       |   279 |   456 |       |       |       |       ||   735
       Reflection        |       |       |       |     6 |    33 |    28 |   101 |    51 |    90 ||   309
       Tower shield      |       |       |       |       |   536 |   945 |  1594 |  2236 |  5192 || 10503

Table legend:
 A = Non-vault XP
 B = Vault XP
 C = Vault XP percentage of total XP
 D = Non-vault monster count
 E = Vault monster count
 F = Vault count percentage of total count
                 A         B        C        D         E       F
            +---------+---------+-------+---------+---------+-------
      Total | 1133873 |  997936 |  46.8 |    1996 |    1284 |  39.1
            +---------+---------+-------+---------+---------+-------
        D:1 |      45 |       0 |   0.0 |      19 |       0 |   0.0
        D:2 |      32 |      36 |  52.9 |      10 |       1 |   9.1
        D:3 |     164 |       0 |   0.0 |      15 |       0 |   0.0
        D:4 |      57 |       0 |   0.0 |       7 |       0 |   0.0
        D:5 |     768 |       0 |   0.0 |      17 |       0 |   0.0
        D:6 |     214 |     245 |  53.4 |      11 |       2 |  15.4
        D:7 |    1211 |     606 |  33.4 |      28 |       2 |   6.7
        D:8 |    2731 |      93 |   3.3 |      34 |       1 |   2.9
        D:9 |    1483 |     358 |  19.4 |      16 |       1 |   5.9
       D:10 |    3210 |    1251 |  28.0 |      26 |      30 |  53.6
       D:11 |    2022 |     702 |  25.8 |      11 |       8 |  42.1
       D:12 |    7635 |       0 |   0.0 |      24 |       0 |   0.0
       D:13 |   10594 |    6881 |  39.4 |      30 |       8 |  21.1
       D:14 |    5510 |   13225 |  70.6 |      10 |      28 |  73.7
       D:15 |    7627 |    1149 |  13.1 |      24 |       1 |   4.0
     Lair:1 |    2954 |    1302 |  30.6 |      14 |       5 |  26.3
     Lair:2 |    3838 |     505 |  11.6 |      16 |       1 |   5.9
     Lair:3 |    4873 |    8029 |  62.2 |      17 |      29 |  63.0
     Lair:4 |    6917 |    3038 |  30.5 |      19 |      33 |  63.5
     Lair:5 |    9536 |       0 |   0.0 |      27 |       0 |   0.0
   Shoals:1 |    9947 |   10893 |  52.3 |      20 |      17 |  45.9
   Shoals:2 |   21223 |    4821 |  18.5 |      41 |       5 |  10.9
   Shoals:3 |   11374 |       0 |   0.0 |      22 |       0 |   0.0
   Shoals:4 |   25197 |   19818 |  44.0 |      53 |      34 |  39.1
   Spider:1 |   17220 |    6143 |  26.3 |      58 |       6 |   9.4
   Spider:2 |   19267 |       0 |   0.0 |      44 |       0 |   0.0
   Spider:3 |   15461 |    2154 |  12.2 |      34 |       5 |  12.8
   Spider:4 |   21464 |   16173 |  43.0 |      44 |      35 |  44.3
    Slime:1 |     429 |       0 |   0.0 |       1 |       0 |   0.0
    Slime:2 |    3586 |       0 |   0.0 |       9 |       0 |   0.0
    Slime:4 |    6500 |     820 |  11.2 |       9 |       3 |  25.0
    Slime:5 |   12371 |   16899 |  57.7 |      25 |      14 |  35.9
      Orc:1 |    9558 |    2474 |  20.6 |      71 |      16 |  18.4
      Orc:2 |    3228 |    7622 |  70.2 |      28 |      33 |  54.1
   Vaults:1 |   35648 |   37393 |  51.2 |      54 |      46 |  46.0
   Vaults:2 |   24981 |   39560 |  61.3 |      34 |      48 |  58.5
   Vaults:3 |   21273 |   33688 |  61.3 |      35 |      48 |  57.8
   Vaults:4 |   26862 |   52925 |  66.3 |      36 |      63 |  63.6
   Vaults:5 |   17567 |   66004 |  79.0 |      24 |      62 |  72.1
    Crypt:1 |   18278 |    2633 |  12.6 |      32 |       4 |  11.1
    Crypt:2 |   22126 |   10271 |  31.7 |      33 |       7 |  17.5
    Crypt:3 |   20529 |   40918 |  66.6 |      32 |      62 |  66.0
     Tomb:1 |   10615 |   95737 |  90.0 |      27 |      54 |  66.7
     Tomb:2 |   28797 |   61172 |  68.0 |      57 |      79 |  58.1
     Tomb:3 |    8450 |   61475 |  87.9 |      29 |      69 |  70.4
   Depths:1 |   22141 |   13524 |  37.9 |      30 |      18 |  37.5
   Depths:2 |   16304 |   20867 |  56.1 |      19 |      17 |  47.2
   Depths:3 |   23029 |   32426 |  58.5 |      23 |      41 |  64.1
   Depths:4 |   26514 |   25229 |  48.8 |      35 |      30 |  46.2
      Zot:1 |   51994 |   24414 |  32.0 |      41 |      15 |  26.8
      Zot:2 |   48482 |       0 |   0.0 |      38 |       0 |   0.0
      Zot:3 |   84340 |       0 |   0.0 |      77 |       0 |   0.0
      Zot:4 |   36445 |   35972 |  49.7 |      29 |      34 |  54.0
    Abyss:2 |   13537 |       0 |   0.0 |      36 |       0 |   0.0
        Pan |  327715 |  195102 |  37.3 |     441 |     217 |  33.0
     WizLab |       0 |   23389 | 100.0 |       0 |      52 | 100.0
            +---------+---------+-------+---------+---------+-------
